Workbook

Sheet Info
B2: Prädiktives Tool zur Vorbewertung von Grubenwassergeothermiestandorten
B5: Standorte verstehen. Fouling vorhersagen. Systeme optimieren.
B8: Dieses Tool dient zur initialen Bewertung und Ableitung von Optionen zur Effizienzsteigerung von geothermischebn Anlagen, die Grubenwasser als Energiequelle nutzen. Es basiert auf der Methodik, die in der Dissertation von Dr.-Ing. Lukas Oppelt am Lehrstuhl für Technische Thermodynamik an der TU Bergakademie Freiberg entwickelt wurde (Oppelt, 2026).
B15: Zweck des Tools - Ihr direkter Weg zur effizienten Grubenwärme
B38: Anleitung zur Benutzung
B41: 1. Dateneingabe: Tragen Sie im Tabellenblatt "Eingabe" die dort erforderlichen Parameter aus der Wasseranalyse und den sonstigen Betriebsparametern in die dafür vorgesehenen gelben Zellen ein. Stellen Sie sicher dass die Einheiten korrekt sind. Bei den technischen und chemischen Parametern ist die Eingabe aller Parameter erforderlich, bei den chemischen, toxischen und chemischen Parametern müssen nicht für alle Größen Werte eingetragen werden. Die Genauigkeit wird aber erhöht, je mehr Größen eingetragen werden. 2. PHREEQC-Modellierung (Optional): Die Genauigkeit der Foulingprognose kann durch die Nutzung einer PHREEQC-Modellierung erhöht werden. Im Tabellenblatt "Beispielskript Modellierung" ist ein Beispielskript hinterlegt. Die Ergebnisse können in das Tabellenblatt "Wichtungsberechnung" eingetragen werden und von dort in "Eingabe" überführt werden. 3. Ergebnisse ablesen: Nach der Eingabe werden die Ergebnisse automatisch im Tabellenblatt "Ausgabe Standortbewertung" und "Ausgabe Wärmeübertragerdesign" berechnet und angezeigt. In den gelben Feldern sind auch in diesen Blättern weitere Angaben erforderlich, z.B. zur voraussichtlichen Arbeitszahl der Wärmepumpe. Als Ausgabe erhalten Sie: - Eine Standortklassifizierung von "A+" bis "H" (Tabellenblatt "Ausgabe Standortbewertung") - Eine Foulingprognose zur potenziellen Reduktion des verfügbaren Wärmestroms aus dem Grubenwasser über die Betriebszeit (Tabellenblatt "Ausgabe - Standortbewertung") - Eine Empfehlung für das optimale Wärmeübertragermaterial oder eine Beschichtung mit einer daraus resultierenden potenziellen Reduktion des Foulings - (Tabellenblatt "Ausgabe Wärmeübertragerdesign") Eine ausführliche Anleitung kann unter: (bald verfügbar) heruntergeladen werden.
B63: Wichtige Hinweise und Haftungsausschuss
B66: Prädiktiver Charakter: Dieses Tool liefert eine *Prognose* auf Basis eines vereinfachten Modells. Die Ergebnisse sind als Orientierungshilfe zu verstehen und stellen keine garantierten Werte dar. Gültigkeitsbereich: Die dem Tool zugrundeliegende Methodik wurde an 7 verschiedenen Standorten validiert. Bei Standorten mit stark abweichenden hydrogeochemischen Bedingungen können die Ergebnisse ungenauer sein. Kein Ersatz für Detailplanung: Dieses Tool ersetzt nicht die Notwendigkeit einer detaillierten, standortspezifischen Eignungsprüfung und ingenieurtechnischen Fachplanung. Es dient dazu, die Anzahl potenzieller Standorte auf die vielversprechendsten einzugrenzen, bevor kostenintensive Studien beauftragt werden. Die Nutzung der Ergebnisse erfolgt auf eigene Verantwortung.
B76: Lizenz: Das Tool wird unter der CC BY-NC-SA 4.0-Lizenz veröffentlicht. Den vollständigen Lizenztext finden Sie hier: | K76: =HYPERLINK("https://creativecommons.org/licenses/by-nc-sa/4.0/legalcode.de"," CC BY-NC-SA 4.0-Lizenz") -> CC BY-NC-SA 4.0-Lizenz
B79: Wissenschaftlicher Hintergrund
B82: Die vollständige Beschreibung der Methodik, der Berechnungsgrundlagen, der Validierung sowie der Grenzen des Modells finden Sie in der folgenden wissenschaftlichen Arbeit: Oppelt, L. (2026). Entwicklung und Validierung eines prädiktiven Tools für die Charakterisierung und Effiziensteigerung von Grubenwassergeothermiestandorten. Dissertation, TU Bergakdemie Freiberg
B89: Kontakt und Version
B93: Autor: Dr.-Ing. Lukas Oppelt Version: 1.1. (Stand: April 2026)
F97: Kontakt: | G97: tool@grubenwassergeothermie.de
E99: Copyright © 2026, Lukas Oppelt, Lizenziert unter | I99: CC BY-NC-SA 4.0-Lizenz

Sheet Eingabe
C2: Wärmeübertrager
C3: Wärmeübertrager vorhanden? | E3: TRUE | R3: =IF(E3=TRUE,1,2) -> 1
C5: =IF(AND(E3=TRUE,OR(E12<>0,E13=1)),"Bitte Wärmeübertrager auswählen oder eigene Abmaße eintragen",IF(AND(E3=FALSE,E12<>0),"Bitte Wärmeübertrager auswählen oder eigene Abmaße eintragen","Wärmeübertrager definiert")) -> Wärmeübertrager definiert
D6: TRANTER TB050 | E6: Rechenwerte Wärmeübertrager
C7: Länge Platte in m | D7: 2.8 | E7: =VLOOKUP(D6,Waermeuebertrager!C5:H34,3,FALSE) -> 0.496
C8: Breite Platte in m | D8: 0.3 | E8: =VLOOKUP(D6,Waermeuebertrager!C5:H34,4,FALSE) -> 0.496 | Z8: Druck | AA8: 1.03
C9: Wellenlänge Λ in m | D9: 0.009 | E9: =VLOOKUP(D6,Waermeuebertrager!C5:H34,5,FALSE) -> 0.009 | Z9: Temperatur | AA9: =D24 -> 12.2
C10: Profilamplitude α in m | D10: 0.0013 | E10: =VLOOKUP(D6,Waermeuebertrager!C5:H34,6,FALSE) -> 0.001 | Z10: Ausgabe
C11: =IF(E3=TRUE,"Plattenanzahl","") -> Plattenanzahl | D11: 17 | E11: =D11 -> 17
E12: =IF(AND(E7<>0,E8<>0,E9<>0,E10<>0),0,1) -> 0
A13: TRUE | E13: =IF(E11<>0,0,1) -> 0
A14: TRUE
D16: Technische Parameter | H16: Chemische Parameter
C17: Parameter | D17: Temperatur | E17: Volumenstrom | F17: Umgebungsdruck | G17: Parameter | H17: pH-Wert | I17: Fe | J17: As | K17: Mn | L17: Al | M17: Zn | N17: pε (Konzentration redoxwirksame Spezies) | R17: Sauerstoff
F19: Keine Bewertung, nur Rechenwert | G19: Rahmenpunkte ⭢ 5 Pkt. | H19: 9.5 | I19: 200 | J19: 10 | K19: 50 | L19: 200 | M19: 4000 | N19: Keine Bewertung, Eingangswert für die Berechnung der Wichtung | R19: Keine Bewertung, Eingangswert für die Berechnung der Wichtung
G20: Rahmenpunkte ⭢ 10 Pkt. | H20: 6.5 | I20: 0 | J20: 0 | K20: 0 | L20: 0 | M20: 0
C22: Wichtung | I22: 12.814367 | J22: 1 | K22: 10.509978 | L22: 3.8712778 | M22: 1 | O22: Eingabewert PHREEQC: pε | S22: Eingabewert PHREEQC: Partialdruck Sauerstoff
C23: Wert gegeben? | D23: =IF(D24>0,"Wert vorhanden",IF(D24<0,"Wert über 0 eingeben","Wert eingeben")) -> Wert vorhanden | E23: =IF(E24>0,"Wert vorhanden",IF(E24<0,"Wert über 0 eingeben","Wert eingeben")) -> Wert vorhanden | F23: =IF(F24>0,"Wert vorhanden",IF(F24<0,"Wert über 0 eingeben","Wert eingeben")) -> Wert vorhanden | H23: =IF(H24>0,"Wert vorhanden",IF(H24<=0,"Wert über 0 eingeben","Wert eingeben")) -> Wert vorhanden | I23: =IF(I24>0,"Wert vorhanden",IF(I24<=0,"Wert über 0 eingeben","Wert eingeben")) -> Wert vorhanden | J23: =IF(J24>0,"Wert vorhanden",IF(J24<=0,"Wert über 0 eingeben","Wert eingeben")) -> Wert vorhanden | K23: =IF(K24>0,"Wert vorhanden",IF(K24<=0,"Wert über 0 eingeben","Wert eingeben")) -> Wert vorhanden | L23: =IF(L24>0,"Wert vorhanden",IF(L24<=0,"Wert über 0 eingeben","Wert eingeben")) -> Wert vorhanden | M23: =IF(M24>0,"Wert vorhanden",IF(M24<=0,"Wert über 0 eingeben","Wert eingeben")) -> Wert vorhanden | N23: =IF(N24>0,"Wert vorhanden",IF(N24<=0,"Wert über 0 eingeben","Wert eingeben")) -> Wert vorhanden | O23: Starttemperatur | P23: Heizen | Q23: Kühlen | R23: =IF(AND(R24>0,R24<=R27),"Wert vorhanden",IF(R24<0,"Wert über 0 eingeben",IF(R24>R27,"Wert über maximaler Löslichkeit","Wert eingeben"))) -> Wert vorhanden | S23: Starttemperatur | T23: Heizen | U23: Kühlen
C24: Eingabe | D24: 12.2 | E24: 300 | F24: 1.01325 | H24: 7.61 | I24: 690 | J24: 12 | K24: 70 | L24: 20 | M24: 100 | N24: 2 | O24: =Zwischenrechnungen!B11 -> 2 | P24: =Zwischenrechnungen!D11 -> 2.0346492 | Q24: =Zwischenrechnungen!E11 -> 1.9746855 | R24: 5 | S24: =Zwischenrechnungen!F27 -> 0.09755389 | T24: =Zwischenrechnungen!D28 -> 0.088022587 | U24: =Zwischenrechnungen!D29 -> 0.10814663
D25: Anwendungsfall | I25: Für die Bewertung der Stoffkonzentrationen ist es möglich über eine unterstützende PHREEQC-Modellierung eine Wichtung zu berechnen. Ein Beispielskript für die Modellierung ist im Blatt "Beispielskript Modellierung" hinterlegt | R25: Max. gelöster Sauerstoff bei Standortbedingungen: | S25: =0.98692326671601*S24 -> 0.096278204 | T25: =Zwischenrechnungen!F28 -> 0.086871539 | U25: =Zwischenrechnungen!F29 -> 0.10673243
C26: Heizanwendung? | D26: Delta T: | E26: 6.2
C27: Kühlanwendung? | D27: Delta T: | E27: 5 | R27: {=INDEX('Löslichkeitstabelle-Wasser-I'!A5:UT86,MATCH(Eingabe!D24,Löslichkeitstabelle_Wasser_I[[#All],[Column1]],1),MATCH(Eingabe!F24,'Löslichkeitstabelle-Wasser-I'!B4:UT4,1))} -> 10.83 | S27: =Zwischenrechnungen!D35 -> 0.21410147 | T27: =Zwischenrechnungen!D36 -> 0.19065692 | U27: =Zwischenrechnungen!D37 -> 0.2342456
I28: Wichtung gewünscht? | K28: TRUE | S28: =0.98692326671601*S27 -> 0.21130173 | T28: =Zwischenrechnungen!F36 -> 0.18816375 | U28: =Zwischenrechnungen!F37 -> 0.23118243
D31: Biologische Parameter | R31: Toxizität
D32: Organische Bestandteile | F32: Anorganische Nährstoffe | I32: Verfügbare Energie | M32: Bakterientests | R32: Elementgehalte | U32: Summenparameter | W32: Bakterien
C33: Parameter | D33: TOC | E33: DOC | F33: Sulfat | G33: Nitrat | H33: Phosphat | I33: Redox-Potenzial | J33: Elektronenakzeptor (O2) | K33: Elektronendonor | M33: Bakterientest allgemein | N33: Schleimbildende Bakterien allgemein | O33: Eisenreduzierende Bakterien | P33: Sulfatreduzierende Bakterien | Q33: Parameter | R33: U | S33: Cd | T33: Pb | U33: PAK | V33: PCB | W33: Coliforme Bakterien | X33: P.aeruginosa
C34: Rahmenpunkte ⭢ 5 Pkt. | D34: 7 | E34: 2.5 | F34: 250 | G34: 50 | H34: 0.07 | I34: 300 | J34: =R27/2 -> 5.415 | K34: =IF(L37="Größe nicht berücksichtigt",I19/1000,I19/1000+F34) -> 0.2 | M34: =Punkteberechnung!$B$11 -> Sehr hoch (≥10^6 CFU/ml) | N34: =Punkteberechnung!$B$11 -> Sehr hoch (≥10^6 CFU/ml) | O34: =Punkteberechnung!$B$11 -> Sehr hoch (≥10^6 CFU/ml) | P34: =Punkteberechnung!$B$11 -> Sehr hoch (≥10^6 CFU/ml) | Q34: Rahmenpunkte ⭢ 5 Pkt. | R34: 10 | S34: 3 | T34: 10 | U34: 0.1 | V34: 0.01 | W34: =Punkteberechnung!$B$11 -> Sehr hoch (≥10^6 CFU/ml) | X34: =Punkteberechnung!$B$11 -> Sehr hoch (≥10^6 CFU/ml)
C35: Rahmenpunkte ⭢ 10 Pkt. | D35: 0 | E35: 0 | F35: 0 | G35: 0 | H35: 0 | I35: 0 | J35: 0 | K35: 0 | M35: Keine | N35: Keine | O35: Keine | P35: Keine | Q35: Rahmenpunkte ⭢ 10 Pkt. | R35: 0 | S35: 0 | T35: 0 | U35: 0 | V35: 0 | W35: Keine | X35: Keine
K36: Eisen | L36: Schwefel
C37: Wert gegeben? | D37: =IF(D38>0,"Wert vorhanden","Größe nicht berücksichtigt") -> Wert vorhanden | E37: =IF(E38>0,"Wert vorhanden","Größe nicht berücksichtigt") -> Größe nicht berücksichtigt | F37: =IF(F38>0,"Wert vorhanden","Größe nicht berücksichtigt") -> Wert vorhanden | G37: =IF(G38>0,"Wert vorhanden","Größe nicht berücksichtigt") -> Größe nicht berücksichtigt | H37: =IF(H38>0,"Wert vorhanden","Größe nicht berücksichtigt") -> Größe nicht berücksichtigt | I37: =IF(I38>0,"Wert vorhanden","Größe nicht berücksichtigt") -> Wert vorhanden | J37: =IF(J38>0,"Wert vorhanden","Größe nicht berücksichtigt") -> Wert vorhanden | K37: =IF(K38>0,"Wert vorhanden","Größe nicht berücksichtigt") -> Wert vorhanden | L37: =IF(L38>0,"Wert vorhanden","Größe nicht berücksichtigt") -> Größe nicht berücksichtigt | M37: =IF(M38="Kein Test durchgeführt","Größe nicht berücksichtigt","Wert vorhanden") -> Wert vorhanden | N37: =IF(N38="Kein Test durchgeführt","Größe nicht berücksichtigt","Wert vorhanden") -> Wert vorhanden | O37: =IF(O38="Kein Test durchgeführt","Größe nicht berücksichtigt","Wert vorhanden") -> Wert vorhanden | P37: =IF(P38="Kein Test durchgeführt","Größe nicht berücksichtigt","Wert vorhanden") -> Wert vorhanden | R37: =IF(R38>0,"Wert vorhanden","Größe nicht berücksichtigt") -> Wert vorhanden | S37: =IF(S38>0,"Wert vorhanden","Größe nicht berücksichtigt") -> Wert vorhanden | T37: =IF(T38>0,"Wert vorhanden","Größe nicht berücksichtigt") -> Wert vorhanden | U37: =IF(U38>0,"Wert vorhanden","Größe nicht berücksichtigt") -> Größe nicht berücksichtigt | V37: =IF(V38>0,"Wert vorhanden","Größe nicht berücksichtigt") -> Größe nicht berücksichtigt | W37: =IF(W38="Kein Test durchgeführt","Größe nicht berücksichtigt","Wert vorhanden") -> Größe nicht berücksichtigt | X37: =IF(X38="Kein Test durchgeführt","Größe nicht berücksichtigt","Wert vorhanden") -> Wert vorhanden
C38: Eingabe | D38: 2.5 | F38: 560 | I38: =IF(K28=TRUE,Zwischenrechnungen!B12) -> 113.26019 | J38: 12 | K38: =I24/1000 -> 0.69 | M38: Sehr hoch (≥10^6 CFU/ml) | N38: Moderat (≥10^4 <10^6 CFU/ml) | O38: Sehr hoch (≥10^6 CFU/ml) | P38: Sehr hoch (≥10^6 CFU/ml) | R38: 0.1 | S38: 3 | T38: 10 | W38: Kein Test durchgeführt | X38: Tests negativ
D41: Wirtschaftliche Parameter
D42: Energiequelle Grubenwasser | G42: Abnehmerstruktur | M42: Kosten
C43: Parameter | D43: Temperatur | E43: Volumenstrom | F43: Bohrtiefe | G43: Parameter | H43: Leistung Heizen | I43: Leistung Kühlen | J43: Volllaststunden Heizen | K43: Volllaststunden Kühlen | L43: Belegungsdichte Nahwärmenetz | M43: Wirtschaftlich-keitsbetrachtung durchgeführt? | N43: Parameter | O43: Amortisationsdauer | P43: Strompreis | Q43: Vergleichender Energieträger
C44: Rahmenpunkte ⭢ 2,5 Pkt. | D44: 12.9 | E44: 21 | F44: 745 | G44: Rahmenpunkte ⭢ 2,5 Pkt. | H44: 100 | I44: 100 | J44: Keine Bewertung, nur Rechenwert | K44: Keine Bewertung, nur Rechenwert | L44: 1500 | N44: Rahmenpunkte ⭢ 0 Pkt. | O44: 20 | P44: Keine Bewertung, nur Rechenwert | Q44: Keine Bewertung, nur Rechenwert
C45: Rahmenpunkte ⭢ 5 Pkt. | D45: 16.4 | E45: 108 | F45: 320 | G45: Rahmenpunkte ⭢ 5 Pkt. | H45: 740 | I45: 740 | L45: 2000 | N45: Rahmenpunkte ⭢ 10 Pkt. | O45: 5
C46: Rahmenpunkte ⭢ 7,5 Pkt. | D46: 25.5 | E46: 402 | F46: 140 | G46: Rahmenpunkte ⭢ 7,5 Pkt. | H46: 3500 | I46: 3500 | L46: 2500
R47: Energiepreis
C48: Wert gegeben? | D48: Übernahme aus Technischen Parametern | F48: =IF(F49>=0,"Wert vorhanden",IF(F49<0,"Wert von mindestens 0 eingeben","Wert eingeben")) -> Wert vorhanden | H48: =IF(H49>0,"Wert vorhanden",IF(H49<0,"Wert über 0 eingeben","Wert eingeben")) -> Wert vorhanden | I48: =IF(I49>0,"Wert vorhanden",IF(I49<0,"Wert über 0 eingeben","Wert eingeben")) -> Wert vorhanden | J48: =IF(J49>0,"Wert vorhanden",IF(J49<0,"Wert über 0 eingeben","Wert eingeben")) -> Wert vorhanden | K48: =IF(K49>0,"Wert vorhanden",IF(K49<0,"Wert über 0 eingeben","Wert eingeben")) -> Wert vorhanden | L48: =IF(L49>0,"Wert vorhanden","Größe nicht berücksichtigt") -> Wert vorhanden | O48: =IF(O49>0,"Wert vorhanden",IF(O49<0,"Wert über 0 eingeben","Wert eingeben")) -> Wert eingeben | P48: =IF(P49>0,"Wert vorhanden",IF(P49<0,"Wert über 0 eingeben","Wert eingeben")) -> Wert vorhanden | Q48: =IF(Q49>0,"Wert vorhanden",IF(Q49<0,"Wert über 0 eingeben","Wert eingeben")) -> Wert vorhanden | R48: =IF(R49>0,"Wert vorhanden",IF(R49<0,"Wert über 0 eingeben","Wert eingeben")) -> Wert vorhanden
C49: Eingabe | D49: =D24 -> 12.2 | E49: =E24 -> 300 | F49: 0 | H49: =E24/3600*4190*997*E26/1000 -> 2158.3388 | I49: =E24/3600*4190*997*E27/1000 -> 1740.5958 | J49: 2000 | K49: 2000 | L49: 3000 | M49: TRUE | P49: 0.32 | Q49: Erdgas | R49: =VLOOKUP(Q49,Punkteberechnung!B40:C44,2,FALSE) -> 0.167

Sheet Ausgabe Standortbewertung
B1: Ausgabe Standortbewertung
B3: Standort: | E3: Teststandort | H3: Standort-klassifizierung | W3: Standortklassifizierung
B4: Gesamtbewertung | W4: Wirthschaftlich | X4: Toxisch | Y4: Wärmeübertrager
H5: =W17 -> D | Q5: =B32-B29 -> 0.1 | R5: =C32-C29 -> 0.098060518 | S5: =D32-D29 -> 0.33510582 | T5: =E32-E29 -> 0.25125 | U5: =F32-F29 -> 0.072930485 | W5: =F29 -> 0.7260531 | X5: =E29 -> 0.74875 | Y5: =-C99 -> 0.52106659 | AB5: A+ | AC5: A | AD5: B | AE5: C | AF5: D | AG5: E | AH5: F | AI5: G | AJ5: H
B6: Absolute Bewertung: | D6: =SUM(B21:F21) -> 135.11345 | E6: von | F6: =SUM(B23:F23) -> 280 | Q6: =B29-B31 -> 0.1 | R6: =C29-C31 -> 0.098060518 | S6: =D29-D31 -> 0.2369624 | T6: =E29-E31 -> 0.51117143 | U6: =F29-F31 -> -0.02230761 | W6: =IF(W5>90%,"A+",IF(AND(W5<=90%,W5>80%),"A",IF(AND(W5<=80%,W5>70%),"B",IF(AND(W5<=70%,W5>60%),"C",IF(AND(W5<=60%,W5>50%),"D",IF(AND(W5<=50%,W5>40%),"E",IF(AND(W5<=40%,W5>30%),"F",IF(AND(W5<=30%,W5>20%),"G",IF(W5<20%,"H",""))))))))) -> B | X6: =IF(X5>90%,"A+",IF(AND(X5<=90%,X5>80%),"A",IF(AND(X5<=80%,X5>70%),"B",IF(AND(X5<=70%,X5>60%),"C",IF(AND(X5<=60%,X5>50%),"D",IF(AND(X5<=50%,X5>40%),"E",IF(AND(X5<=40%,X5>30%),"F",IF(AND(X5<=30%,X5>20%),"G",IF(X5<20%,"H",""))))))))) -> B | Y6: =IF(AND(Y5<=5%,Y5>0%),"A+",IF(AND(Y5<=10%,Y5>5%),"A",IF(AND(Y5<=15%,Y5>10%),"B",IF(AND(Y5<=20%,Y5>15%),"C",IF(AND(Y5<=30%,Y5>20%),"D",IF(AND(Y5<=40%,Y5>30%),"E",IF(AND(Y5<=50%,Y5>40%),"F",IF(AND(Y5<=60%,Y5>50%),"G",IF(Y5>60%,"H",""))))))))) -> G
B7: Relative Bewertung: | D7: =D6/F6 -> 0.48254802 | W7: SF_r | X7: =IF(Y6="A+",0.95,IF(Y6="A",0.85,IF(Y6="B",0.75,IF(Y6="C",0.65,IF(Y6="D",0.55,IF(Y6="E",0.45,IF(Y6="F",0.35,IF(Y6="G",0.25,IF(Y6="H",0.1,""))))))))) -> 0.25 | Y7: SF_real | Z7: =1-Y5 -> 0.47893341
B8: Standortklassifizierung | X8: unten | Y8: =IF(Z7<40%,Z7,"")
X9: oben | Y9: =IF(Z7>80%,Z7,120%) -> 1.2
V16: 1 | W16: =W5*0.4+X5*0.2+X7*0.4 -> 0.54017124
B17: Bewertung Kategorien | V17: Gesamtstandort: | W17: =IF(W16>90%,"A+",IF(AND(W16<=90%,W16>80%),"A",IF(AND(W16<=80%,W16>70%),"B",IF(AND(W16<=70%,W16>60%),"C",IF(AND(W16<=60%,W16>50%),"D",IF(AND(W16<=50%,W16>40%),"E",IF(AND(W16<=40%,W16>30%),"F",IF(AND(W16<=30%,W16>20%),"G",IF(W16<20%,"H",""))))))))) -> D
V18: Wert unten | W18: =IF(W16<20%,W16,120%) -> 1.2
B19: Technisch | C19: Chemisch | D19: Biologisch | E19: Toxisch | F19: Wirtschaftlich
B20: Absolute Bewertung: | T20: Volumenstrom
B21: =Punkteberechnung!G19 -> 10.15873 | C21: =IF(Eingabe!K28=TRUE,Punkteberechnung!K32,Punkteberechnung!M18) -> 22.854383 | D21: =Punkteberechnung!X19 -> 21.326616 | E21: =Punkteberechnung!AX19 -> 29.95 | F21: =Punkteberechnung!BN19 -> 50.823717
B22: von | C22: von | D22: von | E22: von | F22: von | J22: Abb. 1 Relative Bewertung der Kategorien mit den jeweiligen Unsicherheiten
B23: 20 | C23: 60 | D23: =Punkteberechnung!X20 -> 90 | E23: =Punkteberechnung!AX20 -> 40 | F23: =Punkteberechnung!BN20 -> 70 | T23: Eisen | U23: Arsen | V23: Mangan | W23: Aluminium | X23: Zink | Y23: TOC | Z23: DOC | AA23: Sulfat | AB23: Nitrat | AC23: Phosphat | AD23: Uran | AE23: Cadmium | AF23: Blei | AG23: PAK | AH23: PCB
B24: Unsicherheit | T24: =IF(Punkteberechnung!M17<>0,Punkteberechnung!M17,"") -> 3.45 | U24: =IF(Punkteberechnung!O17<>0,Punkteberechnung!O17,"") -> 1.2 | V24: =IF(Punkteberechnung!Q17<>0,Punkteberechnung!Q17,"") -> 1.4 | W24: =IF(Punkteberechnung!S17<>0,Punkteberechnung!S17,"") -> 0.1 | X24: =IF(Punkteberechnung!U17<>0,Punkteberechnung!U17,"") -> 0.025 | Y24: =IF(Punkteberechnung!X17<>0,Punkteberechnung!X17,"") -> 0.35714286 | Z24: =IF(Punkteberechnung!Z17<>0,Punkteberechnung!Z17,"") | AA24: =IF(Punkteberechnung!AB17<>0,Punkteberechnung!AB17,"") -> 2.24 | AB24: =IF(Punkteberechnung!AD17<>0,Punkteberechnung!AD17,"") | AC24: =IF(Punkteberechnung!AF17<>0,Punkteberechnung!AF17,"") | AD24: =IF(Punkteberechnung!AX17<>0,Punkteberechnung!AX17,"") -> 0.01 | AE24: =IF(Punkteberechnung!AZ17<>0,Punkteberechnung!AZ17,"") -> 1 | AF24: =IF(Punkteberechnung!BB17<>0,Punkteberechnung!BB17,"") -> 1 | AG24: =IF(Punkteberechnung!BD17<>0,Punkteberechnung!BD17,"") | AH24: =IF(Punkteberechnung!BF17<>0,Punkteberechnung!BF17,"")
A25: Minimum | B25: =Punkteberechnung!G45 -> 8.1587302 | C25: =IF(Eingabe!K28=TRUE,Punkteberechnung!K49*60,Punkteberechnung!K47*60) -> 16.970752 | D25: =Punkteberechnung!W45*Punkteberechnung!X20 -> 0 | E25: =Punkteberechnung!AW45*Punkteberechnung!AX20 -> 9.5031429 | F25: =Punkteberechnung!BN45*Punkteberechnung!BN20 -> 52.38525 | T25: =Eingabe!E24*24 -> 7200 | U25: =Eingabe!E24*24 -> 7200 | V25: =Eingabe!E24*24 -> 7200 | W25: =Eingabe!E24*24 -> 7200 | X25: =Eingabe!E24*24 -> 7200 | Y25: =Eingabe!E24*24 -> 7200 | Z25: =Eingabe!E24*24 -> 7200 | AA25: =Eingabe!E24*24 -> 7200 | AB25: =Eingabe!E24*24 -> 7200 | AC25: =Eingabe!E24*24 -> 7200 | AD25: =Eingabe!E24*24 -> 7200 | AE25: =Eingabe!E24*24 -> 7200 | AF25: =Eingabe!E24*24 -> 7200 | AG25: =Eingabe!E24*24 -> 7200 | AH25: =Eingabe!E24*24 -> 7200
A26: Maximum | B26: =Punkteberechnung!G46 -> 12.15873 | C26: =IF(Eingabe!K28=TRUE,Punkteberechnung!K50*60,Punkteberechnung!K48*60) -> 28.738014 | D26: =Punkteberechnung!W46*Punkteberechnung!X20 -> 51.48614 | E26: =Punkteberechnung!AW46*Punkteberechnung!AX20 -> 40 | F26: =Punkteberechnung!BN46*Punkteberechnung!BN20 -> 55.928851
B28: Relative Bewertung
B29: =B21/B23 -> 0.50793651 | C29: =C21/C23 -> 0.38090638 | D29: =D21/D23 -> 0.2369624 | E29: =E21/E23 -> 0.74875 | F29: =F21/F23 -> 0.7260531 | T29: P_el_H | U29: =IF(Eingabe!A13=TRUE,IF(F38=1,E36,E36/(F38-1)),0) -> 719.44628 | V29: Strompreis | W29: =Eingabe!P49 -> 0.32 | X29: Kosten ohne GW_h | Z29: =IF(Eingabe!A13=TRUE,F43*1000*W30,0) -> 1201475.3 | AA29: Kosten mit GW_h | AC29: =IF(Eingabe!A13=TRUE,U29*Eingabe!J49*('Ausgabe Standortbewertung'!W29*1.05),0) -> 483467.9
B30: Unsicherheit | T30: P_el_K | U30: =IF(Eingabe!A14=TRUE,IF(F40=1,E37,E37/(F40)),0) -> 248.65655 | V30: Energiepreis | W30: =Eingabe!R49 -> 0.167 | X30: Kosten ohne GW_k | Z30: =IF(Eingabe!A14=TRUE,F44*1000/Z31*W29,0) -> 278495.33 | AA30: Kosten mit GW_k | AC30: =F44*1000/F40*(W29*1.05) -> 167097.2 | AD30: =F44*1000/Z33*(W29*1.05) -> 173543.09 | AE30: =IF(Eingabe!A14=TRUE,IF(J32=FALSE,AD30,AC30),0) -> 167097.2
A31: Minimum | B31: =Punkteberechnung!G47 -> 0.40793651 | C31: =IF(Eingabe!K28=TRUE,Punkteberechnung!K49,Punkteberechnung!K47) -> 0.28284586 | D31: =Punkteberechnung!W45 -> 0 | E31: =Punkteberechnung!AW45 -> 0.23757857 | F31: =Punkteberechnung!BN45 -> 0.74836071 | X31: EER Kälteanlage normal | Z31: 4 | AC31: aktiv | AD31: passiv | AE31: Ausgabe
A32: Maximum | B32: =Punkteberechnung!G48 -> 0.60793651 | C32: =IF(Eingabe!K28=TRUE,Punkteberechnung!K50,Punkteberechnung!K48) -> 0.4789669 | D32: =Punkteberechnung!W46 -> 0.57206822 | E32: =Punkteberechnung!AW46 -> 1 | F32: =Punkteberechnung!BN46 -> 0.79898359 | J32: TRUE | Z32: https://www.klimaworld.com/blog/seer-scop-wert-klimaanlage
X33: EER Grubenwasser passiv | Z33: 6.74 | AA33: Irgendwas von Oppelt zitieren ;-)
B34: Nutzbare Energie
B36: Potenzieller Wärmestrom WÜ (Heizen) | E36: =IF(Eingabe!A13=TRUE,Eingabe!E24/3600*997*4190*Eingabe!E26/1000,"kein Heinzbetrieb vorgesehen") -> 2158.3388
B37: Potenzieller Wärmestrom WÜ (Kühlen) | E37: =IF(Eingabe!A14=TRUE,Eingabe!E24/3600*997*4190*Eingabe!E27/1000,"kein Kühlbetrieb vorgesehen") -> 1740.5958 | V37: CO_2-Emissionen | W37: =VLOOKUP(Eingabe!Q49,Punkteberechnung!B40:E44,4,FALSE) -> 0.201 | X37: kg/kwh | Y37: CO_2 ohne GW_h | Z37: =F43*1000*W37 -> 1446087 | AA37: CO_2 mit GW_h | AC37: =U29*Eingabe!J49*W38 -> 548146.12
B38: Arbeitszahl Gesamtsystem mit WP Heizen (AZh): | F38: 4 | G38: =IF(F38>0,"Wert vorhanden",IF(F38<0,"Wert über 0 eingeben","Wert eingeben")) -> Wert vorhanden | V38: Strom | W38: =Punkteberechnung!E44 -> 0.38095 | X38: kg/kwh | Y38: CO_2 ohne GW_k | Z38: =F44*1000/Z31*W38 -> 331539.99 | AA38: CO_2 mit GW_k | AC38: =F44*1000/F40*W38 -> 189451.42 | AD38: =F44*1000/Z33*W38 -> 196759.64 | AE38: =IF(J32=TRUE,AC38,AD38) -> 189451.42
B39: Aktives Kühlen über die Wärmepumpe? | AC39: aktiv | AD39: passiv | AE39: Ausgabe
B40: Arbeitszahl Gesamtsystem mit WP Kühlen (AZk): | F40: 7 | G40: =IF(F40>0,"Wert vorhanden",IF(F40<0,"Wert über 0 eingeben","Wert eingeben")) -> Wert vorhanden | J40: Abb. 2 Darstellung der Elemente im Grubenwasser nach Puura und D'Alessandro
B41: Potenziell verfügbarer Wärmestrom beim Abnehmer (Heizen) | F41: =E36+U29 -> 2877.7851
B42: Potenziell verfügbarer Wärmestrom beim Abnehmer (Kühlen) | F42: =E37 -> 1740.5958
B43: Potenzielle Wärmemenge pro Jahr | F43: =IF(Eingabe!A13=TRUE,(F41+U29)*Eingabe!J49/1000,0) -> 7194.4628
B44: PotenzielleKältemenge pro Jahr | F44: =IF(Eingabe!A14=TRUE,(E37)*Eingabe!K49/1000,0) -> 3481.1917
B45: Potenzielle Kosten- und CO2-Reduktion im Vergleich zu: | F45: =Eingabe!Q49 -> Erdgas
B46: Potenzielle Kosteneinsparung pro Jahr: | F46: =ROUND((Z30+Z29)-(AC29+AE30),-2) -> 829400
B47: Pot. Reduktion CO2-Emissionen pro Jahr: | F47: =ROUND((Z37+Z38)-(AC37+AE38),-2) -> 1040000
B49: Foulingbewertung | H49: Fouling-klassifizierung
B51: Absolute Bewertung: | D51: =B21+C21+D21 -> 54.339729 | E51: von | F51: =B23+C23+D23 -> 170 | H51: =Y6 -> G
B52: Relative Bewertung: | D52: =D51/F51 -> 0.31964546 | AC52: =AC74-AC73 -> 157.63826
B53: Unsicherheit | D53: =B25+C25+D25 -> 25.129482 | E53: bis | F53: =B26+C26+D26 -> 92.382884 | Y53: =ROUND(B94,-2)/100 -> 60 | Z53: =ISEVEN((Y53)) -> TRUE
D54: =D53/F51 -> 0.14782048 | E54: bis | F54: =F53/F51 -> 0.54342873
B55: Zu erwartendes dominante Foulingart: | E55: =IF('Berechnung-WÜ-Material'!G22>'Berechnung-WÜ-Material'!G23,"Biofouling",IF('Berechnung-WÜ-Material'!G23>'Berechnung-WÜ-Material'!G22,"Kristallisations- und Partikelfouling",IF('Berechnung-WÜ-Material'!G22='Berechnung-WÜ-Material'!G23,"keine dominierende Foulingart",""))) -> Biofouling
B56: Zu erwartende dominante Mikroorganismen: | E56: =Bakterien!B16 -> Psychrophile und Psychotolerante | Y56: =Eingabe!J49 -> 2000 | Z56: =Eingabe!K49 -> 2000
B57: Foulingklassifizierung | W57: Anteil Heizen Kühlen | Y57: =Y56/(Y56+Z56) -> 0.5 | Z57: =Z56/(Y56+Z56) -> 0.5
Y58: =IF(Z53=TRUE,Y53*100,((Y53-1)*100)) -> 6000
W59: Faktor Vollast Heizen | Y59: =Eingabe!J49/('Ausgabe Standortbewertung'!Y58*'Ausgabe Standortbewertung'!Y57) -> 0.66666667 | Z59: Faktor Volllast Kühlen: | AB59: =Eingabe!K49/('Ausgabe Standortbewertung'!Y58*'Ausgabe Standortbewertung'!Z57) -> 0.66666667
J60: 0.97
X61: Heizen | AF61: Kühlen
X62: Leistung | AA62: Energiemenge in MWh | AD62: Referenz Energiemenge 1000 % | AF62: Leistung | AI62: Energiemenge in MWh | AL62: Referenz Energiemenge 1000 %
U63: Obere Kurve | V63: Mittelkurve | W63: Untere Kurve | X63: Obere Kurve | Y63: Mittelkurve | Z63: Untere Kurve | AA63: Obere Kurve | AB63: Mittelkurve | AC63: Untere Kurve | AF63: Obere Kurve | AG63: Mittelkurve | AH63: Untere Kurve | AI63: Obere Kurve | AJ63: Mittelkurve | AK63: Untere Kurve
T64: 0 | U64: =100*EXP($L$80*$T64) -> 100 | V64: =100*EXP($M$80*$T64) -> 100 | W64: =100*EXP($N$80*$T64) -> 100 | X64: =U64*($E$36+$U$29)/100 -> 2877.7851 | Y64: =V64*($E$36+$U$29)/100 -> 2877.7851 | Z64: =W64*($E$36+$U$29)/100 -> 2877.7851 | AA64: =X64*100/1000*$Y$59 -> 191.85234 | AB64: =Y64*100/1000*$Y$59 -> 191.85234 | AC64: =Z64*100/1000*$Y$59 -> 191.85234 | AD64: =($E$36+$U$29) -> 2877.7851 | AE64: =AD64*100/1000*$Y$59 -> 191.85234 | AF64: =U64*($E$37)/100 -> 1740.5958 | AG64: =V64*($E$37)/100 -> 1740.5958 | AH64: =W64*($E$37)/100 -> 1740.5958 | AI64: =AF64*100/1000*$AB$59 -> 116.03972 | AJ64: =AG64*100/1000*$AB$59 -> 116.03972 | AK64: =AH64*100/1000*$Y$59 -> 116.03972 | AL64: =$E$37 -> 1740.5958 | AM64: =AL64*100/1000*$AB$59 -> 116.03972
T65: 100 | U65: =100*EXP($L$80*$T65) -> 99.580307 | V65: =100*EXP($M$80*$T65) -> 98.780507 | W65: =100*EXP($N$80*$T65) -> 98.054934 | X65: =U65*($E$36+$U$29)/100 -> 2865.7072 | Y65: =V65*($E$36+$U$29)/100 -> 2842.6907 | Z65: =W65*($E$36+$U$29)/100 -> 2821.8103 | AA65: =IF(T65<$Y$58*$Y$57,AA64+X65*100/1000*$Y$59,AA64) -> 382.89949 | AB65: =IF(T65<$Y$58*$Y$57,AB64+Y65*100/1000*$Y$59,AB64) -> 381.36506 | AC65: =IF(T65<$Y$58*$Y$57,AC64+Z65*100/1000*$Y$59,AC64) -> 379.97303 | AD65: =($E$36+$U$29) -> 2877.7851 | AE65: =IF(T65<$Y$58*$Y$57,AE64+AD65*100/1000*$Y$59,AE64) -> 383.70468 | AF65: =U65*($E$37)/100 -> 1733.2907 | AG65: =V65*($E$37)/100 -> 1719.3694 | AH65: =W65*($E$37)/100 -> 1706.7401 | AI65: =IF(T65<$Y$58*$Z$57,AI64+AF65*100/1000*$AB$59,AI64) -> 231.59243 | AJ65: =IF(T65<$Y$58*$Z$57,AJ64+AG65*100/1000*$AB$59,AJ64) -> 230.66435 | AK65: =IF(T65<$Y$58*$Z$57,AK64+AH65*100/1000*$AB$59,AK64) -> 229.8224 | AL65: =$E$37 -> 1740.5958 | AM65: =IF(T65<$Y$58*$Z$57,AM64+AL65*100/1000*$AB$59,AM64) -> 232.07944
T66: 200 | U66: =100*EXP($L$80*$T66) -> 99.162375 | V66: =100*EXP($M$80*$T66) -> 97.575886 | W66: =100*EXP($N$80*$T66) -> 96.147701 | X66: =U66*($E$36+$U$29)/100 -> 2853.6801 | Y66: =V66*($E$36+$U$29)/100 -> 2808.0243 | Z66: =W66*($E$36+$U$29)/100 -> 2766.9242 | AA66: =IF(T66<$Y$58*$Y$57,AA65+X66*100/1000*$Y$59,AA65) -> 573.14483 | AB66: =IF(T66<$Y$58*$Y$57,AB65+Y66*100/1000*$Y$59,AB65) -> 568.56668 | AC66: =IF(T66<$Y$58*$Y$57,AC65+Z66*100/1000*$Y$59,AC65) -> 564.43464 | AD66: =($E$36+$U$29) -> 2877.7851 | AE66: =IF(T66<$Y$58*$Y$57,AE65+AD66*100/1000*$Y$59,AE65) -> 575.55702 | AF66: =U66*($E$37)/100 -> 1726.0162 | AG66: =V66*($E$37)/100 -> 1698.4018 | AH66: =W66*($E$37)/100 -> 1673.5429 | AI66: =IF(T66<$Y$58*$Z$57,AI65+AF66*100/1000*$AB$59,AI65) -> 346.66018 | AJ66: =IF(T66<$Y$58*$Z$57,AJ65+AG66*100/1000*$AB$59,AJ65) -> 343.89114 | AK66: =IF(T66<$Y$58*$Z$57,AK65+AH66*100/1000*$AB$59,AK65) -> 341.39192 | AL66: =$E$37 -> 1740.5958 | AM66: =IF(T66<$Y$58*$Z$57,AM65+AL66*100/1000*$AB$59,AM65) -> 348.11917
T67: 300 | U67: =100*EXP($L$80*$T67) -> 98.746197 | V67: =100*EXP($M$80*$T67) -> 96.385955 | W67: =100*EXP($N$80*$T67) -> 94.277565 | X67: =U67*($E$36+$U$29)/100 -> 2841.7033 | Y67: =V67*($E$36+$U$29)/100 -> 2773.7807 | Z67: =W67*($E$36+$U$29)/100 -> 2713.1057 | AA67: =IF(T67<$Y$58*$Y$57,AA66+X67*100/1000*$Y$59,AA66) -> 762.59172 | AB67: =IF(T67<$Y$58*$Y$57,AB66+Y67*100/1000*$Y$59,AB66) -> 753.48539 | AC67: =IF(T67<$Y$58*$Y$57,AC66+Z67*100/1000*$Y$59,AC66) -> 745.30836 | AD67: =($E$36+$U$29) -> 2877.7851 | AE67: =IF(T67<$Y$58*$Y$57,AE66+AD67*100/1000*$Y$59,AE66) -> 767.40936 | AF67: =U67*($E$37)/100 -> 1718.7722 | AG67: =V67*($E$37)/100 -> 1677.6899 | AH67: =W67*($E$37)/100 -> 1640.9914 | AI67: =IF(T67<$Y$58*$Z$57,AI66+AF67*100/1000*$AB$59,AI66) -> 461.24499 | AJ67: =IF(T67<$Y$58*$Z$57,AJ66+AG67*100/1000*$AB$59,AJ66) -> 455.73713 | AK67: =IF(T67<$Y$58*$Z$57,AK66+AH67*100/1000*$AB$59,AK66) -> 450.79135 | AL67: =$E$37 -> 1740.5958 | AM67: =IF(T67<$Y$58*$Z$57,AM66+AL67*100/1000*$AB$59,AM66) -> 464.15889
B68: Änderungen Wärmestrom Wärmeübertrager | K68: Bewertungsgrenze | L68: =(100-L76)/L75 -> 1.4000072 | M68: =(100-M76)/M75 -> 0.77541 | N68: =(100-N76)/N75 -> 0.73666848 | T68: 400 | U68: =100*EXP($L$80*$T68) -> 98.331765 | V68: =100*EXP($M$80*$T68) -> 95.210536 | W68: =100*EXP($N$80*$T68) -> 92.443805 | X68: =U68*($E$36+$U$29)/100 -> 2829.7769 | Y68: =V68*($E$36+$U$29)/100 -> 2739.9546 | Z68: =W68*($E$36+$U$29)/100 -> 2660.334 | AA68: =IF(T68<$Y$58*$Y$57,AA67+X68*100/1000*$Y$59,AA67) -> 951.24351 | AB68: =IF(T68<$Y$58*$Y$57,AB67+Y68*100/1000*$Y$59,AB67) -> 936.14903 | AC68: =IF(T68<$Y$58*$Y$57,AC67+Z68*100/1000*$Y$59,AC67) -> 922.66396 | AD68: =($E$36+$U$29) -> 2877.7851 | AE68: =IF(T68<$Y$58*$Y$57,AE67+AD68*100/1000*$Y$59,AE67) -> 959.2617 | AF68: =U68*($E$37)/100 -> 1711.5586 | AG68: =V68*($E$37)/100 -> 1657.2306 | AH68: =W68*($E$37)/100 -> 1609.073 | AI68: =IF(T68<$Y$58*$Z$57,AI67+AF68*100/1000*$AB$59,AI67) -> 575.3489 | AJ68: =IF(T68<$Y$58*$Z$57,AJ67+AG68*100/1000*$AB$59,AJ67) -> 566.21917 | AK68: =IF(T68<$Y$58*$Z$57,AK67+AH68*100/1000*$AB$59,AK67) -> 558.06288 | AL68: =$E$37 -> 1740.5958 | AM68: =IF(T68<$Y$58*$Z$57,AM67+AL68*100/1000*$AB$59,AM67) -> 580.19861
T69: 500 | U69: =100*EXP($L$80*$T69) -> 97.919073 | V69: =100*EXP($M$80*$T69) -> 94.04945 | W69: =100*EXP($N$80*$T69) -> 90.645712 | X69: =U69*($E$36+$U$29)/100 -> 2817.9005 | Y69: =V69*($E$36+$U$29)/100 -> 2706.5411 | Z69: =W69*($E$36+$U$29)/100 -> 2608.5888 | AA69: =IF(T69<$Y$58*$Y$57,AA68+X69*100/1000*$Y$59,AA68) -> 1139.1035 | AB69: =IF(T69<$Y$58*$Y$57,AB68+Y69*100/1000*$Y$59,AB68) -> 1116.5851 | AC69: =IF(T69<$Y$58*$Y$57,AC68+Z69*100/1000*$Y$59,AC68) -> 1096.5699 | AD69: =($E$36+$U$29) -> 2877.7851 | AE69: =IF(T69<$Y$58*$Y$57,AE68+AD69*100/1000*$Y$59,AE68) -> 1151.114 | AF69: =U69*($E$37)/100 -> 1704.3753 | AG69: =V69*($E$37)/100 -> 1637.0208 | AH69: =W69*($E$37)/100 -> 1577.7755 | AI69: =IF(T69<$Y$58*$Z$57,AI68+AF69*100/1000*$AB$59,AI68) -> 688.97392 | AJ69: =IF(T69<$Y$58*$Z$57,AJ68+AG69*100/1000*$AB$59,AJ68) -> 675.35389 | AK69: =IF(T69<$Y$58*$Z$57,AK68+AH69*100/1000*$AB$59,AK68) -> 663.24791 | AL69: =$E$37 -> 1740.5958 | AM69: =IF(T69<$Y$58*$Z$57,AM68+AL69*100/1000*$AB$59,AM68) -> 696.23833
T70: 600 | U70: =100*EXP($L$80*$T70) -> 97.508113 | V70: =100*EXP($M$80*$T70) -> 92.902524 | W70: =100*EXP($N$80*$T70) -> 88.882593 | X70: =U70*($E$36+$U$29)/100 -> 2806.074 | Y70: =V70*($E$36+$U$29)/100 -> 2673.535 | Z70: =W70*($E$36+$U$29)/100 -> 2557.85 | AA70: =IF(T70<$Y$58*$Y$57,AA69+X70*100/1000*$Y$59,AA69) -> 1326.1751 | AB70: =IF(T70<$Y$58*$Y$57,AB69+Y70*100/1000*$Y$59,AB69) -> 1294.8208 | AC70: =IF(T70<$Y$58*$Y$57,AC69+Z70*100/1000*$Y$59,AC69) -> 1267.0932 | AD70: =($E$36+$U$29) -> 2877.7851 | AE70: =IF(T70<$Y$58*$Y$57,AE69+AD70*100/1000*$Y$59,AE69) -> 1342.9664 | AF70: =U70*($E$37)/100 -> 1697.2222 | AG70: =V70*($E$37)/100 -> 1617.0575 | AH70: =W70*($E$37)/100 -> 1547.0867 | AI70: =IF(T70<$Y$58*$Z$57,AI69+AF70*100/1000*$AB$59,AI69) -> 802.12206 | AJ70: =IF(T70<$Y$58*$Z$57,AJ69+AG70*100/1000*$AB$59,AJ69) -> 783.15772 | AK70: =IF(T70<$Y$58*$Z$57,AK69+AH70*100/1000*$AB$59,AK69) -> 766.38703 | AL70: =$E$37 -> 1740.5958 | AM70: =IF(T70<$Y$58*$Z$57,AM69+AL70*100/1000*$AB$59,AM69) -> 812.27806
T71: 700 | U71: =100*EXP($L$80*$T71) -> 97.098878 | V71: =100*EXP($M$80*$T71) -> 91.769584 | W71: =100*EXP($N$80*$T71) -> 87.153768 | X71: =U71*($E$36+$U$29)/100 -> 2794.2971 | Y71: =V71*($E$36+$U$29)/100 -> 2640.9314 | Z71: =W71*($E$36+$U$29)/100 -> 2508.0982 | AA71: =IF(T71<$Y$58*$Y$57,AA70+X71*100/1000*$Y$59,AA70) -> 1512.4616 | AB71: =IF(T71<$Y$58*$Y$57,AB70+Y71*100/1000*$Y$59,AB70) -> 1470.8829 | AC71: =IF(T71<$Y$58*$Y$57,AC70+Z71*100/1000*$Y$59,AC70) -> 1434.2998 | AD71: =($E$36+$U$29) -> 2877.7851 | AE71: =IF(T71<$Y$58*$Y$57,AE70+AD71*100/1000*$Y$59,AE70) -> 1534.8187 | AF71: =U71*($E$37)/100 -> 1690.099 | AG71: =V71*($E$37)/100 -> 1597.3376 | AH71: =W71*($E$37)/100 -> 1516.9949 | AI71: =IF(T71<$Y$58*$Z$57,AI70+AF71*100/1000*$AB$59,AI70) -> 914.79533 | AJ71: =IF(T71<$Y$58*$Z$57,AJ70+AG71*100/1000*$AB$59,AJ70) -> 889.64689 | AK71: =IF(T71<$Y$58*$Z$57,AK70+AH71*100/1000*$AB$59,AK70) -> 867.52002 | AL71: =$E$37 -> 1740.5958 | AM71: =IF(T71<$Y$58*$Z$57,AM70+AL71*100/1000*$AB$59,AM70) -> 928.31778
T72: 800 | U72: =100*EXP($L$80*$T72) -> 96.691361 | V72: =100*EXP($M$80*$T72) -> 90.650461 | W72: =100*EXP($N$80*$T72) -> 85.45857 | X72: =U72*($E$36+$U$29)/100 -> 2782.5696 | Y72: =V72*($E$36+$U$29)/100 -> 2608.7255 | Z72: =W72*($E$36+$U$29)/100 -> 2459.314 | AA72: =IF(T72<$Y$58*$Y$57,AA71+X72*100/1000*$Y$59,AA71) -> 1697.9663 | AB72: =IF(T72<$Y$58*$Y$57,AB71+Y72*100/1000*$Y$59,AB71) -> 1644.7979 | AC72: =IF(T72<$Y$58*$Y$57,AC71+Z72*100/1000*$Y$59,AC71) -> 1598.254 | AD72: =($E$36+$U$29) -> 2877.7851 | AE72: =IF(T72<$Y$58*$Y$57,AE71+AD72*100/1000*$Y$59,AE71) -> 1726.6711 | AF72: =U72*($E$37)/100 -> 1683.0058 | AG72: =V72*($E$37)/100 -> 1577.8581 | AH72: =W72*($E$37)/100 -> 1487.4883 | AI72: =IF(T72<$Y$58*$Z$57,AI71+AF72*100/1000*$AB$59,AI71) -> 1026.9957 | AJ72: =IF(T72<$Y$58*$Z$57,AJ71+AG72*100/1000*$AB$59,AJ71) -> 994.83744 | AK72: =IF(T72<$Y$58*$Z$57,AK71+AH72*100/1000*$AB$59,AK71) -> 966.6859 | AL72: =$E$37 -> 1740.5958 | AM72: =IF(T72<$Y$58*$Z$57,AM71+AL72*100/1000*$AB$59,AM71) -> 1044.3575
T73: 900 | U73: =100*EXP($L$80*$T73) -> 96.285553 | V73: =100*EXP($M$80*$T73) -> 89.544985 | W73: =100*EXP($N$80*$T73) -> 83.796345 | X73: =U73*($E$36+$U$29)/100 -> 2770.8913 | Y73: =V73*($E$36+$U$29)/100 -> 2576.9123 | Z73: =W73*($E$36+$U$29)/100 -> 2411.4787 | AA73: =IF(T73<$Y$58*$Y$57,AA72+X73*100/1000*$Y$59,AA72) -> 1882.6923 | AB73: =IF(T73<$Y$58*$Y$57,AB72+Y73*100/1000*$Y$59,AB72) -> 1816.592 | AC73: =IF(T73<$Y$58*$Y$57,AC72+Z73*100/1000*$Y$59,AC72) -> 1759.0193 | AD73: =($E$36+$U$29) -> 2877.7851 | AE73: =IF(T73<$Y$58*$Y$57,AE72+AD73*100/1000*$Y$59,AE72) -> 1918.5234 | AF73: =U73*($E$37)/100 -> 1675.9423 | AG73: =V73*($E$37)/100 -> 1558.6163 | AH73: =W73*($E$37)/100 -> 1458.5557 | AI73: =IF(T73<$Y$58*$Z$57,AI72+AF73*100/1000*$AB$59,AI72) -> 1138.7252 | AJ73: =IF(T73<$Y$58*$Z$57,AJ72+AG73*100/1000*$AB$59,AJ72) -> 1098.7452 | AK73: =IF(T73<$Y$58*$Z$57,AK72+AH73*100/1000*$AB$59,AK72) -> 1063.9229 | AL73: =$E$37 -> 1740.5958 | AM73: =IF(T73<$Y$58*$Z$57,AM72+AL73*100/1000*$AB$59,AM72) -> 1160.3972
L74: Obere Kurve | M74: Mittelkurve | N74: Untere Kurve | T74: 1000 | U74: =100*EXP($L$80*$T74) -> 95.881449 | V74: =100*EXP($M$80*$T74) -> 88.452991 | W74: =100*EXP($N$80*$T74) -> 82.166451 | X74: =U74*($E$36+$U$29)/100 -> 2759.2621 | Y74: =V74*($E$36+$U$29)/100 -> 2545.487 | Z74: =W74*($E$36+$U$29)/100 -> 2364.5739 | AA74: =IF(T74<$Y$58*$Y$57,AA73+X74*100/1000*$Y$59,AA73) -> 2066.6431 | AB74: =IF(T74<$Y$58*$Y$57,AB73+Y74*100/1000*$Y$59,AB73) -> 1986.2912 | AC74: =IF(T74<$Y$58*$Y$57,AC73+Z74*100/1000*$Y$59,AC73) -> 1916.6575 | AD74: =($E$36+$U$29) -> 2877.7851 | AE74: =IF(T74<$Y$58*$Y$57,AE73+AD74*100/1000*$Y$59,AE73) -> 2110.3757 | AF74: =U74*($E$37)/100 -> 1668.9085 | AG74: =V74*($E$37)/100 -> 1539.6091 | AH74: =W74*($E$37)/100 -> 1430.1858 | AI74: =IF(T74<$Y$58*$Z$57,AI73+AF74*100/1000*$AB$59,AI73) -> 1249.9858 | AJ74: =IF(T74<$Y$58*$Z$57,AJ73+AG74*100/1000*$AB$59,AJ73) -> 1201.3858 | AK74: =IF(T74<$Y$58*$Z$57,AK73+AH74*100/1000*$AB$59,AK73) -> 1159.2687 | AL74: =$E$37 -> 1740.5958 | AM74: =IF(T74<$Y$58*$Z$57,AM73+AL74*100/1000*$AB$59,AM73) -> 1276.4369
K75: m | L75: 83.686 | M75: 100.61 | N75: 55.17 | T75: 1100 | U75: =100*EXP($L$80*$T75) -> 95.479041 | V75: =100*EXP($M$80*$T75) -> 87.374313 | W75: =100*EXP($N$80*$T75) -> 80.568259 | X75: =U75*($E$36+$U$29)/100 -> 2747.6816 | Y75: =V75*($E$36+$U$29)/100 -> 2514.445 | Z75: =W75*($E$36+$U$29)/100 -> 2318.5814 | AA75: =IF(T75<$Y$58*$Y$57,AA74+X75*100/1000*$Y$59,AA74) -> 2249.8219 | AB75: =IF(T75<$Y$58*$Y$57,AB74+Y75*100/1000*$Y$59,AB74) -> 2153.9208 | AC75: =IF(T75<$Y$58*$Y$57,AC74+Z75*100/1000*$Y$59,AC74) -> 2071.2296 | AD75: =($E$36+$U$29) -> 2877.7851 | AE75: =IF(T75<$Y$58*$Y$57,AE74+AD75*100/1000*$Y$59,AE74) -> 2302.2281 | AF75: =U75*($E$37)/100 -> 1661.9042 | AG75: =V75*($E$37)/100 -> 1520.8337 | AH75: =W75*($E$37)/100 -> 1402.3678 | AI75: =IF(T75<$Y$58*$Z$57,AI74+AF75*100/1000*$AB$59,AI74) -> 1360.7794 | AJ75: =IF(T75<$Y$58*$Z$57,AJ74+AG75*100/1000*$AB$59,AJ74) -> 1302.7747 | AK75: =IF(T75<$Y$58*$Z$57,AK74+AH75*100/1000*$AB$59,AK74) -> 1252.7599 | AL75: =$E$37 -> 1740.5958 | AM75: =IF(T75<$Y$58*$Z$57,AM74+AL75*100/1000*$AB$59,AM74) -> 1392.4767
K76: b | L76: -17.161 | M76: 21.986 | N76: 59.358 | T76: 1200 | U76: =100*EXP($L$80*$T76) -> 95.078322 | V76: =100*EXP($M$80*$T76) -> 86.30879 | W76: =100*EXP($N$80*$T76) -> 79.001153 | X76: =U76*($E$36+$U$29)/100 -> 2736.1498 | Y76: =V76*($E$36+$U$29)/100 -> 2483.7815 | Z76: =W76*($E$36+$U$29)/100 -> 2273.4834 | AA76: =IF(T76<$Y$58*$Y$57,AA75+X76*100/1000*$Y$59,AA75) -> 2432.2319 | AB76: =IF(T76<$Y$58*$Y$57,AB75+Y76*100/1000*$Y$59,AB75) -> 2319.5063 | AC76: =IF(T76<$Y$58*$Y$57,AC75+Z76*100/1000*$Y$59,AC75) -> 2222.7952 | AD76: =($E$36+$U$29) -> 2877.7851 | AE76: =IF(T76<$Y$58*$Y$57,AE75+AD76*100/1000*$Y$59,AE75) -> 2494.0804 | AF76: =U76*($E$37)/100 -> 1654.9293 | AG76: =V76*($E$37)/100 -> 1502.2872 | AH76: =W76*($E$37)/100 -> 1375.0908 | AI76: =IF(T76<$Y$58*$Z$57,AI75+AF76*100/1000*$AB$59,AI75) -> 1471.108 | AJ76: =IF(T76<$Y$58*$Z$57,AJ75+AG76*100/1000*$AB$59,AJ75) -> 1402.9272 | AK76: =IF(T76<$Y$58*$Z$57,AK75+AH76*100/1000*$AB$59,AK75) -> 1344.4326 | AL76: =$E$37 -> 1740.5958 | AM76: =IF(T76<$Y$58*$Z$57,AM75+AL76*100/1000*$AB$59,AM75) -> 1508.5164
K77: t | L77: 30000 | M77: 5000 | N77: 2000 | T77: 1300 | U77: =100*EXP($L$80*$T77) -> 94.679284 | V77: =100*EXP($M$80*$T77) -> 85.25626 | W77: =100*EXP($N$80*$T77) -> 77.464529 | X77: =U77*($E$36+$U$29)/100 -> 2724.6663 | Y77: =V77*($E$36+$U$29)/100 -> 2453.492 | Z77: =W77*($E$36+$U$29)/100 -> 2229.2627 | AA77: =IF(T77<$Y$58*$Y$57,AA76+X77*100/1000*$Y$59,AA76) -> 2613.8763 | AB77: =IF(T77<$Y$58*$Y$57,AB76+Y77*100/1000*$Y$59,AB76) -> 2483.0724 | AC77: =IF(T77<$Y$58*$Y$57,AC76+Z77*100/1000*$Y$59,AC76) -> 2371.4127 | AD77: =($E$36+$U$29) -> 2877.7851 | AE77: =IF(T77<$Y$58*$Y$57,AE76+AD77*100/1000*$Y$59,AE76) -> 2685.9328 | AF77: =U77*($E$37)/100 -> 1647.9837 | AG77: =V77*($E$37)/100 -> 1483.9669 | AH77: =W77*($E$37)/100 -> 1348.3444 | AI77: =IF(T77<$Y$58*$Z$57,AI76+AF77*100/1000*$AB$59,AI76) -> 1580.9736 | AJ77: =IF(T77<$Y$58*$Z$57,AJ76+AG77*100/1000*$AB$59,AJ76) -> 1501.8583 | AK77: =IF(T77<$Y$58*$Z$57,AK76+AH77*100/1000*$AB$59,AK76) -> 1434.3222 | AL77: =$E$37 -> 1740.5958 | AM77: =IF(T77<$Y$58*$Z$57,AM76+AL77*100/1000*$AB$59,AM76) -> 1624.5561
K78: Bewertung | L78: =IF(F54<L68,L75*F54+L76,100) -> 28.316376 | M78: =IF(D52<M68,M75*D52+M76,L75*D52+L76) -> 54.14553 | N78: =IF(D54<N68,N75*D54+N76,L75*D54+L76) -> 67.513256 | T78: 1400 | U78: =100*EXP($L$80*$T78) -> 94.281921 | V78: =100*EXP($M$80*$T78) -> 84.216566 | W78: =100*EXP($N$80*$T78) -> 75.957793 | X78: =U78*($E$36+$U$29)/100 -> 2713.2311 | Y78: =V78*($E$36+$U$29)/100 -> 2423.5718 | Z78: =W78*($E$36+$U$29)/100 -> 2185.9021 | AA78: =IF(T78<$Y$58*$Y$57,AA77+X78*100/1000*$Y$59,AA77) -> 2794.7584 | AB78: =IF(T78<$Y$58*$Y$57,AB77+Y78*100/1000*$Y$59,AB77) -> 2644.6439 | AC78: =IF(T78<$Y$58*$Y$57,AC77+Z78*100/1000*$Y$59,AC77) -> 2517.1395 | AD78: =($E$36+$U$29) -> 2877.7851 | AE78: =IF(T78<$Y$58*$Y$57,AE77+AD78*100/1000*$Y$59,AE77) -> 2877.7851 | AF78: =U78*($E$37)/100 -> 1641.0672 | AG78: =V78*($E$37)/100 -> 1465.87 | AH78: =W78*($E$37)/100 -> 1322.1182 | AI78: =IF(T78<$Y$58*$Z$57,AI77+AF78*100/1000*$AB$59,AI77) -> 1690.3781 | AJ78: =IF(T78<$Y$58*$Z$57,AJ77+AG78*100/1000*$AB$59,AJ77) -> 1599.583 | AK78: =IF(T78<$Y$58*$Z$57,AK77+AH78*100/1000*$AB$59,AK77) -> 1522.4634 | AL78: =$E$37 -> 1740.5958 | AM78: =IF(T78<$Y$58*$Z$57,AM77+AL78*100/1000*$AB$59,AM77) -> 1740.5958
T79: 1500 | U79: =100*EXP($L$80*$T79) -> 93.886226 | V79: =100*EXP($M$80*$T79) -> 83.189552 | W79: =100*EXP($N$80*$T79) -> 74.480364 | X79: =U79*($E$36+$U$29)/100 -> 2701.8438 | Y79: =V79*($E$36+$U$29)/100 -> 2394.0165 | Z79: =W79*($E$36+$U$29)/100 -> 2143.3848 | AA79: =IF(T79<$Y$58*$Y$57,AA78+X79*100/1000*$Y$59,AA78) -> 2974.8813 | AB79: =IF(T79<$Y$58*$Y$57,AB78+Y79*100/1000*$Y$59,AB78) -> 2804.245 | AC79: =IF(T79<$Y$58*$Y$57,AC78+Z79*100/1000*$Y$59,AC78) -> 2660.0318 | AD79: =($E$36+$U$29) -> 2877.7851 | AE79: =IF(T79<$Y$58*$Y$57,AE78+AD79*100/1000*$Y$59,AE78) -> 3069.6375 | AF79: =U79*($E$37)/100 -> 1634.1797 | AG79: =V79*($E$37)/100 -> 1447.9939 | AH79: =W79*($E$37)/100 -> 1296.4021 | AI79: =IF(T79<$Y$58*$Z$57,AI78+AF79*100/1000*$AB$59,AI78) -> 1799.3234 | AJ79: =IF(T79<$Y$58*$Z$57,AJ78+AG79*100/1000*$AB$59,AJ78) -> 1696.1159 | AK79: =IF(T79<$Y$58*$Z$57,AK78+AH79*100/1000*$AB$59,AK78) -> 1608.8902 | AL79: =$E$37 -> 1740.5958 | AM79: =IF(T79<$Y$58*$Z$57,AM78+AL79*100/1000*$AB$59,AM78) -> 1856.6356
K80: a | L80: =1/L77*LN(L78/100) -> -4.2057662e-05 | M80: =IF(D52<M68,1/M77*LN(M78/100),1/L77*LN(M78/100)) -> -0.00012269895 | N80: =IF(D54<N68,1/N77*LN(N78/100),1/L77*LN(M78/100)) -> -0.00019642311 | T80: 1600 | U80: =100*EXP($L$80*$T80) -> 93.492192 | V80: =100*EXP($M$80*$T80) -> 82.175061 | W80: =100*EXP($N$80*$T80) -> 73.031672 | X80: =U80*($E$36+$U$29)/100 -> 2690.5044 | Y80: =V80*($E$36+$U$29)/100 -> 2364.8217 | Z80: =W80*($E$36+$U$29)/100 -> 2101.6946 | AA80: =IF(T80<$Y$58*$Y$57,AA79+X80*100/1000*$Y$59,AA79) -> 3154.2483 | AB80: =IF(T80<$Y$58*$Y$57,AB79+Y80*100/1000*$Y$59,AB79) -> 2961.8997 | AC80: =IF(T80<$Y$58*$Y$57,AC79+Z80*100/1000*$Y$59,AC79) -> 2800.1448 | AD80: =($E$36+$U$29) -> 2877.7851 | AE80: =IF(T80<$Y$58*$Y$57,AE79+AD80*100/1000*$Y$59,AE79) -> 3261.4898 | AF80: =U80*($E$37)/100 -> 1627.3212 | AG80: =V80*($E$37)/100 -> 1430.3357 | AH80: =W80*($E$37)/100 -> 1271.1862 | AI80: =IF(T80<$Y$58*$Z$57,AI79+AF80*100/1000*$AB$59,AI79) -> 1907.8115 | AJ80: =IF(T80<$Y$58*$Z$57,AJ79+AG80*100/1000*$AB$59,AJ79) -> 1791.4716 | AK80: =IF(T80<$Y$58*$Z$57,AK79+AH80*100/1000*$AB$59,AK79) -> 1693.636 | AL80: =$E$37 -> 1740.5958 | AM80: =IF(T80<$Y$58*$Z$57,AM79+AL80*100/1000*$AB$59,AM79) -> 1972.6753
T81: 1700 | U81: =100*EXP($L$80*$T81) -> 93.099812 | V81: =100*EXP($M$80*$T81) -> 81.172942 | W81: =100*EXP($N$80*$T81) -> 71.611158 | X81: =U81*($E$36+$U$29)/100 -> 2679.2125 | Y81: =V81*($E$36+$U$29)/100 -> 2335.9828 | Z81: =W81*($E$36+$U$29)/100 -> 2060.8152 | AA81: =IF(T81<$Y$58*$Y$57,AA80+X81*100/1000*$Y$59,AA80) -> 3332.8624 | AB81: =IF(T81<$Y$58*$Y$57,AB80+Y81*100/1000*$Y$59,AB80) -> 3117.6319 | AC81: =IF(T81<$Y$58*$Y$57,AC80+Z81*100/1000*$Y$59,AC80) -> 2937.5325 | AD81: =($E$36+$U$29) -> 2877.7851 | AE81: =IF(T81<$Y$58*$Y$57,AE80+AD81*100/1000*$Y$59,AE80) -> 3453.3421 | AF81: =U81*($E$37)/100 -> 1620.4914 | AG81: =V81*($E$37)/100 -> 1412.8928 | AH81: =W81*($E$37)/100 -> 1246.4608 | AI81: =IF(T81<$Y$58*$Z$57,AI80+AF81*100/1000*$AB$59,AI80) -> 2015.8442 | AJ81: =IF(T81<$Y$58*$Z$57,AJ80+AG81*100/1000*$AB$59,AJ80) -> 1885.6645 | AK81: =IF(T81<$Y$58*$Z$57,AK80+AH81*100/1000*$AB$59,AK80) -> 1776.7334 | AL81: =$E$37 -> 1740.5958 | AM81: =IF(T81<$Y$58*$Z$57,AM80+AL81*100/1000*$AB$59,AM80) -> 2088.715
K82: 0 | L82: =100*EXP($L$80*$K82) -> 100 | M82: =100*EXP($M$80*$K82) -> 100 | N82: =100*EXP($N$80*$K82) -> 100 | T82: 1800 | U82: =100*EXP($L$80*$T82) -> 92.709078 | V82: =100*EXP($M$80*$T82) -> 80.183044 | W82: =100*EXP($N$80*$T82) -> 70.218274 | X82: =U82*($E$36+$U$29)/100 -> 2667.968 | Y82: =V82*($E$36+$U$29)/100 -> 2307.4957 | Z82: =W82*($E$36+$U$29)/100 -> 2020.731 | AA82: =IF(T82<$Y$58*$Y$57,AA81+X82*100/1000*$Y$59,AA81) -> 3510.727 | AB82: =IF(T82<$Y$58*$Y$57,AB81+Y82*100/1000*$Y$59,AB81) -> 3271.465 | AC82: =IF(T82<$Y$58*$Y$57,AC81+Z82*100/1000*$Y$59,AC81) -> 3072.2479 | AD82: =($E$36+$U$29) -> 2877.7851 | AE82: =IF(T82<$Y$58*$Y$57,AE81+AD82*100/1000*$Y$59,AE81) -> 3645.1945 | AF82: =U82*($E$37)/100 -> 1613.6903 | AG82: =V82*($E$37)/100 -> 1395.6627 | AH82: =W82*($E$37)/100 -> 1222.2163 | AI82: =IF(T82<$Y$58*$Z$57,AI81+AF82*100/1000*$AB$59,AI81) -> 2123.4236 | AJ82: =IF(T82<$Y$58*$Z$57,AJ81+AG82*100/1000*$AB$59,AJ81) -> 1978.7087 | AK82: =IF(T82<$Y$58*$Z$57,AK81+AH82*100/1000*$AB$59,AK81) -> 1858.2144 | AL82: =$E$37 -> 1740.5958 | AM82: =IF(T82<$Y$58*$Z$57,AM81+AL82*100/1000*$AB$59,AM81) -> 2204.7547
K83: 100 | L83: =100*EXP($L$80*$K83) -> 99.580307 | M83: =100*EXP($M$80*$K83) -> 98.780507 | N83: =100*EXP($N$80*$K83) -> 98.054934 | T83: 1900 | U83: =100*EXP($L$80*$T83) -> 92.319984 | V83: =100*EXP($M$80*$T83) -> 79.205218 | W83: =100*EXP($N$80*$T83) -> 68.852482 | X83: =U83*($E$36+$U$29)/100 -> 2656.7707 | Y83: =V83*($E$36+$U$29)/100 -> 2279.356 | Z83: =W83*($E$36+$U$29)/100 -> 1981.4265 | AA83: =IF(T83<$Y$58*$Y$57,AA82+X83*100/1000*$Y$59,AA82) -> 3687.845 | AB83: =IF(T83<$Y$58*$Y$57,AB82+Y83*100/1000*$Y$59,AB82) -> 3423.422 | AC83: =IF(T83<$Y$58*$Y$57,AC82+Z83*100/1000*$Y$59,AC82) -> 3204.343 | AD83: =($E$36+$U$29) -> 2877.7851 | AE83: =IF(T83<$Y$58*$Y$57,AE82+AD83*100/1000*$Y$59,AE82) -> 3837.0468 | AF83: =U83*($E$37)/100 -> 1606.9178 | AG83: =V83*($E$37)/100 -> 1378.6427 | AH83: =W83*($E$37)/100 -> 1198.4434 | AI83: =IF(T83<$Y$58*$Z$57,AI82+AF83*100/1000*$AB$59,AI82) -> 2230.5514 | AJ83: =IF(T83<$Y$58*$Z$57,AJ82+AG83*100/1000*$AB$59,AJ82) -> 2070.6182 | AK83: =IF(T83<$Y$58*$Z$57,AK82+AH83*100/1000*$AB$59,AK82) -> 1938.1107 | AL83: =$E$37 -> 1740.5958 | AM83: =IF(T83<$Y$58*$Z$57,AM82+AL83*100/1000*$AB$59,AM82) -> 2320.7944
K84: 500 | L84: =100*EXP($L$80*$K84) -> 97.919073 | M84: =100*EXP($M$80*$K84) -> 94.04945 | N84: =100*EXP($N$80*$K84) -> 90.645712 | T84: 2000 | U84: =100*EXP($L$80*$T84) -> 91.932523 | V84: =100*EXP($M$80*$T84) -> 78.239316 | W84: =100*EXP($N$80*$T84) -> 67.513256 | X84: =U84*($E$36+$U$29)/100 -> 2645.6205 | Y84: =V84*($E$36+$U$29)/100 -> 2251.5594 | Z84: =W84*($E$36+$U$29)/100 -> 1942.8864 | AA84: =IF(T84<$Y$58*$Y$57,AA83+X84*100/1000*$Y$59,AA83) -> 3864.2197 | AB84: =IF(T84<$Y$58*$Y$57,AB83+Y84*100/1000*$Y$59,AB83) -> 3573.526 | AC84: =IF(T84<$Y$58*$Y$57,AC83+Z84*100/1000*$Y$59,AC83) -> 3333.8687 | AD84: =($E$36+$U$29) -> 2877.7851 | AE84: =IF(T84<$Y$58*$Y$57,AE83+AD84*100/1000*$Y$59,AE83) -> 4028.8992 | AF84: =U84*($E$37)/100 -> 1600.1737 | AG84: =V84*($E$37)/100 -> 1361.8303 | AH84: =W84*($E$37)/100 -> 1175.1329 | AI84: =IF(T84<$Y$58*$Z$57,AI83+AF84*100/1000*$AB$59,AI83) -> 2337.2297 | AJ84: =IF(T84<$Y$58*$Z$57,AJ83+AG84*100/1000*$AB$59,AJ83) -> 2161.4069 | AK84: =IF(T84<$Y$58*$Z$57,AK83+AH84*100/1000*$AB$59,AK83) -> 2016.4529 | AL84: =$E$37 -> 1740.5958 | AM84: =IF(T84<$Y$58*$Z$57,AM83+AL84*100/1000*$AB$59,AM83) -> 2436.8342
K85: 750 | L85: =100*EXP($L$80*$K85) -> 96.894905 | M85: =100*EXP($M$80*$K85) -> 91.208306 | N85: =100*EXP($N$80*$K85) -> 86.302007 | T85: 2100 | U85: =100*EXP($L$80*$T85) -> 91.546688 | V85: =100*EXP($M$80*$T85) -> 77.285193 | W85: =100*EXP($N$80*$T85) -> 66.200079 | X85: =U85*($E$36+$U$29)/100 -> 2634.517 | Y85: =V85*($E$36+$U$29)/100 -> 2224.1018 | Z85: =W85*($E$36+$U$29)/100 -> 1905.096 | AA85: =IF(T85<$Y$58*$Y$57,AA84+X85*100/1000*$Y$59,AA84) -> 4039.8542 | AB85: =IF(T85<$Y$58*$Y$57,AB84+Y85*100/1000*$Y$59,AB84) -> 3721.7995 | AC85: =IF(T85<$Y$58*$Y$57,AC84+Z85*100/1000*$Y$59,AC84) -> 3460.8751 | AD85: =($E$36+$U$29) -> 2877.7851 | AE85: =IF(T85<$Y$58*$Y$57,AE84+AD85*100/1000*$Y$59,AE84) -> 4220.7515 | AF85: =U85*($E$37)/100 -> 1593.4578 | AG85: =V85*($E$37)/100 -> 1345.2229 | AH85: =W85*($E$37)/100 -> 1152.2758 | AI85: =IF(T85<$Y$58*$Z$57,AI84+AF85*100/1000*$AB$59,AI84) -> 2443.4602 | AJ85: =IF(T85<$Y$58*$Z$57,AJ84+AG85*100/1000*$AB$59,AJ84) -> 2251.0884 | AK85: =IF(T85<$Y$58*$Z$57,AK84+AH85*100/1000*$AB$59,AK84) -> 2093.2713 | AL85: =$E$37 -> 1740.5958 | AM85: =IF(T85<$Y$58*$Z$57,AM84+AL85*100/1000*$AB$59,AM84) -> 2552.8739
K86: 1000 | L86: =100*EXP($L$80*$K86) -> 95.881449 | M86: =100*EXP($M$80*$K86) -> 88.452991 | N86: =100*EXP($N$80*$K86) -> 82.166451 | T86: 2200 | U86: =100*EXP($L$80*$T86) -> 91.162473 | V86: =100*EXP($M$80*$T86) -> 76.342706 | W86: =100*EXP($N$80*$T86) -> 64.912444 | X86: =U86*($E$36+$U$29)/100 -> 2623.4601 | Y86: =V86*($E$36+$U$29)/100 -> 2196.979 | Z86: =W86*($E$36+$U$29)/100 -> 1868.0406 | AA86: =IF(T86<$Y$58*$Y$57,AA85+X86*100/1000*$Y$59,AA85) -> 4214.7515 | AB86: =IF(T86<$Y$58*$Y$57,AB85+Y86*100/1000*$Y$59,AB85) -> 3868.2647 | AC86: =IF(T86<$Y$58*$Y$57,AC85+Z86*100/1000*$Y$59,AC85) -> 3585.4112 | AD86: =($E$36+$U$29) -> 2877.7851 | AE86: =IF(T86<$Y$58*$Y$57,AE85+AD86*100/1000*$Y$59,AE85) -> 4412.6038 | AF86: =U86*($E$37)/100 -> 1586.7702 | AG86: =V86*($E$37)/100 -> 1328.818 | AH86: =W86*($E$37)/100 -> 1129.8633 | AI86: =IF(T86<$Y$58*$Z$57,AI85+AF86*100/1000*$AB$59,AI85) -> 2549.2449 | AJ86: =IF(T86<$Y$58*$Z$57,AJ85+AG86*100/1000*$AB$59,AJ85) -> 2339.6762 | AK86: =IF(T86<$Y$58*$Z$57,AK85+AH86*100/1000*$AB$59,AK85) -> 2168.5955 | AL86: =$E$37 -> 1740.5958 | AM86: =IF(T86<$Y$58*$Z$57,AM85+AL86*100/1000*$AB$59,AM85) -> 2668.9136
K87: 1500 | L87: =100*EXP($L$80*$K87) -> 93.886226 | M87: =100*EXP($M$80*$K87) -> 83.189552 | N87: =100*EXP($N$80*$K87) -> 74.480364 | T87: 2300 | U87: =100*EXP($L$80*$T87) -> 90.77987 | V87: =100*EXP($M$80*$T87) -> 75.411712 | W87: =100*EXP($N$80*$T87) -> 63.649854 | X87: =U87*($E$36+$U$29)/100 -> 2612.4496 | Y87: =V87*($E$36+$U$29)/100 -> 2170.187 | Z87: =W87*($E$36+$U$29)/100 -> 1831.706 | AA87: =IF(T87<$Y$58*$Y$57,AA86+X87*100/1000*$Y$59,AA86) -> 4388.9148 | AB87: =IF(T87<$Y$58*$Y$57,AB86+Y87*100/1000*$Y$59,AB86) -> 4012.9439 | AC87: =IF(T87<$Y$58*$Y$57,AC86+Z87*100/1000*$Y$59,AC86) -> 3707.5249 | AD87: =($E$36+$U$29) -> 2877.7851 | AE87: =IF(T87<$Y$58*$Y$57,AE86+AD87*100/1000*$Y$59,AE86) -> 4604.4562 | AF87: =U87*($E$37)/100 -> 1580.1106 | AG87: =V87*($E$37)/100 -> 1312.6131 | AH87: =W87*($E$37)/100 -> 1107.8867 | AI87: =IF(T87<$Y$58*$Z$57,AI86+AF87*100/1000*$AB$59,AI86) -> 2654.5856 | AJ87: =IF(T87<$Y$58*$Z$57,AJ86+AG87*100/1000*$AB$59,AJ86) -> 2427.1838 | AK87: =IF(T87<$Y$58*$Z$57,AK86+AH87*100/1000*$AB$59,AK86) -> 2242.4546 | AL87: =$E$37 -> 1740.5958 | AM87: =IF(T87<$Y$58*$Z$57,AM86+AL87*100/1000*$AB$59,AM86) -> 2784.9533
K88: 2000 | L88: =100*EXP($L$80*$K88) -> 91.932523 | M88: =100*EXP($M$80*$K88) -> 78.239316 | N88: =100*EXP($N$80*$K88) -> 67.513256 | T88: 2400 | U88: =100*EXP($L$80*$T88) -> 90.398873 | V88: =100*EXP($M$80*$T88) -> 74.492072 | W88: =100*EXP($N$80*$T88) -> 62.411822 | X88: =U88*($E$36+$U$29)/100 -> 2601.4853 | Y88: =V88*($E$36+$U$29)/100 -> 2143.7217 | Z88: =W88*($E$36+$U$29)/100 -> 1796.0781 | AA88: =IF(T88<$Y$58*$Y$57,AA87+X88*100/1000*$Y$59,AA87) -> 4562.3472 | AB88: =IF(T88<$Y$58*$Y$57,AB87+Y88*100/1000*$Y$59,AB87) -> 4155.8586 | AC88: =IF(T88<$Y$58*$Y$57,AC87+Z88*100/1000*$Y$59,AC87) -> 3827.2635 | AD88: =($E$36+$U$29) -> 2877.7851 | AE88: =IF(T88<$Y$58*$Y$57,AE87+AD88*100/1000*$Y$59,AE87) -> 4796.3085 | AF88: =U88*($E$37)/100 -> 1573.479 | AG88: =V88*($E$37)/100 -> 1296.6059 | AH88: =W88*($E$37)/100 -> 1086.3376 | AI88: =IF(T88<$Y$58*$Z$57,AI87+AF88*100/1000*$AB$59,AI87) -> 2759.4842 | AJ88: =IF(T88<$Y$58*$Z$57,AJ87+AG88*100/1000*$AB$59,AJ87) -> 2513.6242 | AK88: =IF(T88<$Y$58*$Z$57,AK87+AH88*100/1000*$AB$59,AK87) -> 2314.8771 | AL88: =$E$37 -> 1740.5958 | AM88: =IF(T88<$Y$58*$Z$57,AM87+AL88*100/1000*$AB$59,AM87) -> 2900.9931
B89: Abb 3 Prognostizierte Reduktion des Wärmestroms über den Wärmeübertrager | T89: 2500 | U89: =100*EXP($L$80*$T89) -> 90.019474 | V89: =100*EXP($M$80*$T89) -> 73.583646 | W89: =100*EXP($N$80*$T89) -> 61.197871 | X89: =U89*($E$36+$U$29)/100 -> 2590.567 | Y89: =V89*($E$36+$U$29)/100 -> 2117.5792 | Z89: =W89*($E$36+$U$29)/100 -> 1761.1432 | AA89: =IF(T89<$Y$58*$Y$57,AA88+X89*100/1000*$Y$59,AA88) -> 4735.0517 | AB89: =IF(T89<$Y$58*$Y$57,AB88+Y89*100/1000*$Y$59,AB88) -> 4297.0306 | AC89: =IF(T89<$Y$58*$Y$57,AC88+Z89*100/1000*$Y$59,AC88) -> 3944.673 | AD89: =($E$36+$U$29) -> 2877.7851 | AE89: =IF(T89<$Y$58*$Y$57,AE88+AD89*100/1000*$Y$59,AE88) -> 4988.1609 | AF89: =U89*($E$37)/100 -> 1566.8752 | AG89: =V89*($E$37)/100 -> 1280.7939 | AH89: =W89*($E$37)/100 -> 1065.2076 | AI89: =IF(T89<$Y$58*$Z$57,AI88+AF89*100/1000*$AB$59,AI88) -> 2863.9425 | AJ89: =IF(T89<$Y$58*$Z$57,AJ88+AG89*100/1000*$AB$59,AJ88) -> 2599.0104 | AK89: =IF(T89<$Y$58*$Z$57,AK88+AH89*100/1000*$AB$59,AK88) -> 2385.8909 | AL89: =$E$37 -> 1740.5958 | AM89: =IF(T89<$Y$58*$Z$57,AM88+AL89*100/1000*$AB$59,AM88) -> 3017.0328
T90: 2600 | U90: =100*EXP($L$80*$T90) -> 89.641669 | V90: =100*EXP($M$80*$T90) -> 72.686299 | W90: =100*EXP($N$80*$T90) -> 60.007533 | X90: =U90*($E$36+$U$29)/100 -> 2579.6946 | Y90: =V90*($E$36+$U$29)/100 -> 2091.7555 | Z90: =W90*($E$36+$U$29)/100 -> 1726.8878 | AA90: =IF(T90<$Y$58*$Y$57,AA89+X90*100/1000*$Y$59,AA89) -> 4907.0313 | AB90: =IF(T90<$Y$58*$Y$57,AB89+Y90*100/1000*$Y$59,AB89) -> 4436.481 | AC90: =IF(T90<$Y$58*$Y$57,AC89+Z90*100/1000*$Y$59,AC89) -> 4059.7989 | AD90: =($E$36+$U$29) -> 2877.7851 | AE90: =IF(T90<$Y$58*$Y$57,AE89+AD90*100/1000*$Y$59,AE89) -> 5180.0132 | AF90: =U90*($E$37)/100 -> 1560.2991 | AG90: =V90*($E$37)/100 -> 1265.1747 | AH90: =W90*($E$37)/100 -> 1044.4886 | AI90: =IF(T90<$Y$58*$Z$57,AI89+AF90*100/1000*$AB$59,AI89) -> 2967.9625 | AJ90: =IF(T90<$Y$58*$Z$57,AJ89+AG90*100/1000*$AB$59,AJ89) -> 2683.3554 | AK90: =IF(T90<$Y$58*$Z$57,AK89+AH90*100/1000*$AB$59,AK89) -> 2455.5235 | AL90: =$E$37 -> 1740.5958 | AM90: =IF(T90<$Y$58*$Z$57,AM89+AL90*100/1000*$AB$59,AM89) -> 3133.0725
B91: Prognose Reduktion Wärmestrom bei gewählter Betriebszeit | J91: TRUE | K91: 5000 | L91: =100*EXP($L$80*$K91) -> 81.035058 | M91: =100*EXP($M$80*$K91) -> 54.14553 | N91: =100*EXP($N$80*$K91) -> 37.451795 | T91: 2700 | U91: =100*EXP($L$80*$T91) -> 89.265448 | V91: =100*EXP($M$80*$T91) -> 71.799895 | W91: =100*EXP($N$80*$T91) -> 58.840347 | X91: =U91*($E$36+$U$29)/100 -> 2568.8678 | Y91: =V91*($E$36+$U$29)/100 -> 2066.2467 | Z91: =W91*($E$36+$U$29)/100 -> 1693.2987 | AA91: =IF(T91<$Y$58*$Y$57,AA90+X91*100/1000*$Y$59,AA90) -> 5078.2892 | AB91: =IF(T91<$Y$58*$Y$57,AB90+Y91*100/1000*$Y$59,AB90) -> 4574.2307 | AC91: =IF(T91<$Y$58*$Y$57,AC90+Z91*100/1000*$Y$59,AC90) -> 4172.6854 | AD91: =($E$36+$U$29) -> 2877.7851 | AE91: =IF(T91<$Y$58*$Y$57,AE90+AD91*100/1000*$Y$59,AE90) -> 5371.8655 | AF91: =U91*($E$37)/100 -> 1553.7507 | AG91: =V91*($E$37)/100 -> 1249.746 | AH91: =W91*($E$37)/100 -> 1024.1726 | AI91: =IF(T91<$Y$58*$Z$57,AI90+AF91*100/1000*$AB$59,AI90) -> 3071.5459 | AJ91: =IF(T91<$Y$58*$Z$57,AJ90+AG91*100/1000*$AB$59,AJ90) -> 2766.6718 | AK91: =IF(T91<$Y$58*$Z$57,AK90+AH91*100/1000*$AB$59,AK90) -> 2523.8017 | AL91: =$E$37 -> 1740.5958 | AM91: =IF(T91<$Y$58*$Z$57,AM90+AL91*100/1000*$AB$59,AM90) -> 3249.1122
K92: 10000 | L92: =100*EXP($L$80*$K92) -> 65.666806 | M92: =100*EXP($M$80*$K92) -> 29.317384 | N92: =100*EXP($N$80*$K92) -> 14.026369 | T92: 2800 | U92: =100*EXP($L$80*$T92) -> 88.890807 | V92: =100*EXP($M$80*$T92) -> 70.924301 | W92: =100*EXP($N$80*$T92) -> 57.695863 | X92: =U92*($E$36+$U$29)/100 -> 2558.0864 | Y92: =V92*($E$36+$U$29)/100 -> 2041.049 | Z92: =W92*($E$36+$U$29)/100 -> 1660.363 | AA92: =IF(T92<$Y$58*$Y$57,AA91+X92*100/1000*$Y$59,AA91) -> 5248.8282 | AB92: =IF(T92<$Y$58*$Y$57,AB91+Y92*100/1000*$Y$59,AB91) -> 4710.3007 | AC92: =IF(T92<$Y$58*$Y$57,AC91+Z92*100/1000*$Y$59,AC91) -> 4283.3763 | AD92: =($E$36+$U$29) -> 2877.7851 | AE92: =IF(T92<$Y$58*$Y$57,AE91+AD92*100/1000*$Y$59,AE91) -> 5563.7179 | AF92: =U92*($E$37)/100 -> 1547.2297 | AG92: =V92*($E$37)/100 -> 1234.5054 | AH92: =W92*($E$37)/100 -> 1004.2518 | AI92: =IF(T92<$Y$58*$Z$57,AI91+AF92*100/1000*$AB$59,AI91) -> 3174.6945 | AJ92: =IF(T92<$Y$58*$Z$57,AJ91+AG92*100/1000*$AB$59,AJ91) -> 2848.9722 | AK92: =IF(T92<$Y$58*$Z$57,AK91+AH92*100/1000*$AB$59,AK91) -> 2590.7518 | AL92: =$E$37 -> 1740.5958 | AM92: =IF(T92<$Y$58*$Z$57,AM91+AL92*100/1000*$AB$59,AM91) -> 3365.1519
B93: Betriebszeit pro Jahr: | D93: Hilfsrechnung Betriebsstunden: | K93: 30000 | L93: =100*EXP($L$80*$K93) -> 28.316376 | M93: =100*EXP($M$80*$K93) -> 2.5198556 | N93: =100*EXP($N$80*$K93) -> 0.27595343 | T93: 2900 | U93: =100*EXP($L$80*$T93) -> 88.517738 | V93: =100*EXP($M$80*$T93) -> 70.059384 | W93: =100*EXP($N$80*$T93) -> 56.573641 | X93: =U93*($E$36+$U$29)/100 -> 2547.3503 | Y93: =V93*($E$36+$U$29)/100 -> 2016.1585 | Z93: =W93*($E$36+$U$29)/100 -> 1628.0678 | AA93: =IF(T93<$Y$58*$Y$57,AA92+X93*100/1000*$Y$59,AA92) -> 5418.6516 | AB93: =IF(T93<$Y$58*$Y$57,AB92+Y93*100/1000*$Y$59,AB92) -> 4844.7112 | AC93: =IF(T93<$Y$58*$Y$57,AC92+Z93*100/1000*$Y$59,AC92) -> 4391.9142 | AD93: =($E$36+$U$29) -> 2877.7851 | AE93: =IF(T93<$Y$58*$Y$57,AE92+AD93*100/1000*$Y$59,AE92) -> 5755.5702 | AF93: =U93*($E$37)/100 -> 1540.7361 | AG93: =V93*($E$37)/100 -> 1219.4507 | AH93: =W93*($E$37)/100 -> 984.71843 | AI93: =IF(T93<$Y$58*$Z$57,AI92+AF93*100/1000*$AB$59,AI92) -> 3277.4102 | AJ93: =IF(T93<$Y$58*$Z$57,AJ92+AG93*100/1000*$AB$59,AJ92) -> 2930.2689 | AK93: =IF(T93<$Y$58*$Z$57,AK92+AH93*100/1000*$AB$59,AK92) -> 2656.3997 | AL93: =$E$37 -> 1740.5958 | AM93: =IF(T93<$Y$58*$Z$57,AM92+AL93*100/1000*$AB$59,AM92) -> 3481.1917
B94: 6000 | D94: Nutzungsdauer in Monaten: | F94: 6 | G94: =IF(AND(F94>0,F94<=12),"Wert vorhanden","Wert zwischen 0 und 12 eintragen") -> Wert vorhanden | T94: 3000 | U94: =100*EXP($L$80*$T94) -> 88.146235 | V94: =100*EXP($M$80*$T94) -> 69.205015 | W94: =100*EXP($N$80*$T94) -> 55.473246 | X94: =U94*($E$36+$U$29)/100 -> 2536.6592 | Y94: =V94*($E$36+$U$29)/100 -> 1991.5716 | Z94: =W94*($E$36+$U$29)/100 -> 1596.4008 | AA94: =IF(T94<$Y$58*$Y$57,AA93+X94*100/1000*$Y$59,AA93) -> 5418.6516 | AB94: =IF(T94<$Y$58*$Y$57,AB93+Y94*100/1000*$Y$59,AB93) -> 4844.7112 | AC94: =IF(T94<$Y$58*$Y$57,AC93+Z94*100/1000*$Y$59,AC93) -> 4391.9142 | AD94: =($E$36+$U$29) -> 2877.7851 | AE94: =IF(T94<$Y$58*$Y$57,AE93+AD94*100/1000*$Y$59,AE93) -> 5755.5702 | AF94: =U94*($E$37)/100 -> 1534.2697 | AG94: =V94*($E$37)/100 -> 1204.5796 | AH94: =W94*($E$37)/100 -> 965.56501 | AI94: =IF(T94<$Y$58*$Z$57,AI93+AF94*100/1000*$AB$59,AI93) -> 3277.4102 | AJ94: =IF(T94<$Y$58*$Z$57,AJ93+AG94*100/1000*$AB$59,AJ93) -> 2930.2689 | AK94: =IF(T94<$Y$58*$Z$57,AK93+AH94*100/1000*$AB$59,AK93) -> 2656.3997 | AL94: =$E$37 -> 1740.5958 | AM94: =IF(T94<$Y$58*$Z$57,AM93+AL94*100/1000*$AB$59,AM93) -> 3481.1917
B95: =IF(B94>=(Eingabe!J49+Eingabe!K49),"Wert vorhanden","Wert geringer als Summe der Volllaststunden Heizen/Kühlen") -> Wert vorhanden | D95: Nutzungsdauer pro Tag: | F95: 23 | G95: =IF(AND(F95>0,F95<=24),"Wert vorhanden","Wert zwischen 0 und 24 h eintragen") -> Wert vorhanden | T95: 3100 | U95: =100*EXP($L$80*$T95) -> 87.776291 | V95: =100*EXP($M$80*$T95) -> 68.361065 | W95: =100*EXP($N$80*$T95) -> 54.394255 | X95: =U95*($E$36+$U$29)/100 -> 2526.013 | Y95: =V95*($E$36+$U$29)/100 -> 1967.2845 | Z95: =W95*($E$36+$U$29)/100 -> 1565.3498 | AA95: =IF(T95<$Y$58*$Y$57,AA94+X95*100/1000*$Y$59,AA94) -> 5418.6516 | AB95: =IF(T95<$Y$58*$Y$57,AB94+Y95*100/1000*$Y$59,AB94) -> 4844.7112 | AC95: =IF(T95<$Y$58*$Y$57,AC94+Z95*100/1000*$Y$59,AC94) -> 4391.9142 | AD95: =($E$36+$U$29) -> 2877.7851 | AE95: =IF(T95<$Y$58*$Y$57,AE94+AD95*100/1000*$Y$59,AE94) -> 5755.5702 | AF95: =U95*($E$37)/100 -> 1527.8305 | AG95: =V95*($E$37)/100 -> 1189.8898 | AH95: =W95*($E$37)/100 -> 946.78413 | AI95: =IF(T95<$Y$58*$Z$57,AI94+AF95*100/1000*$AB$59,AI94) -> 3277.4102 | AJ95: =IF(T95<$Y$58*$Z$57,AJ94+AG95*100/1000*$AB$59,AJ94) -> 2930.2689 | AK95: =IF(T95<$Y$58*$Z$57,AK94+AH95*100/1000*$AB$59,AK94) -> 2656.3997 | AL95: =$E$37 -> 1740.5958 | AM95: =IF(T95<$Y$58*$Z$57,AM94+AL95*100/1000*$AB$59,AM94) -> 3481.1917
T96: 3200 | U96: =100*EXP($L$80*$T96) -> 87.4079 | V96: =100*EXP($M$80*$T96) -> 67.527407 | W96: =100*EXP($N$80*$T96) -> 53.336251 | X96: =U96*($E$36+$U$29)/100 -> 2515.4115 | Y96: =V96*($E$36+$U$29)/100 -> 1943.2937 | Z96: =W96*($E$36+$U$29)/100 -> 1534.9027 | AA96: =IF(T96<$Y$58*$Y$57,AA95+X96*100/1000*$Y$59,AA95) -> 5418.6516 | AB96: =IF(T96<$Y$58*$Y$57,AB95+Y96*100/1000*$Y$59,AB95) -> 4844.7112 | AC96: =IF(T96<$Y$58*$Y$57,AC95+Z96*100/1000*$Y$59,AC95) -> 4391.9142 | AD96: =($E$36+$U$29) -> 2877.7851 | AE96: =IF(T96<$Y$58*$Y$57,AE95+AD96*100/1000*$Y$59,AE95) -> 5755.5702 | AF96: =U96*($E$37)/100 -> 1521.4183 | AG96: =V96*($E$37)/100 -> 1175.3792 | AH96: =W96*($E$37)/100 -> 928.36856 | AI96: =IF(T96<$Y$58*$Z$57,AI95+AF96*100/1000*$AB$59,AI95) -> 3277.4102 | AJ96: =IF(T96<$Y$58*$Z$57,AJ95+AG96*100/1000*$AB$59,AJ95) -> 2930.2689 | AK96: =IF(T96<$Y$58*$Z$57,AK95+AH96*100/1000*$AB$59,AK95) -> 2656.3997 | AL96: =$E$37 -> 1740.5958 | AM96: =IF(T96<$Y$58*$Z$57,AM95+AL96*100/1000*$AB$59,AM95) -> 3481.1917
K97: oberer Grenzwert | L97: =(100*EXP(L80*B94)-100)/100 -> -0.22302412 | M97: =100*EXP(L80*B94) -> 77.697588 | T97: 3300 | U97: =100*EXP($L$80*$T97) -> 87.041055 | V97: =100*EXP($M$80*$T97) -> 66.703915 | W97: =100*EXP($N$80*$T97) -> 52.298826 | X97: =U97*($E$36+$U$29)/100 -> 2504.8545 | Y97: =V97*($E$36+$U$29)/100 -> 1919.5953 | Z97: =W97*($E$36+$U$29)/100 -> 1505.0478 | AA97: =IF(T97<$Y$58*$Y$57,AA96+X97*100/1000*$Y$59,AA96) -> 5418.6516 | AB97: =IF(T97<$Y$58*$Y$57,AB96+Y97*100/1000*$Y$59,AB96) -> 4844.7112 | AC97: =IF(T97<$Y$58*$Y$57,AC96+Z97*100/1000*$Y$59,AC96) -> 4391.9142 | AD97: =($E$36+$U$29) -> 2877.7851 | AE97: =IF(T97<$Y$58*$Y$57,AE96+AD97*100/1000*$Y$59,AE96) -> 5755.5702 | AF97: =U97*($E$37)/100 -> 1515.033 | AG97: =V97*($E$37)/100 -> 1161.0456 | AH97: =W97*($E$37)/100 -> 910.31118 | AI97: =IF(T97<$Y$58*$Z$57,AI96+AF97*100/1000*$AB$59,AI96) -> 3277.4102 | AJ97: =IF(T97<$Y$58*$Z$57,AJ96+AG97*100/1000*$AB$59,AJ96) -> 2930.2689 | AK97: =IF(T97<$Y$58*$Z$57,AK96+AH97*100/1000*$AB$59,AK96) -> 2656.3997 | AL97: =$E$37 -> 1740.5958 | AM97: =IF(T97<$Y$58*$Z$57,AM96+AL97*100/1000*$AB$59,AM96) -> 3481.1917
B98: Reduktion des Wärmestroms | D98: Ungefähre Betriebszeit pro Jahr | F98: =F94*30*F95 -> 4140 | T98: 3400 | U98: =100*EXP($L$80*$T98) -> 86.675749 | V98: =100*EXP($M$80*$T98) -> 65.890465 | W98: =100*EXP($N$80*$T98) -> 51.281579 | X98: =U98*($E$36+$U$29)/100 -> 2494.3418 | Y98: =V98*($E$36+$U$29)/100 -> 1896.186 | Z98: =W98*($E$36+$U$29)/100 -> 1475.7736 | AA98: =IF(T98<$Y$58*$Y$57,AA97+X98*100/1000*$Y$59,AA97) -> 5418.6516 | AB98: =IF(T98<$Y$58*$Y$57,AB97+Y98*100/1000*$Y$59,AB97) -> 4844.7112 | AC98: =IF(T98<$Y$58*$Y$57,AC97+Z98*100/1000*$Y$59,AC97) -> 4391.9142 | AD98: =($E$36+$U$29) -> 2877.7851 | AE98: =IF(T98<$Y$58*$Y$57,AE97+AD98*100/1000*$Y$59,AE97) -> 5755.5702 | AF98: =U98*($E$37)/100 -> 1508.6745 | AG98: =V98*($E$37)/100 -> 1146.8867 | AH98: =W98*($E$37)/100 -> 892.60503 | AI98: =IF(T98<$Y$58*$Z$57,AI97+AF98*100/1000*$AB$59,AI97) -> 3277.4102 | AJ98: =IF(T98<$Y$58*$Z$57,AJ97+AG98*100/1000*$AB$59,AJ97) -> 2930.2689 | AK98: =IF(T98<$Y$58*$Z$57,AK97+AH98*100/1000*$AB$59,AK97) -> 2656.3997 | AL98: =$E$37 -> 1740.5958 | AM98: =IF(T98<$Y$58*$Z$57,AM97+AL98*100/1000*$AB$59,AM97) -> 3481.1917
B99: um | C99: =(100*EXP(M80*B94)-100)/100 -> -0.52106659 | T99: 3500 | U99: =100*EXP($L$80*$T99) -> 86.311977 | V99: =100*EXP($M$80*$T99) -> 65.086936 | W99: =100*EXP($N$80*$T99) -> 50.284119 | X99: =U99*($E$36+$U$29)/100 -> 2483.8732 | Y99: =V99*($E$36+$U$29)/100 -> 1873.0622 | Z99: =W99*($E$36+$U$29)/100 -> 1447.0689 | AA99: =IF(T99<$Y$58*$Y$57,AA98+X99*100/1000*$Y$59,AA98) -> 5418.6516 | AB99: =IF(T99<$Y$58*$Y$57,AB98+Y99*100/1000*$Y$59,AB98) -> 4844.7112 | AC99: =IF(T99<$Y$58*$Y$57,AC98+Z99*100/1000*$Y$59,AC98) -> 4391.9142 | AD99: =($E$36+$U$29) -> 2877.7851 | AE99: =IF(T99<$Y$58*$Y$57,AE98+AD99*100/1000*$Y$59,AE98) -> 5755.5702 | AF99: =U99*($E$37)/100 -> 1502.3427 | AG99: =V99*($E$37)/100 -> 1132.9005 | AH99: =W99*($E$37)/100 -> 875.24328 | AI99: =IF(T99<$Y$58*$Z$57,AI98+AF99*100/1000*$AB$59,AI98) -> 3277.4102 | AJ99: =IF(T99<$Y$58*$Z$57,AJ98+AG99*100/1000*$AB$59,AJ98) -> 2930.2689 | AK99: =IF(T99<$Y$58*$Z$57,AK98+AH99*100/1000*$AB$59,AK98) -> 2656.3997 | AL99: =$E$37 -> 1740.5958 | AM99: =IF(T99<$Y$58*$Z$57,AM98+AL99*100/1000*$AB$59,AM98) -> 3481.1917
B100: bis | C100: =(100*EXP(N80*B94)-100)/100 -> -0.6922719 | T100: 3600 | U100: =100*EXP($L$80*$T100) -> 85.949731 | V100: =100*EXP($M$80*$T100) -> 64.293205 | W100: =100*EXP($N$80*$T100) -> 49.30606 | X100: =U100*($E$36+$U$29)/100 -> 2473.4486 | Y100: =V100*($E$36+$U$29)/100 -> 1850.2203 | Z100: =W100*($E$36+$U$29)/100 -> 1418.9224 | AA100: =IF(T100<$Y$58*$Y$57,AA99+X100*100/1000*$Y$59,AA99) -> 5418.6516 | AB100: =IF(T100<$Y$58*$Y$57,AB99+Y100*100/1000*$Y$59,AB99) -> 4844.7112 | AC100: =IF(T100<$Y$58*$Y$57,AC99+Z100*100/1000*$Y$59,AC99) -> 4391.9142 | AD100: =($E$36+$U$29) -> 2877.7851 | AE100: =IF(T100<$Y$58*$Y$57,AE99+AD100*100/1000*$Y$59,AE99) -> 5755.5702 | AF100: =U100*($E$37)/100 -> 1496.0374 | AG100: =V100*($E$37)/100 -> 1119.0849 | AH100: =W100*($E$37)/100 -> 858.21922 | AI100: =IF(T100<$Y$58*$Z$57,AI99+AF100*100/1000*$AB$59,AI99) -> 3277.4102 | AJ100: =IF(T100<$Y$58*$Z$57,AJ99+AG100*100/1000*$AB$59,AJ99) -> 2930.2689 | AK100: =IF(T100<$Y$58*$Z$57,AK99+AH100*100/1000*$AB$59,AK99) -> 2656.3997 | AL100: =$E$37 -> 1740.5958 | AM100: =IF(T100<$Y$58*$Z$57,AM99+AL100*100/1000*$AB$59,AM99) -> 3481.1917
L101: Berechnung Leistung WÜ | M101: P_el | T101: 3700 | U101: =100*EXP($L$80*$T101) -> 85.589006 | V101: =100*EXP($M$80*$T101) -> 63.509155 | W101: =100*EXP($N$80*$T101) -> 48.347024 | X101: =U101*($E$36+$U$29)/100 -> 2463.0677 | Y101: =V101*($E$36+$U$29)/100 -> 1827.657 | Z101: =W101*($E$36+$U$29)/100 -> 1391.3235 | AA101: =IF(T101<$Y$58*$Y$57,AA100+X101*100/1000*$Y$59,AA100) -> 5418.6516 | AB101: =IF(T101<$Y$58*$Y$57,AB100+Y101*100/1000*$Y$59,AB100) -> 4844.7112 | AC101: =IF(T101<$Y$58*$Y$57,AC100+Z101*100/1000*$Y$59,AC100) -> 4391.9142 | AD101: =($E$36+$U$29) -> 2877.7851 | AE101: =IF(T101<$Y$58*$Y$57,AE100+AD101*100/1000*$Y$59,AE100) -> 5755.5702 | AF101: =U101*($E$37)/100 -> 1489.7587 | AG101: =V101*($E$37)/100 -> 1105.4377 | AH101: =W101*($E$37)/100 -> 841.52629 | AI101: =IF(T101<$Y$58*$Z$57,AI100+AF101*100/1000*$AB$59,AI100) -> 3277.4102 | AJ101: =IF(T101<$Y$58*$Z$57,AJ100+AG101*100/1000*$AB$59,AJ100) -> 2930.2689 | AK101: =IF(T101<$Y$58*$Z$57,AK100+AH101*100/1000*$AB$59,AK100) -> 2656.3997 | AL101: =$E$37 -> 1740.5958 | AM101: =IF(T101<$Y$58*$Z$57,AM100+AL101*100/1000*$AB$59,AM100) -> 3481.1917
B102: Verfügbarer Wärme (Wärmepumpe) nach einem Jahr: | E102: Verfügbare Kälte nach einem Jahr: | K102: Prognose | L102: =(1+C99)*E36 -> 1033.7006 | M102: =IF(Eingabe!A13=TRUE,IF(F38=1,L102,L102/(F38-1)),0) -> 344.56686 | T102: 3800 | U102: =100*EXP($L$80*$T102) -> 85.229794 | V102: =100*EXP($M$80*$T102) -> 62.734665 | W102: =100*EXP($N$80*$T102) -> 47.406643 | X102: =U102*($E$36+$U$29)/100 -> 2452.7303 | Y102: =V102*($E$36+$U$29)/100 -> 1805.3688 | Z102: =W102*($E$36+$U$29)/100 -> 1364.2613 | AA102: =IF(T102<$Y$58*$Y$57,AA101+X102*100/1000*$Y$59,AA101) -> 5418.6516 | AB102: =IF(T102<$Y$58*$Y$57,AB101+Y102*100/1000*$Y$59,AB101) -> 4844.7112 | AC102: =IF(T102<$Y$58*$Y$57,AC101+Z102*100/1000*$Y$59,AC101) -> 4391.9142 | AD102: =($E$36+$U$29) -> 2877.7851 | AE102: =IF(T102<$Y$58*$Y$57,AE101+AD102*100/1000*$Y$59,AE101) -> 5755.5702 | AF102: =U102*($E$37)/100 -> 1483.5062 | AG102: =V102*($E$37)/100 -> 1091.957 | AH102: =W102*($E$37)/100 -> 825.15805 | AI102: =IF(T102<$Y$58*$Z$57,AI101+AF102*100/1000*$AB$59,AI101) -> 3277.4102 | AJ102: =IF(T102<$Y$58*$Z$57,AJ101+AG102*100/1000*$AB$59,AJ101) -> 2930.2689 | AK102: =IF(T102<$Y$58*$Z$57,AK101+AH102*100/1000*$AB$59,AK101) -> 2656.3997 | AL102: =$E$37 -> 1740.5958 | AM102: =IF(T102<$Y$58*$Z$57,AM101+AL102*100/1000*$AB$59,AM101) -> 3481.1917
K103: Bester Fall | L103: =(M97/100)*E36 -> 1676.9772 | M103: =IF(Eingabe!A13=TRUE,IF(F38=1,L103,L103/(F38-1)),0) -> 558.9924 | T103: 3900 | U103: =100*EXP($L$80*$T103) -> 84.87209 | V103: =100*EXP($M$80*$T103) -> 61.96962 | W103: =100*EXP($N$80*$T103) -> 46.484552 | X103: =U103*($E$36+$U$29)/100 -> 2442.4364 | Y103: =V103*($E$36+$U$29)/100 -> 1783.3525 | Z103: =W103*($E$36+$U$29)/100 -> 1337.7255 | AA103: =IF(T103<$Y$58*$Y$57,AA102+X103*100/1000*$Y$59,AA102) -> 5418.6516 | AB103: =IF(T103<$Y$58*$Y$57,AB102+Y103*100/1000*$Y$59,AB102) -> 4844.7112 | AC103: =IF(T103<$Y$58*$Y$57,AC102+Z103*100/1000*$Y$59,AC102) -> 4391.9142 | AD103: =($E$36+$U$29) -> 2877.7851 | AE103: =IF(T103<$Y$58*$Y$57,AE102+AD103*100/1000*$Y$59,AE102) -> 5755.5702 | AF103: =U103*($E$37)/100 -> 1477.2801 | AG103: =V103*($E$37)/100 -> 1078.6406 | AH103: =W103*($E$37)/100 -> 809.10818 | AI103: =IF(T103<$Y$58*$Z$57,AI102+AF103*100/1000*$AB$59,AI102) -> 3277.4102 | AJ103: =IF(T103<$Y$58*$Z$57,AJ102+AG103*100/1000*$AB$59,AJ102) -> 2930.2689 | AK103: =IF(T103<$Y$58*$Z$57,AK102+AH103*100/1000*$AB$59,AK102) -> 2656.3997 | AL103: =$E$37 -> 1740.5958 | AM103: =IF(T103<$Y$58*$Z$57,AM102+AL103*100/1000*$AB$59,AM102) -> 3481.1917
C104: Wärmestrom | D104: Wärmemenge | F104: Wärmestrom | G104: Kältemenge | K104: Schlechtester Fall | L104: =(1+C100)*E36 -> 664.18151 | M104: =IF(Eingabe!A13=TRUE,IF(F38=1,L104,L104/(F38-1)),0) -> 221.39384 | T104: 4000 | U104: =100*EXP($L$80*$T104) -> 84.515888 | V104: =100*EXP($M$80*$T104) -> 61.213905 | W104: =100*EXP($N$80*$T104) -> 45.580397 | X104: =U104*($E$36+$U$29)/100 -> 2432.1856 | Y104: =V104*($E$36+$U$29)/100 -> 1761.6047 | Z104: =W104*($E$36+$U$29)/100 -> 1311.7059 | AA104: =IF(T104<$Y$58*$Y$57,AA103+X104*100/1000*$Y$59,AA103) -> 5418.6516 | AB104: =IF(T104<$Y$58*$Y$57,AB103+Y104*100/1000*$Y$59,AB103) -> 4844.7112 | AC104: =IF(T104<$Y$58*$Y$57,AC103+Z104*100/1000*$Y$59,AC103) -> 4391.9142 | AD104: =($E$36+$U$29) -> 2877.7851 | AE104: =IF(T104<$Y$58*$Y$57,AE103+AD104*100/1000*$Y$59,AE103) -> 5755.5702 | AF104: =U104*($E$37)/100 -> 1471.08 | AG104: =V104*($E$37)/100 -> 1065.4867 | AH104: =W104*($E$37)/100 -> 793.3705 | AI104: =IF(T104<$Y$58*$Z$57,AI103+AF104*100/1000*$AB$59,AI103) -> 3277.4102 | AJ104: =IF(T104<$Y$58*$Z$57,AJ103+AG104*100/1000*$AB$59,AJ103) -> 2930.2689 | AK104: =IF(T104<$Y$58*$Z$57,AK103+AH104*100/1000*$AB$59,AK103) -> 2656.3997 | AL104: =$E$37 -> 1740.5958 | AM104: =IF(T104<$Y$58*$Z$57,AM103+AL104*100/1000*$AB$59,AM103) -> 3481.1917
B105: Prognose | C105: =L102+M102 -> 1378.2674 | D105: =ROUND(AB164,-2) -> 4800 | E105: Prognose | F105: =F42*(1+C99) -> 833.62949 | G105: =ROUND(AJ164,-2) -> 2900 | T105: 4100 | U105: =100*EXP($L$80*$T105) -> 84.16118 | V105: =100*EXP($M$80*$T105) -> 60.467406 | W105: =100*EXP($N$80*$T105) -> 44.693829 | X105: =U105*($E$36+$U$29)/100 -> 2421.9779 | Y105: =V105*($E$36+$U$29)/100 -> 1740.122 | Z105: =W105*($E$36+$U$29)/100 -> 1286.1923 | AA105: =IF(T105<$Y$58*$Y$57,AA104+X105*100/1000*$Y$59,AA104) -> 5418.6516 | AB105: =IF(T105<$Y$58*$Y$57,AB104+Y105*100/1000*$Y$59,AB104) -> 4844.7112 | AC105: =IF(T105<$Y$58*$Y$57,AC104+Z105*100/1000*$Y$59,AC104) -> 4391.9142 | AD105: =($E$36+$U$29) -> 2877.7851 | AE105: =IF(T105<$Y$58*$Y$57,AE104+AD105*100/1000*$Y$59,AE104) -> 5755.5702 | AF105: =U105*($E$37)/100 -> 1464.906 | AG105: =V105*($E$37)/100 -> 1052.4932 | AH105: =W105*($E$37)/100 -> 777.93892 | AI105: =IF(T105<$Y$58*$Z$57,AI104+AF105*100/1000*$AB$59,AI104) -> 3277.4102 | AJ105: =IF(T105<$Y$58*$Z$57,AJ104+AG105*100/1000*$AB$59,AJ104) -> 2930.2689 | AK105: =IF(T105<$Y$58*$Z$57,AK104+AH105*100/1000*$AB$59,AK104) -> 2656.3997 | AL105: =$E$37 -> 1740.5958 | AM105: =IF(T105<$Y$58*$Z$57,AM104+AL105*100/1000*$AB$59,AM104) -> 3481.1917
B106: Bester Fall: | C106: =L103+M103 -> 2235.9696 | D106: =ROUND(AA164,-2) -> 5400 | E106: Bester Fall: | F106: =F42*M97/100 -> 1352.401 | G106: =ROUND(AI164,-2) -> 3300 | T106: 4200 | U106: =100*EXP($L$80*$T106) -> 83.807961 | V106: =100*EXP($M$80*$T106) -> 59.730011 | W106: =100*EXP($N$80*$T106) -> 43.824504 | X106: =U106*($E$36+$U$29)/100 -> 2411.813 | Y106: =V106*($E$36+$U$29)/100 -> 1718.9014 | Z106: =W106*($E$36+$U$29)/100 -> 1261.1751 | AA106: =IF(T106<$Y$58*$Y$57,AA105+X106*100/1000*$Y$59,AA105) -> 5418.6516 | AB106: =IF(T106<$Y$58*$Y$57,AB105+Y106*100/1000*$Y$59,AB105) -> 4844.7112 | AC106: =IF(T106<$Y$58*$Y$57,AC105+Z106*100/1000*$Y$59,AC105) -> 4391.9142 | AD106: =($E$36+$U$29) -> 2877.7851 | AE106: =IF(T106<$Y$58*$Y$57,AE105+AD106*100/1000*$Y$59,AE105) -> 5755.5702 | AF106: =U106*($E$37)/100 -> 1458.7579 | AG106: =V106*($E$37)/100 -> 1039.6581 | AH106: =W106*($E$37)/100 -> 762.80749 | AI106: =IF(T106<$Y$58*$Z$57,AI105+AF106*100/1000*$AB$59,AI105) -> 3277.4102 | AJ106: =IF(T106<$Y$58*$Z$57,AJ105+AG106*100/1000*$AB$59,AJ105) -> 2930.2689 | AK106: =IF(T106<$Y$58*$Z$57,AK105+AH106*100/1000*$AB$59,AK105) -> 2656.3997 | AL106: =$E$37 -> 1740.5958 | AM106: =IF(T106<$Y$58*$Z$57,AM105+AL106*100/1000*$AB$59,AM105) -> 3481.1917
B107: Schlecht-ester Fall: | C107: =L104+M104 -> 885.57535 | D107: =ROUND(AC164,-2) -> 4400 | E107: Schlecht-ester Fall: | F107: =F42*(1+C100) -> 535.63025 | G107: =ROUND(AK164,-2) -> 2700 | T107: 4300 | U107: =100*EXP($L$80*$T107) -> 83.456225 | V107: =100*EXP($M$80*$T107) -> 59.001608 | W107: =100*EXP($N$80*$T107) -> 42.972089 | X107: =U107*($E$36+$U$29)/100 -> 2401.6908 | Y107: =V107*($E$36+$U$29)/100 -> 1697.9395 | Z107: =W107*($E$36+$U$29)/100 -> 1236.6444 | AA107: =IF(T107<$Y$58*$Y$57,AA106+X107*100/1000*$Y$59,AA106) -> 5418.6516 | AB107: =IF(T107<$Y$58*$Y$57,AB106+Y107*100/1000*$Y$59,AB106) -> 4844.7112 | AC107: =IF(T107<$Y$58*$Y$57,AC106+Z107*100/1000*$Y$59,AC106) -> 4391.9142 | AD107: =($E$36+$U$29) -> 2877.7851 | AE107: =IF(T107<$Y$58*$Y$57,AE106+AD107*100/1000*$Y$59,AE106) -> 5755.5702 | AF107: =U107*($E$37)/100 -> 1452.6356 | AG107: =V107*($E$37)/100 -> 1026.9795 | AH107: =W107*($E$37)/100 -> 747.97039 | AI107: =IF(T107<$Y$58*$Z$57,AI106+AF107*100/1000*$AB$59,AI106) -> 3277.4102 | AJ107: =IF(T107<$Y$58*$Z$57,AJ106+AG107*100/1000*$AB$59,AJ106) -> 2930.2689 | AK107: =IF(T107<$Y$58*$Z$57,AK106+AH107*100/1000*$AB$59,AK106) -> 2656.3997 | AL107: =$E$37 -> 1740.5958 | AM107: =IF(T107<$Y$58*$Z$57,AM106+AL107*100/1000*$AB$59,AM106) -> 3481.1917
T108: 4400 | U108: =100*EXP($L$80*$T108) -> 83.105964 | V108: =100*EXP($M$80*$T108) -> 58.282087 | W108: =100*EXP($N$80*$T108) -> 42.136253 | X108: =U108*($E$36+$U$29)/100 -> 2391.6111 | Y108: =V108*($E$36+$U$29)/100 -> 1677.2332 | Z108: =W108*($E$36+$U$29)/100 -> 1212.5908 | AA108: =IF(T108<$Y$58*$Y$57,AA107+X108*100/1000*$Y$59,AA107) -> 5418.6516 | AB108: =IF(T108<$Y$58*$Y$57,AB107+Y108*100/1000*$Y$59,AB107) -> 4844.7112 | AC108: =IF(T108<$Y$58*$Y$57,AC107+Z108*100/1000*$Y$59,AC107) -> 4391.9142 | AD108: =($E$36+$U$29) -> 2877.7851 | AE108: =IF(T108<$Y$58*$Y$57,AE107+AD108*100/1000*$Y$59,AE107) -> 5755.5702 | AF108: =U108*($E$37)/100 -> 1446.539 | AG108: =V108*($E$37)/100 -> 1014.4556 | AH108: =W108*($E$37)/100 -> 733.42187 | AI108: =IF(T108<$Y$58*$Z$57,AI107+AF108*100/1000*$AB$59,AI107) -> 3277.4102 | AJ108: =IF(T108<$Y$58*$Z$57,AJ107+AG108*100/1000*$AB$59,AJ107) -> 2930.2689 | AK108: =IF(T108<$Y$58*$Z$57,AK107+AH108*100/1000*$AB$59,AK107) -> 2656.3997 | AL108: =$E$37 -> 1740.5958 | AM108: =IF(T108<$Y$58*$Z$57,AM107+AL108*100/1000*$AB$59,AM107) -> 3481.1917
T109: 4500 | U109: =100*EXP($L$80*$T109) -> 82.757174 | V109: =100*EXP($M$80*$T109) -> 57.571341 | W109: =100*EXP($N$80*$T109) -> 41.316676 | X109: =U109*($E$36+$U$29)/100 -> 2381.5736 | Y109: =V109*($E$36+$U$29)/100 -> 1656.7795 | Z109: =W109*($E$36+$U$29)/100 -> 1189.0051 | AA109: =IF(T109<$Y$58*$Y$57,AA108+X109*100/1000*$Y$59,AA108) -> 5418.6516 | AB109: =IF(T109<$Y$58*$Y$57,AB108+Y109*100/1000*$Y$59,AB108) -> 4844.7112 | AC109: =IF(T109<$Y$58*$Y$57,AC108+Z109*100/1000*$Y$59,AC108) -> 4391.9142 | AD109: =($E$36+$U$29) -> 2877.7851 | AE109: =IF(T109<$Y$58*$Y$57,AE108+AD109*100/1000*$Y$59,AE108) -> 5755.5702 | AF109: =U109*($E$37)/100 -> 1440.4679 | AG109: =V109*($E$37)/100 -> 1002.0844 | AH109: =W109*($E$37)/100 -> 719.15633 | AI109: =IF(T109<$Y$58*$Z$57,AI108+AF109*100/1000*$AB$59,AI108) -> 3277.4102 | AJ109: =IF(T109<$Y$58*$Z$57,AJ108+AG109*100/1000*$AB$59,AJ108) -> 2930.2689 | AK109: =IF(T109<$Y$58*$Z$57,AK108+AH109*100/1000*$AB$59,AK108) -> 2656.3997 | AL109: =$E$37 -> 1740.5958 | AM109: =IF(T109<$Y$58*$Z$57,AM108+AL109*100/1000*$AB$59,AM108) -> 3481.1917
B110: Empfehlung zu Reinigungsintervall | T110: 4600 | U110: =100*EXP($L$80*$T110) -> 82.409848 | V110: =100*EXP($M$80*$T110) -> 56.869263 | W110: =100*EXP($N$80*$T110) -> 40.513039 | X110: =U110*($E$36+$U$29)/100 -> 2371.5783 | Y110: =V110*($E$36+$U$29)/100 -> 1636.5752 | Z110: =W110*($E$36+$U$29)/100 -> 1165.8782 | AA110: =IF(T110<$Y$58*$Y$57,AA109+X110*100/1000*$Y$59,AA109) -> 5418.6516 | AB110: =IF(T110<$Y$58*$Y$57,AB109+Y110*100/1000*$Y$59,AB109) -> 4844.7112 | AC110: =IF(T110<$Y$58*$Y$57,AC109+Z110*100/1000*$Y$59,AC109) -> 4391.9142 | AD110: =($E$36+$U$29) -> 2877.7851 | AE110: =IF(T110<$Y$58*$Y$57,AE109+AD110*100/1000*$Y$59,AE109) -> 5755.5702 | AF110: =U110*($E$37)/100 -> 1434.4224 | AG110: =V110*($E$37)/100 -> 989.86402 | AH110: =W110*($E$37)/100 -> 705.16827 | AI110: =IF(T110<$Y$58*$Z$57,AI109+AF110*100/1000*$AB$59,AI109) -> 3277.4102 | AJ110: =IF(T110<$Y$58*$Z$57,AJ109+AG110*100/1000*$AB$59,AJ109) -> 2930.2689 | AK110: =IF(T110<$Y$58*$Z$57,AK109+AH110*100/1000*$AB$59,AK109) -> 2656.3997 | AL110: =$E$37 -> 1740.5958 | AM110: =IF(T110<$Y$58*$Z$57,AM109+AL110*100/1000*$AB$59,AM109) -> 3481.1917
B111: Die Reinigung sollte nach | D111: =MIN(H111:I111) -> 1815.8502 | E111: bis | F111: =MAX(H111:I111) -> 1818.6264 | H111: =1/N80*LN(70/100) -> 1815.8502 | I111: =1/M80*LN(80/100) -> 1818.6264 | T111: 4700 | U111: =100*EXP($L$80*$T111) -> 82.063979 | V111: =100*EXP($M$80*$T111) -> 56.175747 | W111: =100*EXP($N$80*$T111) -> 39.725034 | X111: =U111*($E$36+$U$29)/100 -> 2361.625 | Y111: =V111*($E$36+$U$29)/100 -> 1616.6173 | Z111: =W111*($E$36+$U$29)/100 -> 1143.2011 | AA111: =IF(T111<$Y$58*$Y$57,AA110+X111*100/1000*$Y$59,AA110) -> 5418.6516 | AB111: =IF(T111<$Y$58*$Y$57,AB110+Y111*100/1000*$Y$59,AB110) -> 4844.7112 | AC111: =IF(T111<$Y$58*$Y$57,AC110+Z111*100/1000*$Y$59,AC110) -> 4391.9142 | AD111: =($E$36+$U$29) -> 2877.7851 | AE111: =IF(T111<$Y$58*$Y$57,AE110+AD111*100/1000*$Y$59,AE110) -> 5755.5702 | AF111: =U111*($E$37)/100 -> 1428.4022 | AG111: =V111*($E$37)/100 -> 977.7927 | AH111: =W111*($E$37)/100 -> 691.45228 | AI111: =IF(T111<$Y$58*$Z$57,AI110+AF111*100/1000*$AB$59,AI110) -> 3277.4102 | AJ111: =IF(T111<$Y$58*$Z$57,AJ110+AG111*100/1000*$AB$59,AJ110) -> 2930.2689 | AK111: =IF(T111<$Y$58*$Z$57,AK110+AH111*100/1000*$AB$59,AK110) -> 2656.3997 | AL111: =$E$37 -> 1740.5958 | AM111: =IF(T111<$Y$58*$Z$57,AM110+AL111*100/1000*$AB$59,AM110) -> 3481.1917
...

Sheet Ausgabe Wärmeübertragerdesign
B1: Ausgabe Wärmeübertragerdesign
H2: {='Ausgabe Standortbewertung'!E3:F3} -> Teststandort | I2: 0
B3: Standort: | E3: =IF(H2<>0,H2,"") -> Teststandort
B5: Wärmeübertragerdaten
B8: Modell: | D8: =Eingabe!D6 -> TRANTER TB050
B9: Länge Platte in m | D9: =Eingabe!E7 -> 0.496 | E9: Wellenlänge Λ in m | G9: =Eingabe!E9 -> 0.009
B10: Breite Platte in m | D10: =Eingabe!E8 -> 0.496 | E10: Profilamplitude α in m | G10: =Eingabe!E10 -> 0.001
B11: Plattenanzahl | D11: =IF(Eingabe!E3=TRUE,Eingabe!D11,Wärmeübertrager!L44) -> 17
B13: Empfohlene Oberflächeneigenschaften
B16: Kontaktwinkel in ° | D16: Rauigkeit in µm | F16: Oberflächenergie in mJ/m²
B17: ='Berechnung-WÜ-Material'!C28 -> >140 | D17: ='Berechnung-WÜ-Material'!C29 -> 0,1-0,3 | F17: ='Berechnung-WÜ-Material'!C30 -> 60-75
B19: Weitere Empfehlungen: | D19: =IF(AND('Berechnung-WÜ-Material'!G22>'Berechnung-WÜ-Material'!G23,'Berechnung-WÜ-Material'!G22>'Berechnung-WÜ-Material'!G24),"Viel Biofouling zu erwarten, antibakterielle Oberfläche bevorzugen","Keine weiteren Empfehlungen") -> Viel Biofouling zu erwarten, antibakterielle Oberfläche bevorzugen
B22: Empfohlene Materialien
B25: Material | D25: Kontakt-winkel | E25: Rauigkeit | F25: Oberflächen-energie | G25: Eignung Material
B27: =I27 -> NTS | D27: =L27 -> 160 | E27: =M27 -> 0.2 | F27: =N27 -> 24 | G27: =O27 -> 0.91626522 | I27: {=_xlfn.SORTBY('Berechnung-WÜ-Material'!B34:H38,'Berechnung-WÜ-Material'!H34:H38,-1)} -> NTS | J27: 0 | K27: 0 | L27: 160 | M27: 0.2 | N27: 24 | O27: 0.91626522
B28: =I28 -> Ti-DLC | D28: =L28 -> 92 | E28: =M28 -> 0.213 | F28: =N28 -> 42 | G28: =O28 -> 0.87203789 | I28: Ti-DLC | J28: 0 | K28: 0 | L28: 92 | M28: 0.213 | N28: 42 | O28: 0.87203789
B29: =I29 -> F-DLC (5,0 % F) | D29: =L29 -> 82.5 | E29: =M29 -> 0.145 | F29: =N29 -> 32.14 | G29: =O29 -> 0.87203789 | I29: F-DLC (5,0 % F) | J29: 0 | K29: 0 | L29: 82.5 | M29: 0.145 | N29: 32.14 | O29: 0.87203789
B30: =I30 -> DLC-82KW | D30: =L30 -> 82 | E30: =M30 -> 0.145 | F30: =N30 -> 40 | G30: =O30 -> 0.87203789 | I30: DLC-82KW | J30: 0 | K30: 0 | L30: 82 | M30: 0.145 | N30: 40 | O30: 0.87203789
B31: =I31 | D31: =L31 | E31: =M31 | F31: =N31 | J31: 0 | K31: 0 | O31: 0
B33: Materialauswahl
B36: Material | D36: Kontakt-winkel | E36: Rauigkeit | F36: Oberflächen-energie | G36: Eignung Material
I37: Kosten
B38: ZnO-Nanopartikel | D38: ='Berechnung-WÜ-Material'!E43 -> 158 | E38: ='Berechnung-WÜ-Material'!F43 -> 0.09182 | F38: ='Berechnung-WÜ-Material'!G43 -> 29.7 | G38: ='Berechnung-WÜ-Material'!H43 -> 0.78288537 | I38: =VLOOKUP(B38,'Daten-Materialien'!B2:AD238,29,FALSE) -> 0
B39: Versilbert | D39: ='Berechnung-WÜ-Material'!E44 -> 65 | E39: ='Berechnung-WÜ-Material'!F44 -> 0.07 | F39: ='Berechnung-WÜ-Material'!G44 -> 39.5 | G39: ='Berechnung-WÜ-Material'!H44 -> 0.66696979 | I39: =VLOOKUP(B39,'Daten-Materialien'!B2:AD238,29,FALSE) -> 127 €/Platte
B40: Ceramic Smooth Hydrophobic-1 | D40: ='Berechnung-WÜ-Material'!E45 -> 72 | E40: ='Berechnung-WÜ-Material'!F45 -> 0.05 | F40: ='Berechnung-WÜ-Material'!G45 -> 50 | G40: ='Berechnung-WÜ-Material'!H45 -> 0.46666284 | I40: =VLOOKUP(B40,'Daten-Materialien'!B2:AD238,29,FALSE) -> 0
B42: Prognose Foulingreduktion pro Material
J43: Gemittelte Prognose | O43: Obere Prognose (Optimiste Prognose) | T43: Mittlere Prognose | Y43: Untere Prognose (Pessimistische Prognose)
K44: =B38 -> ZnO-Nanopartikel | L44: =B39 -> Versilbert | M44: =B40 -> Ceramic Smooth Hydrophobic-1 | P44: =B38 -> ZnO-Nanopartikel | Q44: =B39 -> Versilbert | R44: =B40 -> Ceramic Smooth Hydrophobic-1 | U44: =B38 -> ZnO-Nanopartikel | V44: =B39 -> Versilbert | W44: =B40 -> Ceramic Smooth Hydrophobic-1 | Z44: =B38 -> ZnO-Nanopartikel | AA44: =B39 -> Versilbert | AB44: =B40 -> Ceramic Smooth Hydrophobic-1
B45: Um die mögliche Verbesserung eines Materials gegenüber Edelstahl für den gewählten Standort berechnen zu können, muss ausgewählt werden auf welchen Prognosewert aus dem Foulingtool sich die Analyse beziehen soll, neben der optimistischen, mittleren und pessimistischen Prognose kann auch eine gemittelte Prognose gewählt werden. | K45: Material 1 | L45: Material 2 | M45: Material 3 | P45: Material 1 | Q45: Material 2 | R45: Material 3 | U45: Material 1 | V45: Material 2 | W45: Material 3 | Z45: Material 1 | AA45: Material 2 | AB45: Material 3
J46: Minimum | K46: =MAX('Berechnung-WÜ-Material'!C107:E107) -> -0.021299759 | L46: =MAX('Berechnung-WÜ-Material'!K107:M107) -> -0.0059182636 | M46: =MAX('Berechnung-WÜ-Material'!S107:U107) -> -0.0081353139 | O46: Minimum | P46: ='Berechnung-WÜ-Material'!C107 -> -0.021299759 | Q46: ='Berechnung-WÜ-Material'!K107 -> -0.0059182636 | R46: ='Berechnung-WÜ-Material'!S107 -> -0.0081353139 | T46: Minimum | U46: ='Berechnung-WÜ-Material'!D107 -> -0.049764091 | V46: ='Berechnung-WÜ-Material'!L107 -> -0.013827246 | W46: ='Berechnung-WÜ-Material'!T107 -> -0.019007093 | Y46: Minimum | Z46: ='Berechnung-WÜ-Material'!E107 -> -0.066114931 | AA46: ='Berechnung-WÜ-Material'!M107 -> -0.018370423 | AB46: ='Berechnung-WÜ-Material'!U107 -> -0.025252198
J47: Unteres Quantil | K47: =MAX('Berechnung-WÜ-Material'!C108:E108) -> -0.064268967 | L47: =MAX('Berechnung-WÜ-Material'!K108:M108) -> -0.069942552 | M47: =MAX('Berechnung-WÜ-Material'!S108:U108) -> -0.10589095 | O47: Unteres Quantil | P47: ='Berechnung-WÜ-Material'!C108 -> -0.064268967 | Q47: ='Berechnung-WÜ-Material'!K108 -> -0.069942552 | R47: ='Berechnung-WÜ-Material'!S108 -> -0.10589095 | T47: Unteres Quantil | U47: ='Berechnung-WÜ-Material'!D108 -> -0.15015601 | V47: ='Berechnung-WÜ-Material'!L108 -> -0.16341159 | W47: ='Berechnung-WÜ-Material'!T108 -> -0.2474003 | Y47: Unteres Quantil | Z47: ='Berechnung-WÜ-Material'!E108 -> -0.19949232 | AA47: ='Berechnung-WÜ-Material'!M108 -> -0.21710326 | AB47: ='Berechnung-WÜ-Material'!U108 -> -0.32868788
J48: Median | K48: =AVERAGE('Berechnung-WÜ-Material'!C109:E109) -> -0.21467866 | L48: =AVERAGE('Berechnung-WÜ-Material'!K109:M109) -> -0.28923664 | M48: =AVERAGE('Berechnung-WÜ-Material'!S109:U109) -> -0.34361254 | O48: Median | P48: ='Berechnung-WÜ-Material'!C109 -> -0.099999513 | Q48: ='Berechnung-WÜ-Material'!K109 -> -0.13472938 | R48: ='Berechnung-WÜ-Material'!S109 -> -0.16005823 | T48: Median | U48: ='Berechnung-WÜ-Material'!D109 -> -0.23363574 | V48: ='Berechnung-WÜ-Material'!L109 -> -0.31477752 | W48: ='Berechnung-WÜ-Material'!T109 -> -0.37395504 | Y48: Median | Z48: ='Berechnung-WÜ-Material'!E109 -> -0.31040074 | AA48: ='Berechnung-WÜ-Material'!M109 -> -0.41820303 | AB48: ='Berechnung-WÜ-Material'!U109 -> -0.49682434
J49: Oberes Quantil | K49: =MIN('Berechnung-WÜ-Material'!C110:E110) -> -0.40600409 | L49: =MIN('Berechnung-WÜ-Material'!K110:M110) -> -0.57941164 | M49: =MIN('Berechnung-WÜ-Material'!S110:U110) -> -0.65001279 | O49: Oberes Quantil | P49: ='Berechnung-WÜ-Material'!C110 -> -0.13079934 | Q49: ='Berechnung-WÜ-Material'!K110 -> -0.18666477 | R49: ='Berechnung-WÜ-Material'!S110 -> -0.20940982 | T49: Oberes Quantil | U49: ='Berechnung-WÜ-Material'!D110 -> -0.30559549 | V49: ='Berechnung-WÜ-Material'!L110 -> -0.43611773 | W49: ='Berechnung-WÜ-Material'!T110 -> -0.48925855 | Y49: Oberes Quantil | Z49: ='Berechnung-WÜ-Material'!E110 -> -0.40600409 | AA49: ='Berechnung-WÜ-Material'!M110 -> -0.57941164 | AB49: ='Berechnung-WÜ-Material'!U110 -> -0.65001279
J50: Maximum | K50: =MIN('Berechnung-WÜ-Material'!C111:E111) -> -0.55515857 | L50: =MIN('Berechnung-WÜ-Material'!K111:M111) -> -0.93050597 | M50: =MIN('Berechnung-WÜ-Material'!S111:U111) -> -0.98475308 | O50: Maximum | P50: ='Berechnung-WÜ-Material'!C111 -> -0.17885134 | Q50: ='Berechnung-WÜ-Material'!K111 -> -0.29977423 | R50: ='Berechnung-WÜ-Material'!S111 -> -0.31725062 | T50: Maximum | U50: ='Berechnung-WÜ-Material'!D111 -> -0.41786267 | V50: ='Berechnung-WÜ-Material'!L111 -> -0.70038316 | W50: ='Berechnung-WÜ-Material'!T111 -> -0.74121445 | Y50: Maximum | Z50: ='Berechnung-WÜ-Material'!E111 -> -0.55515857 | AA50: ='Berechnung-WÜ-Material'!M111 -> -0.93050597 | AB50: ='Berechnung-WÜ-Material'!U111 -> -0.98475308
B51: Bezogen auf: | D51: Mittlere Prognose
J52: Rechenwerte Diagramm | O52: Rechenwerte Diagramm | T52: Rechenwerte Diagramm | Y52: Rechenwerte Diagramm
J53: Minimum | K53: =K46 -> -0.021299759 | L53: =L46 -> -0.0059182636 | M53: =M46 -> -0.0081353139 | O53: Minimum | P53: =P46 -> -0.021299759 | Q53: =Q46 -> -0.0059182636 | R53: =R46 -> -0.0081353139 | T53: Minimum | U53: =U46 -> -0.049764091 | V53: =V46 -> -0.013827246 | W53: =W46 -> -0.019007093 | Y53: Minimum | Z53: =Z46 -> -0.066114931 | AA53: =AA46 -> -0.018370423 | AB53: =AB46 -> -0.025252198
J54: Unteres Quantil | K54: =K47-K46 -> -0.042969208 | L54: =L47-L46 -> -0.064024289 | M54: =M47-M46 -> -0.097755633 | O54: Unteres Quantil | P54: =P47-P46 -> -0.042969208 | Q54: =Q47-Q46 -> -0.064024289 | R54: =R47-R46 -> -0.097755633 | T54: Unteres Quantil | U54: =U47-U46 -> -0.10039191 | V54: =V47-V46 -> -0.14958435 | W54: =W47-W46 -> -0.22839321 | Y54: Unteres Quantil | Z54: =Z47-Z46 -> -0.13337739 | AA54: =AA47-AA46 -> -0.19873283 | AB54: =AB47-AB46 -> -0.30343569
J55: Median | K55: =K48-K47 -> -0.1504097 | L55: =L48-L47 -> -0.21929409 | M55: =M48-M47 -> -0.23772159 | O55: Median | P55: =P48-P47 -> -0.035730546 | Q55: =Q48-Q47 -> -0.064786829 | R55: =R48-R47 -> -0.054167281 | T55: Median | U55: =U48-U47 -> -0.083479732 | V55: =V48-V47 -> -0.15136592 | W55: =W48-W47 -> -0.12655474 | Y55: Median | Z55: =Z48-Z47 -> -0.11090842 | AA55: =AA48-AA47 -> -0.20109977 | AB55: =AB48-AB47 -> -0.16813646
J56: Oberes Quantil | K56: =K49-K48 -> -0.19132543 | L56: =L49-L48 -> -0.29017499 | M56: =M49-M48 -> -0.30640025 | O56: Oberes Quantil | P56: =P49-P48 -> -0.030799825 | Q56: =Q49-Q48 -> -0.051935385 | R56: =R49-R48 -> -0.049351589 | T56: Oberes Quantil | U56: =U49-U48 -> -0.071959749 | V56: =V49-V48 -> -0.12134021 | W56: =W49-W48 -> -0.11530351 | Y56: Oberes Quantil | Z56: =Z49-Z48 -> -0.095603351 | AA56: =AA49-AA48 -> -0.16120861 | AB56: =AB49-AB48 -> -0.15318844
J57: Maximum | K57: =K50-K49 -> -0.14915448 | L57: =L50-L49 -> -0.35109434 | M57: =M50-M49 -> -0.33474029 | O57: Maximum | P57: =P50-P49 -> -0.048051997 | Q57: =Q50-Q49 -> -0.11310947 | R57: =R50-R49 -> -0.10784081 | T57: Maximum | U57: =U50-U49 -> -0.11226719 | V57: =V50-V49 -> -0.26426543 | W57: =W50-W49 -> -0.25195589 | Y57: Maximum | Z57: =Z50-Z49 -> -0.14915448 | AA57: =AA50-AA49 -> -0.35109434 | AB57: =AB50-AB49 -> -0.33474029
J59: Obere Prognose (Optimiste Prognose) | K59: ='Ausgabe Standortbewertung'!$L$97 -> -0.22302412 | L59: ='Ausgabe Standortbewertung'!$L$97 -> -0.22302412 | M59: ='Ausgabe Standortbewertung'!$L$97 -> -0.22302412 | O59: Obere Prognose (Optimiste Prognose) | P59: ='Ausgabe Standortbewertung'!$L$97 -> -0.22302412 | Q59: ='Ausgabe Standortbewertung'!$L$97 -> -0.22302412 | R59: ='Ausgabe Standortbewertung'!$L$97 -> -0.22302412
J60: Mittlerer Prongosewert | K60: ='Ausgabe Standortbewertung'!$C$99 -> -0.52106659 | L60: ='Ausgabe Standortbewertung'!C99 -> -0.52106659 | M60: ='Ausgabe Standortbewertung'!C99 -> -0.52106659 | T60: Mittlerer Prongosewert | U60: ='Ausgabe Standortbewertung'!$C$99 -> -0.52106659 | V60: ='Ausgabe Standortbewertung'!$C$99 -> -0.52106659 | W60: ='Ausgabe Standortbewertung'!$C$99 -> -0.52106659
J61: Untere Prognose (Pessimistische Prognose) | K61: ='Ausgabe Standortbewertung'!$C$100 -> -0.6922719 | L61: ='Ausgabe Standortbewertung'!C100 -> -0.6922719 | M61: ='Ausgabe Standortbewertung'!C100 -> -0.6922719 | Y61: Untere Prognose (Pessimistische Prognose) | Z61: ='Ausgabe Standortbewertung'!$C$100 -> -0.6922719 | AA61: ='Ausgabe Standortbewertung'!$C$100 -> -0.6922719 | AB61: ='Ausgabe Standortbewertung'!$C$100 -> -0.6922719
J63: Diagrammwert
K64: =B38 -> ZnO-Nanopartikel | L64: =B39 -> Versilbert | M64: =B40 -> Ceramic Smooth Hydrophobic-1
K65: Material 1 | L65: Material 2 | M65: Material 3
J66: Minimum | K66: =IF($D$51="Gemittelte Gesamtprognose",K46,IF($D$51="Obere Prognose (Optimiste Prognose)",P46,IF($D$51="Mittlere Prognose",U46,IF($D$51="Untere Prognose (Pessimistische Prognose)",Z46,"")))) -> -0.049764091 | L66: =IF($D$51="Gemittelte Gesamtprognose",L46,IF($D$51="Obere Prognose (Optimiste Prognose)",Q46,IF($D$51="Mittlere Prognose",V46,IF($D$51="Untere Prognose (Pessimistische Prognose)",AA46,"")))) -> -0.013827246 | M66: =IF($D$51="Gemittelte Gesamtprognose",M46,IF($D$51="Obere Prognose (Optimiste Prognose)",R46,IF($D$51="Mittlere Prognose",W46,IF($D$51="Untere Prognose (Pessimistische Prognose)",AB46,"")))) -> -0.019007093
J67: Unteres Quantil | K67: =IF($D$51="Gemittelte Gesamtprognose",K47,IF($D$51="Obere Prognose (Optimiste Prognose)",P47,IF($D$51="Mittlere Prognose",U47,IF($D$51="Untere Prognose (Pessimistische Prognose)",Z47,"")))) -> -0.15015601 | L67: =IF($D$51="Gemittelte Gesamtprognose",L47,IF($D$51="Obere Prognose (Optimiste Prognose)",Q47,IF($D$51="Mittlere Prognose",V47,IF($D$51="Untere Prognose (Pessimistische Prognose)",AA47,"")))) -> -0.16341159 | M67: =IF($D$51="Gemittelte Gesamtprognose",M47,IF($D$51="Obere Prognose (Optimiste Prognose)",R47,IF($D$51="Mittlere Prognose",W47,IF($D$51="Untere Prognose (Pessimistische Prognose)",AB47,"")))) -> -0.2474003
J68: Median | K68: =IF($D$51="Gemittelte Gesamtprognose",K48,IF($D$51="Obere Prognose (Optimiste Prognose)",P48,IF($D$51="Mittlere Prognose",U48,IF($D$51="Untere Prognose (Pessimistische Prognose)",Z48,"")))) -> -0.23363574 | L68: =IF($D$51="Gemittelte Gesamtprognose",L48,IF($D$51="Obere Prognose (Optimiste Prognose)",Q48,IF($D$51="Mittlere Prognose",V48,IF($D$51="Untere Prognose (Pessimistische Prognose)",AA48,"")))) -> -0.31477752 | M68: =IF($D$51="Gemittelte Gesamtprognose",M48,IF($D$51="Obere Prognose (Optimiste Prognose)",R48,IF($D$51="Mittlere Prognose",W48,IF($D$51="Untere Prognose (Pessimistische Prognose)",AB48,"")))) -> -0.37395504
J69: Oberes Quantil | K69: =IF($D$51="Gemittelte Gesamtprognose",K49,IF($D$51="Obere Prognose (Optimiste Prognose)",P49,IF($D$51="Mittlere Prognose",U49,IF($D$51="Untere Prognose (Pessimistische Prognose)",Z49,"")))) -> -0.30559549 | L69: =IF($D$51="Gemittelte Gesamtprognose",L49,IF($D$51="Obere Prognose (Optimiste Prognose)",Q49,IF($D$51="Mittlere Prognose",V49,IF($D$51="Untere Prognose (Pessimistische Prognose)",AA49,"")))) -> -0.43611773 | M69: =IF($D$51="Gemittelte Gesamtprognose",M49,IF($D$51="Obere Prognose (Optimiste Prognose)",R49,IF($D$51="Mittlere Prognose",W49,IF($D$51="Untere Prognose (Pessimistische Prognose)",AB49,"")))) -> -0.48925855
J70: Maximum | K70: =IF($D$51="Gemittelte Gesamtprognose",K50,IF($D$51="Obere Prognose (Optimiste Prognose)",P50,IF($D$51="Mittlere Prognose",U50,IF($D$51="Untere Prognose (Pessimistische Prognose)",Z50,"")))) -> -0.41786267 | L70: =IF($D$51="Gemittelte Gesamtprognose",L50,IF($D$51="Obere Prognose (Optimiste Prognose)",Q50,IF($D$51="Mittlere Prognose",V50,IF($D$51="Untere Prognose (Pessimistische Prognose)",AA50,"")))) -> -0.70038316 | M70: =IF($D$51="Gemittelte Gesamtprognose",M50,IF($D$51="Obere Prognose (Optimiste Prognose)",R50,IF($D$51="Mittlere Prognose",W50,IF($D$51="Untere Prognose (Pessimistische Prognose)",AB50,"")))) -> -0.74121445
J72: Rechenwerte Diagramm
B73: Abb. 4 Prognostizierte Reduktion der Heiz-/Kälteleistung über den Wärmeübertrager für drei ausgewählte Materialien, bezogen auf die Prognose aus dem Foulingtool | J73: Minimum | K73: =K66 -> -0.049764091 | L73: =L66 -> -0.013827246 | M73: =M66 -> -0.019007093
J74: Unteres Quantil | K74: =K67-K66 -> -0.10039191 | L74: =L67-L66 -> -0.14958435 | M74: =M67-M66 -> -0.22839321
J75: Median | K75: =K68-K67 -> -0.083479732 | L75: =L68-L67 -> -0.15136592 | M75: =M68-M67 -> -0.12655474
B76: Potenzielle Kosten- und Emissionsreduktion durch Materialauswahl | J76: Oberes Quantil | K76: =K69-K68 -> -0.071959749 | L76: =L69-L68 -> -0.12134021 | M76: =M69-M68 -> -0.11530351
J77: Maximum | K77: =K70-K69 -> -0.11226719 | L77: =L70-L69 -> -0.26426543 | M77: =M70-M69 -> -0.25195589
B79: Bezogen auf: | D79: =D51 -> Mittlere Prognose | J79: Obere Prognose (Optimiste Prognose) | K79: =IF($D$51="Gemittelte Gesamtprognose",10,IF($D$51="Obere Prognose (Optimiste Prognose)",P59,IF($D$51="Mittlere Prognose",10,IF($D$51="Untere Prognose (Pessimistische Prognose)",10,"")))) -> 10 | L79: =IF($D$51="Gemittelte Gesamtprognose",10,IF($D$51="Obere Prognose (Optimiste Prognose)",Q59,IF($D$51="Mittlere Prognose",10,IF($D$51="Untere Prognose (Pessimistische Prognose)",10,"")))) -> 10 | M79: =IF($D$51="Gemittelte Gesamtprognose",10,IF($D$51="Obere Prognose (Optimiste Prognose)",R59,IF($D$51="Mittlere Prognose",10,IF($D$51="Untere Prognose (Pessimistische Prognose)",10,"")))) -> 10
J80: Mittlerer Prongosewert | K80: =IF($D$51="Gemittelte Gesamtprognose",10,IF($D$51="Obere Prognose (Optimiste Prognose)",10,IF($D$51="Mittlere Prognose",U60,IF($D$51="Untere Prognose (Pessimistische Prognose)",10,"")))) -> -0.52106659 | L80: =IF($D$51="Gemittelte Gesamtprognose",10,IF($D$51="Obere Prognose (Optimiste Prognose)",10,IF($D$51="Mittlere Prognose",V60,IF($D$51="Untere Prognose (Pessimistische Prognose)",10,"")))) -> -0.52106659 | M80: =IF($D$51="Gemittelte Gesamtprognose",10,IF($D$51="Obere Prognose (Optimiste Prognose)",10,IF($D$51="Mittlere Prognose",W60,IF($D$51="Untere Prognose (Pessimistische Prognose)",10,"")))) -> -0.52106659
B81: Heizen | D81: Kostenreduktion | F81: Emissionsreduktion | J81: Untere Prognose (Pessimistische Prognose) | K81: =IF($D$51="Gemittelte Gesamtprognose",10,IF($D$51="Obere Prognose (Optimiste Prognose)",10,IF($D$51="Mittlere Prognose",10,IF($D$51="Untere Prognose (Pessimistische Prognose)",Z61,"")))) -> 10 | L81: =IF($D$51="Gemittelte Gesamtprognose",10,IF($D$51="Obere Prognose (Optimiste Prognose)",10,IF($D$51="Mittlere Prognose",10,IF($D$51="Untere Prognose (Pessimistische Prognose)",AA61,"")))) -> 10 | M81: =IF($D$51="Gemittelte Gesamtprognose",10,IF($D$51="Obere Prognose (Optimiste Prognose)",10,IF($D$51="Mittlere Prognose",10,IF($D$51="Untere Prognose (Pessimistische Prognose)",AB61,"")))) -> 10
D82: im Mittel | E82: bis zu | F82: im Mittel | G82: bis zu
B83: =K44 -> ZnO-Nanopartikel | D83: =IF(Eingabe!A13=FALSE,0,-ROUND(IF($D$79="Gemittelte Gesamtprognose",J95,IF($D$79="Obere Prognose (Optimiste Prognose)",O95,IF($D$79="Mittlere Prognose",T95,IF($D$79="Untere Prognose (Pessimistische Prognose)",Y95,"")))),-2)) -> -112800 | E83: =IF(Eingabe!A13=FALSE,0,-ROUND(IF($D$79="Gemittelte Gesamtprognose",K95,IF($D$79="Obere Prognose (Optimiste Prognose)",P95,IF($D$79="Mittlere Prognose",U95,IF($D$79="Untere Prognose (Pessimistische Prognose)",Z95,"")))),-2)) -> -184900 | F83: =IF(Eingabe!A13=FALSE,0,-ROUND(IF($D$79="Gemittelte Gesamtprognose",L95,IF($D$79="Obere Prognose (Optimiste Prognose)",Q95,IF($D$79="Mittlere Prognose",V95,IF($D$79="Untere Prognose (Pessimistische Prognose)",AA95,"")))),-2)) -> -164300 | G83: =IF(Eingabe!A13=FALSE,0,-ROUND(IF($D$79="Gemittelte Gesamtprognose",M95,IF($D$79="Obere Prognose (Optimiste Prognose)",R95,IF($D$79="Mittlere Prognose",W95,IF($D$79="Untere Prognose (Pessimistische Prognose)",AB95,"")))),-2)) -> -230600 | J83: Obere Prognose (Optimiste Prognose) | K83: =IF($D$51="Gemittelte Gesamtprognose",K59,"") | L83: =IF($D$51="Gemittelte Gesamtprognose",L59,"") | M83: =IF($D$51="Gemittelte Gesamtprognose",M59,"")
B84: =L44 -> Versilbert | D84: =IF(Eingabe!A13=FALSE,0,-ROUND(IF($D$79="Gemittelte Gesamtprognose",J96,IF($D$79="Obere Prognose (Optimiste Prognose)",O96,IF($D$79="Mittlere Prognose",T96,IF($D$79="Untere Prognose (Pessimistische Prognose)",Y96,"")))),-2)) -> -80900 | E84: =IF(Eingabe!A13=FALSE,0,-ROUND(IF($D$79="Gemittelte Gesamtprognose",K96,IF($D$79="Obere Prognose (Optimiste Prognose)",P96,IF($D$79="Mittlere Prognose",U96,IF($D$79="Untere Prognose (Pessimistische Prognose)",Z96,"")))),-2)) -> -199000 | F84: =IF(Eingabe!A13=FALSE,0,-ROUND(IF($D$79="Gemittelte Gesamtprognose",L96,IF($D$79="Obere Prognose (Optimiste Prognose)",Q96,IF($D$79="Mittlere Prognose",V96,IF($D$79="Untere Prognose (Pessimistische Prognose)",AA96,"")))),-2)) -> -135100 | G84: =IF(Eingabe!A13=FALSE,0,-ROUND(IF($D$79="Gemittelte Gesamtprognose",M96,IF($D$79="Obere Prognose (Optimiste Prognose)",R96,IF($D$79="Mittlere Prognose",W96,IF($D$79="Untere Prognose (Pessimistische Prognose)",AB96,"")))),-2)) -> -243500 | J84: Mittlerer Prongosewert | K84: =IF($D$51="Gemittelte Gesamtprognose",K60,"") | L84: =IF($D$51="Gemittelte Gesamtprognose",L60,"") | M84: =IF($D$51="Gemittelte Gesamtprognose",M60,"")
B85: {=_xlfn.ANCHORARRAY(M44)} -> Ceramic Smooth Hydrophobic-1 | D85: =IF(Eingabe!A13=FALSE,0,-ROUND(IF($D$79="Gemittelte Gesamtprognose",J97,IF($D$79="Obere Prognose (Optimiste Prognose)",O97,IF($D$79="Mittlere Prognose",T97,IF($D$79="Untere Prognose (Pessimistische Prognose)",Y97,"")))),-2)) -> -57700 | E85: =IF(Eingabe!A13=FALSE,0,-ROUND(IF($D$79="Gemittelte Gesamtprognose",K97,IF($D$79="Obere Prognose (Optimiste Prognose)",P97,IF($D$79="Mittlere Prognose",U97,IF($D$79="Untere Prognose (Pessimistische Prognose)",Z97,"")))),-2)) -> -197000 | F85: =IF(Eingabe!A13=FALSE,0,-ROUND(IF($D$79="Gemittelte Gesamtprognose",L97,IF($D$79="Obere Prognose (Optimiste Prognose)",Q97,IF($D$79="Mittlere Prognose",V97,IF($D$79="Untere Prognose (Pessimistische Prognose)",AA97,"")))),-2)) -> -113700 | G85: =IF(Eingabe!A13=FALSE,0,-ROUND(IF($D$79="Gemittelte Gesamtprognose",M97,IF($D$79="Obere Prognose (Optimiste Prognose)",R97,IF($D$79="Mittlere Prognose",W97,IF($D$79="Untere Prognose (Pessimistische Prognose)",AB97,"")))),-2)) -> -241700 | J85: Untere Prognose (Pessimistische Prognose) | K85: =IF($D$51="Gemittelte Gesamtprognose",K61,"") | L85: =IF($D$51="Gemittelte Gesamtprognose",L61,"") | M85: =IF($D$51="Gemittelte Gesamtprognose",M61,"")
B87: Kühlen | D87: Kostenreduktion | F87: Emissionsreduktion | I87: =IF(AND(D83=0,D89=0),"keine Amortisation",F98*12) -> 0.2014619 | K87: =K83 | L87: =L83 | M87: =M83
D88: im Mittel | E88: bis zu | F88: im Mittel | G88: bis zu | K88: =K84-K83 -> #VALUE! | L88: =L84-L83 -> #VALUE! | M88: =M84-M83 -> #VALUE!
B89: =K44 -> ZnO-Nanopartikel | D89: =IF(Eingabe!A14=FALSE,0,-ROUND(IF($D$79="Gemittelte Gesamtprognose",J101,IF($D$79="Obere Prognose (Optimiste Prognose)",O101,IF($D$79="Mittlere Prognose",T101,IF($D$79="Untere Prognose (Pessimistische Prognose)",Y101,"")))),-2)) -> -15800 | E89: =IF(Eingabe!A14=FALSE,0,-ROUND(IF($D$79="Gemittelte Gesamtprognose",K101,IF($D$79="Obere Prognose (Optimiste Prognose)",P101,IF($D$79="Mittlere Prognose",U101,IF($D$79="Untere Prognose (Pessimistische Prognose)",Z101,"")))),-2)) -> -18200 | F89: =IF(Eingabe!A14=FALSE,0,-ROUND(IF($D$79="Gemittelte Gesamtprognose",L101,IF($D$79="Obere Prognose (Optimiste Prognose)",Q101,IF($D$79="Mittlere Prognose",V101,IF($D$79="Untere Prognose (Pessimistische Prognose)",AA101,"")))),-2)) -> 1800 | G89: =IF(Eingabe!A14=FALSE,0,-ROUND(IF($D$79="Gemittelte Gesamtprognose",M101,IF($D$79="Obere Prognose (Optimiste Prognose)",R101,IF($D$79="Mittlere Prognose",W101,IF($D$79="Untere Prognose (Pessimistische Prognose)",AB101,"")))),-2)) -> -6200 | K89: =K85-K84 -> #VALUE! | L89: =L85-L84 -> #VALUE! | M89: =M85-M84 -> #VALUE!
B90: =L44 -> Versilbert | D90: =IF(Eingabe!A14=FALSE,0,-ROUND(IF($D$79="Gemittelte Gesamtprognose",J102,IF($D$79="Obere Prognose (Optimiste Prognose)",O102,IF($D$79="Mittlere Prognose",T102,IF($D$79="Untere Prognose (Pessimistische Prognose)",Y102,"")))),-2)) -> -14700 | E90: =IF(Eingabe!A14=FALSE,0,-ROUND(IF($D$79="Gemittelte Gesamtprognose",K102,IF($D$79="Obere Prognose (Optimiste Prognose)",P102,IF($D$79="Mittlere Prognose",U102,IF($D$79="Untere Prognose (Pessimistische Prognose)",Z102,"")))),-2)) -> -18700 | F90: =IF(Eingabe!A14=FALSE,0,-ROUND(IF($D$79="Gemittelte Gesamtprognose",L102,IF($D$79="Obere Prognose (Optimiste Prognose)",Q102,IF($D$79="Mittlere Prognose",V102,IF($D$79="Untere Prognose (Pessimistische Prognose)",AA102,"")))),-2)) -> 5300 | G90: =IF(Eingabe!A14=FALSE,0,-ROUND(IF($D$79="Gemittelte Gesamtprognose",M102,IF($D$79="Obere Prognose (Optimiste Prognose)",R102,IF($D$79="Mittlere Prognose",W102,IF($D$79="Untere Prognose (Pessimistische Prognose)",AB102,"")))),-2)) -> -7700
B91: =M44 -> Ceramic Smooth Hydrophobic-1 | D91: =IF(Eingabe!A14=FALSE,0,-ROUND(IF($D$79="Gemittelte Gesamtprognose",J103,IF($D$79="Obere Prognose (Optimiste Prognose)",O103,IF($D$79="Mittlere Prognose",T103,IF($D$79="Untere Prognose (Pessimistische Prognose)",Y103,"")))),-2)) -> -13900 | E91: =IF(Eingabe!A14=FALSE,0,-ROUND(IF($D$79="Gemittelte Gesamtprognose",K103,IF($D$79="Obere Prognose (Optimiste Prognose)",P103,IF($D$79="Mittlere Prognose",U103,IF($D$79="Untere Prognose (Pessimistische Prognose)",Z103,"")))),-2)) -> -18600 | F91: =IF(Eingabe!A14=FALSE,0,-ROUND(IF($D$79="Gemittelte Gesamtprognose",L103,IF($D$79="Obere Prognose (Optimiste Prognose)",Q103,IF($D$79="Mittlere Prognose",V103,IF($D$79="Untere Prognose (Pessimistische Prognose)",AA103,"")))),-2)) -> 7800 | G91: =IF(Eingabe!A14=FALSE,0,-ROUND(IF($D$79="Gemittelte Gesamtprognose",M103,IF($D$79="Obere Prognose (Optimiste Prognose)",R103,IF($D$79="Mittlere Prognose",W103,IF($D$79="Untere Prognose (Pessimistische Prognose)",AB103,"")))),-2)) -> -7500
J92: Gemittelte Prognose | O92: Obere Prognose (Optimiste Prognose) | T92: Mittlere Prognose | Y92: Untere Prognose (Pessimistische Prognose)
B93: Wirtschaftlichkeit einer Beschichtung | J93: Kostenreduktion | L93: Emissionsreduktion | O93: Kostenreduktion | Q93: Emissionsreduktion | T93: Kostenreduktion | V93: Emissionsreduktion | Y93: Kostenreduktion | AA93: Emissionsreduktion
J94: im Mittel | K94: bis zu | L94: im Mittel | M94: bis zu | O94: im Mittel | P94: bis zu | Q94: im Mittel | R94: bis zu | T94: im Mittel | U94: bis zu | V94: im Mittel | W94: bis zu | Y94: im Mittel | Z94: bis zu | AA94: im Mittel | AB94: bis zu
I95: =K44 -> ZnO-Nanopartikel | J95: =ROUND('Berechnung-WÜ-Material'!D196,0) -> 112767 | K95: =ROUND('Berechnung-WÜ-Material'!E194,0) -> 220536 | L95: =ROUND('Berechnung-WÜ-Material'!G196,0) -> 164303 | M95: =ROUND('Berechnung-WÜ-Material'!H194,0) -> 278467 | O95: =ROUND('Berechnung-WÜ-Material'!C196,0) -> 85223 | P95: =ROUND('Berechnung-WÜ-Material'!C194,0) -> 139741 | Q95: =ROUND('Berechnung-WÜ-Material'!F196,0) -> 103602 | R95: =ROUND('Berechnung-WÜ-Material'!F194,0) -> 169877 | T95: =ROUND('Berechnung-WÜ-Material'!D196,0) -> 112767 | U95: =ROUND('Berechnung-WÜ-Material'!D194,0) -> 184905 | V95: =ROUND('Berechnung-WÜ-Material'!G196,0) -> 164303 | W95: =ROUND('Berechnung-WÜ-Material'!G194,0) -> 230579 | Y95: =ROUND('Berechnung-WÜ-Material'!E196,0) -> 134497 | Z95: =ROUND('Berechnung-WÜ-Material'!E194,0) -> 220536 | AA95: =ROUND('Berechnung-WÜ-Material'!H196,0) -> 212192 | AB95: =ROUND('Berechnung-WÜ-Material'!H194,0) -> 278467
B96: =B38 -> ZnO-Nanopartikel | D96: Wert aus Datenbank: | F96: =IF(I38<>0,"Wert verfügbar","Kein Wert verfügbar") -> Kein Wert verfügbar | G96: =IF(I38<>0,I38,"") | I96: =L44 -> Versilbert | J96: =ROUND('Berechnung-WÜ-Material'!L196,0) -> 80933 | K96: =ROUND('Berechnung-WÜ-Material'!M194,0) -> 237352 | L96: =ROUND('Berechnung-WÜ-Material'!O196,0) -> 135057 | M96: =ROUND('Berechnung-WÜ-Material'!P194,0) -> 291421 | O96: =ROUND('Berechnung-WÜ-Material'!K196,0) -> 61164 | P96: =ROUND('Berechnung-WÜ-Material'!K194,0) -> 150396 | Q96: =ROUND('Berechnung-WÜ-Material'!N196,0) -> 74355 | R96: =ROUND('Berechnung-WÜ-Material'!N194,0) -> 182830 | T96: =ROUND('Berechnung-WÜ-Material'!L196,0) -> 80933 | U96: =ROUND('Berechnung-WÜ-Material'!L194,0) -> 199004 | V96: =ROUND('Berechnung-WÜ-Material'!O196,0) -> 135057 | W96: =ROUND('Berechnung-WÜ-Material'!O194,0) -> 243532 | Y96: =ROUND('Berechnung-WÜ-Material'!M196,0) -> 96528 | Z96: =ROUND('Berechnung-WÜ-Material'!M194,0) -> 237352 | AA96: =ROUND('Berechnung-WÜ-Material'!P196,0) -> 182946 | AB96: =ROUND('Berechnung-WÜ-Material'!P194,0) -> 291421
D97: Mehrkosten pro Platte: | F97: 127 | H97: =-(F97*D11)/SUM(D83,D89) -> 0.016788491 | I97: =M44 -> Ceramic Smooth Hydrophobic-1 | J97: =ROUND('Berechnung-WÜ-Material'!T196,0) -> 57716 | K97: =ROUND('Berechnung-WÜ-Material'!U194,0) -> 234928 | L97: =ROUND('Berechnung-WÜ-Material'!W196,0) -> 113727 | M97: =ROUND('Berechnung-WÜ-Material'!X194,0) -> 289554 | O97: =ROUND('Berechnung-WÜ-Material'!S196,0) -> 43618 | P97: =ROUND('Berechnung-WÜ-Material'!S194,0) -> 148860 | Q97: =ROUND('Berechnung-WÜ-Material'!V196,0) -> 53025 | R97: =ROUND('Berechnung-WÜ-Material'!V194,0) -> 180963 | T97: =ROUND('Berechnung-WÜ-Material'!T196,0) -> 57716 | U97: =ROUND('Berechnung-WÜ-Material'!T194,0) -> 196971 | V97: =ROUND('Berechnung-WÜ-Material'!W196,0) -> 113727 | W97: =ROUND('Berechnung-WÜ-Material'!W194,0) -> 241665 | Y97: =ROUND('Berechnung-WÜ-Material'!U196,0) -> 68838 | Z97: =ROUND('Berechnung-WÜ-Material'!U194,0) -> 234928 | AA97: =ROUND('Berechnung-WÜ-Material'!X196,0) -> 161615 | AB97: =ROUND('Berechnung-WÜ-Material'!X194,0) -> 289554
D98: Amortisation im Mittel nach: | F98: =IF(AND(D83=0,D89=0),"keine Amortisation",H97) -> 0.016788491 | G98: {=IF(AND(D83=0,D89=0),"keine Amortisation",F98*'Ausgabe Standortbewertung'!B94:C94)} -> 100.73095 | H98: 0
D99: =IF(F98<10,"Beschichtung wird empfhohlen",IF(F98<=20,"Beschichtung möglich",IF(F98>20,"Beschichtung nicht wirtschaftlich"))) -> Beschichtung wird empfhohlen | J99: Kostenreduktion | L99: Emissionsreduktion | O99: Kostenreduktion | Q99: Emissionsreduktion | T99: Kostenreduktion | V99: Emissionsreduktion | Y99: Kostenreduktion | AA99: Emissionsreduktion
B100: =B39 -> Versilbert | D100: Wert aus Datenbank: | F100: =IF(I39<>0,"Wert verfügbar","Kein Wert verfügbar") -> Wert verfügbar | G100: =IF(I39<>0,I39,"") -> 127 €/Platte | J100: im Mittel | K100: bis zu | L100: im Mittel | M100: bis zu | O100: im Mittel | P100: bis zu | Q100: im Mittel | R100: bis zu | T100: im Mittel | U100: bis zu | V100: im Mittel | W100: bis zu | Y100: im Mittel | Z100: bis zu | AA100: im Mittel | AB100: bis zu
D101: Mehrkosten pro Platte: | F101: 127 | H101: =-(F101*D11)/SUM(D84,D90) -> 0.022583682 | I101: =K44 -> ZnO-Nanopartikel | J101: =ROUND('Berechnung-WÜ-Material'!D205,0) -> 15756 | K101: =ROUND('Berechnung-WÜ-Material'!E203,0) -> 27611 | L101: ='Berechnung-WÜ-Material'!G205 -> -1764.9368 | M101: ='Berechnung-WÜ-Material'!H203 -> 5102.4277 | O101: =ROUND('Berechnung-WÜ-Material'!C205,0) -> 3854 | P101: =ROUND('Berechnung-WÜ-Material'!C203,0) -> 6320 | Q101: =ROUND('Berechnung-WÜ-Material'!F205,0) -> 4588 | R101: =ROUND('Berechnung-WÜ-Material'!F203,0) -> 7523 | T101: =ROUND('Berechnung-WÜ-Material'!D205,0) -> 15756 | U101: =ROUND('Berechnung-WÜ-Material'!D203,0) -> 18222 | V101: =ROUND('Berechnung-WÜ-Material'!G205,0) -> -1765 | W101: =ROUND('Berechnung-WÜ-Material'!G203,0) -> 6170 | Y101: =ROUND('Berechnung-WÜ-Material'!E205,0) -> 25146 | Z101: =ROUND('Berechnung-WÜ-Material'!E203,0) -> 27611 | AA101: =ROUND('Berechnung-WÜ-Material'!H205,0) -> -6777 | AB101: =ROUND('Berechnung-WÜ-Material'!H203,0) -> 5102
D102: Amortisation im Mittel nach: | F102: =IF(AND(D84=0,D90=0),"keine Amortisation",H101) -> 0.022583682 | G102: {=IF(AND(D84=0,D90=0),"keine Amortisation",F102*'Ausgabe Standortbewertung'!B94:C94)} -> 135.50209 | H102: 0 | I102: =L44 -> Versilbert | J102: =ROUND('Berechnung-WÜ-Material'!L205,0) -> 14668 | K102: =ROUND('Berechnung-WÜ-Material'!M203,0) -> 28093 | L102: ='Berechnung-WÜ-Material'!O205 -> -5266.5908 | M102: ='Berechnung-WÜ-Material'!P203 -> 7424.2145 | O102: =ROUND('Berechnung-WÜ-Material'!K205,0) -> 2766 | P102: =ROUND('Berechnung-WÜ-Material'!K203,0) -> 6801 | Q102: =ROUND('Berechnung-WÜ-Material'!N205,0) -> 3293 | R102: =ROUND('Berechnung-WÜ-Material'!N203,0) -> 8097 | T102: =ROUND('Berechnung-WÜ-Material'!L205,0) -> 14668 | U102: =ROUND('Berechnung-WÜ-Material'!L203,0) -> 18703 | V102: =ROUND('Berechnung-WÜ-Material'!O205,0) -> -5267 | W102: =ROUND('Berechnung-WÜ-Material'!O203,0) -> 7721 | Y102: =ROUND('Berechnung-WÜ-Material'!M205,0) -> 24058 | Z102: =ROUND('Berechnung-WÜ-Material'!M203,0) -> 28093 | AA102: =ROUND('Berechnung-WÜ-Material'!P205,0) -> -12019 | AB102: =ROUND('Berechnung-WÜ-Material'!P203,0) -> 7424
D103: =IF(F102<10,"Beschichtung wird empfhohlen",IF(F102<=20,"Beschichtung möglich",IF(F102>20,"Beschichtung nicht wirtschaftlich"))) -> Beschichtung wird empfhohlen | I103: =M44 -> Ceramic Smooth Hydrophobic-1 | J103: =ROUND('Berechnung-WÜ-Material'!T205,0) -> 13875 | K103: =ROUND('Berechnung-WÜ-Material'!U203,0) -> 28024 | L103: ='Berechnung-WÜ-Material'!W205 -> -7820.3827 | M103: ='Berechnung-WÜ-Material'!X203 -> 7089.5579 | O103: =ROUND('Berechnung-WÜ-Material'!S205,0) -> 1973 | P103: =ROUND('Berechnung-WÜ-Material'!S203,0) -> 6732 | Q103: =ROUND('Berechnung-WÜ-Material'!V205,0) -> 2348 | R103: =ROUND('Berechnung-WÜ-Material'!V203,0) -> 8014 | T103: =ROUND('Berechnung-WÜ-Material'!T205,0) -> 13875 | U103: =ROUND('Berechnung-WÜ-Material'!T203,0) -> 18634 | V103: =ROUND('Berechnung-WÜ-Material'!W205,0) -> -7820 | W103: =ROUND('Berechnung-WÜ-Material'!W203,0) -> 7497 | Y103: =ROUND('Berechnung-WÜ-Material'!U205,0) -> 23264 | Z103: =ROUND('Berechnung-WÜ-Material'!U203,0) -> 28024 | AA103: =ROUND('Berechnung-WÜ-Material'!X205,0) -> -15843 | AB103: =ROUND('Berechnung-WÜ-Material'!X203,0) -> 7090
B104: =B40 -> Ceramic Smooth Hydrophobic-1 | D104: Wert aus Datenbank: | F104: =IF(I40<>0,"Wert verfügbar","Kein Wert verfügbar") -> Kein Wert verfügbar | G104: =IF(I40<>0,I40,"")
D105: Mehrkosten pro Platte: | F105: 1000 | H105: =-(F105*D11)/SUM(D85,D91) -> 0.23743017
D106: Amortisation im Mittel nach: | F106: =IF(AND(D85=0,D91=0),"keine Amortisation",H105) -> 0.23743017 | G106: {=IF(AND(D85=0,D91=0),"keine Amortisation",F106*'Ausgabe Standortbewertung'!B94:C94)} -> 1424.581 | H106: 0
D107: =IF(F106<10,"Beschichtung wird empfhohlen",IF(F106<=20,"Beschichtung möglich",IF(F106>20,"Beschichtung nicht wirtschaftlich"))) -> Beschichtung wird empfhohlen

Sheet Wichtungsberechnung
B1: Hier die Ergebnisse aus der Output-Datei der PHREEQC-Modellierung eintragen:
B3: reaction | C3: si_Pyrolusite | D3: si_Nsutite | E3: si_Birnessite | F3: si_Bixbyite | G3: si_Hausmannite | H3: si_Manganite | I3: si_Magnetite | J3: si_Hematite | K3: si_Maghemite | L3: si_Scorodite | M3: si_Goethite | N3: si_Fe(OH)3(a) | O3: si_Fe3(OH)8 | P3: si_Gibbsite | Q3: si_Diaspore | R3: si_Boehmite | S3: si_AlAsO4:2H2O | T3: si_Zincite(c) | U3: si_Zn3(AsO4)2:2.5w | V3: si_Zn(OH)2-a | W3: si_Arsenolite | X3: si_Claudetite | Y3: si_As2O5(cr)
A4: Startwerte | B4: -99 | C4: 3.4791 | D4: 4.401 | E4: 3.364 | F4: -2.1012 | G4: -10.3104 | H4: -0.1054 | I4: 7.0105 | J4: 16.8614 | K4: 7.4651 | L4: 0.363 | M4: 7.4569 | N4: 2.0336 | O4: -7.8449 | P4: -2.6293 | Q4: -1.4585 | R4: -3.2767 | S4: -4.7554 | T4: -7.6875 | U4: -13.5975 | V4: -8.2911 | W4: -55.8567 | X4: -55.9091 | Y4: -19.651
A5: Heizen | B5: -99 | C5: 3.5026 | D5: 4.5995 | E5: 3.5625 | F5: -2.0677 | G5: -10.3532 | H5: 0.0012 | I5: 6.9145 | J5: 16.8489 | K5: 7.5355 | L5: 0.3778 | M5: 7.4532 | N5: 2.0688 | O5: -7.8052 | P5: -2.6674 | Q5: -1.5017 | R5: -3.3293 | S5: -4.7527 | T5: -7.7321 | U5: -13.5958 | V5: -8.2769 | W5: -56.067 | X5: -56.1204 | Y5: -19.6937
A6: Kühlen
B8: Aluminium | G8: Arsen | L8: Eisen | S8: Mangan | Y8: Zink
B9: Boehimt | C9: Diaspor | D9: Gibbsit | E9: Mansfieldit | F9: Scorodit | G9: Arsenic pentoxide | H9: Arsenolith | I9: Caludetit | J9: Davidlloydit | K9: Mansfieldit | L9: Eisen-(III)-Hydroxid | M9: Fe_3(OH)_8 | N9: Goethit | O9: Hämatit | P9: Maghemit | Q9: Magnetit | R9: Scordit | S9: Birnessit | T9: Bixbyit | U9: Hausmannit | V9: Manganit | W9: Nsutit | X9: Pyrolusit | Y9: Zinkit | Z9: Davidlloydit | AA9: Zinkhydroxid
B10: {=R3:R6} -> si_Boehmite | C10: {=Q3:Q6} -> si_Diaspore | D10: {=P3:P6} -> si_Gibbsite | E10: {=S3:S6} -> si_AlAsO4:2H2O | F10: {=L3:L6} -> si_Scorodite | G10: {=Y3:Y6} -> si_As2O5(cr) | H10: {=W3:W6} -> si_Arsenolite | I10: {=X3:X6} -> si_Claudetite | J10: {=U3:U6} -> si_Zn3(AsO4)2:2.5w | K10: {=S3:S6} -> si_AlAsO4:2H2O | L10: {=N3:N6} -> si_Fe(OH)3(a) | M10: {=O3:O6} -> si_Fe3(OH)8 | N10: {=M3:M6} -> si_Goethite | O10: {=J3:J6} -> si_Hematite | P10: {=K3:K6} -> si_Maghemite | Q10: {=I3:I6} -> si_Magnetite | R10: {=L3:L6} -> si_Scorodite | S10: {=E3:E6} -> si_Birnessite | T10: {=F3:F6} -> si_Bixbyite | U10: {=G3:G6} -> si_Hausmannite | V10: {=H3:H6} -> si_Manganite | W10: {=D3:D6} -> si_Nsutite | X10: {=C3:C6} -> si_Pyrolusite | Y10: {=T3:T6} -> si_Zincite(c) | Z10: {=U3:U6} -> si_Zn3(AsO4)2:2.5w | AA10: {=V3:V6} -> si_Zn(OH)2-a
B11: -3.2767 | C11: -1.4585 | D11: -2.6293 | E11: -4.7554 | F11: 0.363 | G11: -19.651 | H11: -55.8567 | I11: -55.9091 | J11: -13.5975 | K11: -4.7554 | L11: 2.0336 | M11: -7.8449 | N11: 7.4569 | O11: 16.8614 | P11: 7.4651 | Q11: 7.0105 | R11: 0.363 | S11: 3.364 | T11: -2.1012 | U11: -10.3104 | V11: -0.1054 | W11: 4.401 | X11: 3.4791 | Y11: -7.6875 | Z11: -13.5975 | AA11: -8.2911
B12: -3.3293 | C12: -1.5017 | D12: -2.6674 | E12: -4.7527 | F12: 0.3778 | G12: -19.6937 | H12: -56.067 | I12: -56.1204 | J12: -13.5958 | K12: -4.7527 | L12: 2.0688 | M12: -7.8052 | N12: 7.4532 | O12: 16.8489 | P12: 7.5355 | Q12: 6.9145 | R12: 0.3778 | S12: 3.5625 | T12: -2.0677 | U12: -10.3532 | V12: 0.0012 | W12: 4.5995 | X12: 3.5026 | Y12: -7.7321 | Z12: -13.5958 | AA12: -8.2769
B13: 0 | C13: 0 | D13: 0 | E13: 0 | F13: 0 | G13: 0 | H13: 0 | I13: 0 | J13: 0 | K13: 0 | L13: 0 | M13: 0 | N13: 0 | O13: 0 | P13: 0 | Q13: 0 | R13: 0 | S13: 0 | T13: 0 | U13: 0 | V13: 0 | W13: 0 | X13: 0 | Y13: 0 | Z13: 0 | AA13: 0
B15: =IF(B11<>0,B11,"") -> -3.2767 | C15: =IF(C11<>0,C11,"") -> -1.4585 | D15: =IF(D11<>0,D11,"") -> -2.6293 | E15: =IF(E11<>0,E11,"") -> -4.7554 | F15: =IF(F11<>0,F11,"") -> 0.363 | G15: =IF(G11<>0,G11,"") -> -19.651 | H15: =IF(H11<>0,H11,"") -> -55.8567 | I15: =IF(I11<>0,I11,"") -> -55.9091 | ... AA15: =IF(AA11<>0,AA11,"") -> -8.2911
B16: =IF(B12<>0,B12,"") -> -3.3293 | C16: =IF(C12<>0,C12,"") -> -1.5017 | D16: =IF(D12<>0,D12,"") -> -2.6674 | E16: =IF(E12<>0,E12,"") -> -4.7527 | F16: =IF(F12<>0,F12,"") -> 0.3778 | G16: =IF(G12<>0,G12,"") -> -19.6937 | H16: =IF(H12<>0,H12,"") -> -56.067 | I16: =IF(I12<>0,I12,"") -> -56.1204 | ... AA16: =IF(AA12<>0,AA12,"") -> -8.2769
B17: =IF(B13<>0,B13,"") | C17: =IF(C13<>0,C13,"") | D17: =IF(D13<>0,D13,"") | E17: =IF(E13<>0,E13,"") | F17: =IF(F13<>0,F13,"") | G17: =IF(G13<>0,G13,"") | H17: =IF(H13<>0,H13,"") | I17: =IF(I13<>0,I13,"") | ... AA17: =IF(AA13<>0,AA13,"")
A18: Mittelwert | B18: =AVERAGE(B15:B17) -> -3.303 | C18: =AVERAGE(C15:C17) -> -1.4801 | D18: =AVERAGE(D15:D17) -> -2.64835 | E18: =AVERAGE(E15:E17) -> -4.75405 | F18: =AVERAGE(F15:F17) -> 0.3704 | G18: =AVERAGE(G15:G17) -> -19.67235 | H18: =AVERAGE(H15:H17) -> -55.96185 | I18: =AVERAGE(I15:I17) -> -56.01475 | ... AA18: =AVERAGE(AA15:AA17) -> -8.284
A20: Über 0? | B20: =IF(B18>0,B18,"") | C20: =IF(C18>0,C18,"") | D20: =IF(D18>0,D18,"") | E20: =IF(E18>0,E18,"") | F20: =IF(F18>0,F18,"") -> 0.3704 | G20: =IF(G18>0,G18,"") | H20: =IF(H18>0,H18,"") | I20: =IF(I18>0,I18,"") | ... AA20: =IF(AA18>0,AA18,"")
A22: Mittelwert SI_i | F22: =IF(SUM(B20:F20)>0,AVERAGE(B20:F20),0) -> 0.3704 | K22: =IF(SUM(G20:K20)>0,AVERAGE(G20:K20),0) -> 0 | R22: =IF(SUM(L20:R20)>0,AVERAGE(L20:R20),0) -> 6.8657667 | X22: =IF(SUM(S20:X20)>0,AVERAGE(S20:X20),0) -> 3.8181167 | AA22: =IF(SUM(Y20:AA20)>0,AVERAGE(Y20:AA20),0) -> 0
A24: Wichtungsfaktor | F24: =1+F22 -> 1.3704 | K24: =1+K22 -> 1 | R24: =1+R22 -> 7.8657667 | X24: =1+X22 -> 4.8181167 | AA24: =1+AA22 -> 1
B26: Fe | C26: As | D26: Mn | E26: Al | F26: Zn
B27: =R24 -> 7.8657667 | C27: =K24 -> 1 | D27: =X24 -> 4.8181167 | E27: =F24 -> 1.3704 | F27: =AA24 -> 1

Sheet Beispielskript Modellierung
B1: Eingabewerte PHREEQC-Modellierung
B2: Startwerte | C2: Heizen | D2: Kühlen
B3: Modellierung 1 | C3: Modellierung 2 | D3: Modellierung 3
A4: Temperatur | B4: =Eingabe!D24 -> 12.2 | C4: =Eingabe!D24-Eingabe!E26 -> 6 | D4: =Eingabe!D24+Eingabe!E27 -> 17.2
A5: pε | B5: {=Eingabe!O24:Q24} -> 2 | C5: 2.0346492 | D5: 1.9746855
A6: Partialdruck Sauerstoff | B6: {=Eingabe!S25:U25} -> 0.096278204 | C6: 0.086871539 | D6: 0.10673243
A8: Beispielskript
A9: SOLUTION 1
A11: units ppm
A13: temp 29.00 #Grubenwassertemperatur --> Ändern für Heizenmodus/Kühlmodus
A14: pH 6.38
A15: pe 9.71 # Konzentration redoxwirksame Spezies --> Ändern für Heizenmodus/Kühlmodus
A17: Mn 0.240
A18: Fe 4.46
A19: Al 0.03
A20: Zn 0.013
A21: As 0.021
A23: #ab hier können weitere Elementkonzentrationen eingetragen werden
... A68: -saturation_indices As2O5(cr)

Sheet Punkteberechnung
A1: Parameter für Punktevergabe | G1: Physikalische Parameter | J1: chemische Parameter | X1: Biologische Parameter | AW1: Toxizität | BN1: Wirtschaftlichkeit
G2: Strömungsgeschwindigkeit | H2: Temperatur | K2: pH-Wert | M2: Eisen | O2: Arsen | Q2: Mangan | S2: Aluminium | U2: Zink | X2: TOC | Z2: DOC | AB2: Sulfat | AD2: Nitrat | AF2: Phosphat | AH2: Redox-Potenzial | AJ2: Elektronenakzeptor (O2) | AL2: Elektronendonor | AO2: Bakterientest allgemein | AQ2: Schleimbildende Bakterien | AS2: Sulfatreduzierende Bakterien | AU2: Eisenreduzierende Bakterien | AX2: U | AZ2: Cd | BB2: Pb | BD2: PAK | BF2: PCB | BI2: Coliforme Bakterien | BK2: P.aeruginosa | BN2: Temperatur | BP2: Volumenstrom | BR2: Bohrtiefe | BT2: Anlagenleistung Heizen | BV2: Anlagenleistung Kühlen | BX2: Belegungsdichte Nahwärmenetz | BZ2: Amortisationsdauer
K3: Grenzwerte | L3: Punkte | M3: µg/l | N3: Punkte | O3: µg/l | P3: Punkte | Q3: µg/l | R3: Punkte | S3: µg/l | T3: Punkte | U3: µg/l | V3: Punkte | X3: mg/l | Y3: Punkte | Z3: mg/l | AA3: Punkte | AB3: mg/l | AC3: Punkte | AD3: mg/l | AE3: Punkte | AF3: mg/l | AG3: Punkte | AH3: mV | AI3: Punkte | AJ3: mg/l | AK3: Punkte | AL3: mg/l | AM3: Punkte | AO3: Eingabe | AP3: Punkte | AQ3: Eingabe | AR3: Punkte | AS3: Eingabe | AT3: Punkte | AU3: Eingabe | AV3: Punkte | AX3: µg/l | AY3: Punkte | AZ3: µg/l | BA3: Punkte | BB3: µg/l | BC3: Punkte | BD3: µg/l | BE3: Punkte | BF3: µg/l | BG3: Punkte | BI3: Eingabe | BJ3: Punkte | BK3: Eingabe | BL3: Punkte | BN3: Wert | BO3: Punkte | BP3: Wert | BQ3: Punkte | BR3: Wert | BS3: Punkte | BT3: Wert | BU3: Punkte | BV3: Wert | BW3: Punkte | BX3: Wert | BY3: Punkte | BZ3: Wert | CA3: Punkte
J4: Obere Grenze | K4: =Eingabe!H19 -> 9.5 | L4: 5 | M4: =Eingabe!I19 -> 200 | N4: 5 | O4: =Eingabe!J19 -> 10 | P4: 5 | Q4: =Eingabe!K19 -> 50 | R4: 5 | S4: =Eingabe!L19 -> 200 | T4: 5 | U4: =Eingabe!M19 -> 4000 | V4: 5 | W4: Obere Grenze | X4: =Eingabe!D34 -> 7 | Y4: 5 | Z4: =Eingabe!E34 -> 2.5 | AA4: 5 | AB4: =Eingabe!F34 -> 250 | AC4: 5 | AD4: =Eingabe!G34 -> 50 | AE4: 5 | AF4: =Eingabe!H34 -> 0.07 | AG4: 5 | AH4: =Eingabe!I34 -> 300 | AI4: 5 | AJ4: =Eingabe!J34 -> 5.415 | AK4: 5 | AL4: =Eingabe!K34 -> 0.2 | AM4: 5 | AN4: Auswahl-möglichkeiten | AO4: Sehr hoch (≥10^6 CFU/ml) | AP4: 0 | AQ4: Sehr hoch (≥10^6 CFU/ml) | AR4: 0 | AS4: Sehr hoch (≥10^6 CFU/ml) | AT4: 0 | AU4: Sehr hoch (≥10^6 CFU/ml) | AV4: 0 | AW4: Obere Grenze | AX4: =Eingabe!R34 -> 10 | AY4: 5 | AZ4: =Eingabe!S34 -> 3 | BA4: 5 | BB4: =Eingabe!T34 -> 10 | BC4: 5 | BD4: =Eingabe!U34 -> 0.1 | BE4: 5 | BF4: =Eingabe!V34 -> 0.01 | BG4: 5 | BH4: Auswahl-möglichkeiten | BI4: Sehr hoch (≥10^6 CFU/ml) | BJ4: 0 | BK4: Sehr hoch (≥10^6 CFU/ml) | BL4: 0 | BM4: Rahmenpunkte ⭢ 2,5 Pkt. | BN4: 12.9 | BO4: 2.5 | BP4: 21 | BQ4: 2.5 | BR4: 745 | BS4: 2.5 | BT4: 100 | BU4: 2.5 | BV4: 100 | BW4: 2.5 | BX4: 1500 | BY4: 2.5 | BZ4: 20 | CA4: 0
J5: Untere Grenze | K5: =Eingabe!H20 -> 6.5 | L5: 5 | AO5: Moderat (≥10^4 <10^6 CFU/ml) | AP5: 5 | AQ5: Moderat (≥10^4 <10^6 CFU/ml) | AR5: 5 | AS5: Moderat (≥10^4 <10^6 CFU/ml) | AT5: 5 | AU5: Moderat (≥10^4 <10^6 CFU/ml) | AV5: 5 | BI5: Moderat (≥10^4 <10^6 CFU/ml) | BJ5: 5 | BK5: Moderat (≥10^4 <10^6 CFU/ml) | BL5: 5 | BM5: Rahmenpunkte ⭢ 5 Pkt. | BN5: 16.4 | BO5: 5 | BP5: 108 | BQ5: 5 | BR5: 320 | BS5: 5 | BT5: 740 | BU5: 5 | BV5: 740 | BW5: 5 | BX5: 2000 | BY5: 5
J6: Maximale Punktzahl | K6: 7 | L6: 10 | M6: =Eingabe!I20 -> 0 | N6: 10 | O6: =Eingabe!J20 -> 0 | P6: 10 | Q6: =Eingabe!K20 -> 0 | R6: 10 | S6: =Eingabe!L20 -> 0 | T6: 10 | U6: =Eingabe!M20 -> 0 | V6: 10 | W6: Maximale Punktzahl | X6: 0 | Y6: 10 | Z6: 0 | AA6: 10 | AB6: 0 | AC6: 10 | AD6: 0 | AE6: 10 | AF6: 0 | AG6: 10 | AH6: =Eingabe!I35 -> 0 | AI6: 10 | AJ6: =Eingabe!J35 -> 0 | AK6: 10 | AL6: =Eingabe!K35 -> 0 | AM6: 10 | AO6: Niedrig (≥0 <10^4 CFU/ml) | AP6: 7.5 | AQ6: Niedrig (≥0 <10^4 CFU/ml) | AR6: 7.5 | AS6: Niedrig (≥0 <10^4 CFU/ml) | AT6: 7.5 | AU6: Niedrig (≥0 <10^4 CFU/ml) | AV6: 7.5 | AW6: Maximale Punktzahl | AX6: 0 | AY6: 10 | AZ6: 0 | BA6: 10 | BB6: 0 | BC6: 10 | BD6: 0 | BE6: 10 | BF6: 0 | BG6: 10 | BI6: Niedrig (≥0 <10^4 CFU/ml) | BJ6: 7.5 | BK6: Niedrig (≥0 <10^4 CFU/ml) | BL6: 7.5 | BM6: Rahmenpunkte ⭢ 7,5 Pkt. | BN6: 25.5 | BO6: 7.5 | BP6: 402 | BQ6: 7.5 | BR6: 140 | BS6: 7.5 | BT6: 3500 | BU6: 7.5 | BV6: 3500 | BW6: 7.5 | BX6: 2500 | BY6: 7.5 | BZ6: 5 | CA6: 10
A7: Anzahl der zu vergebenden Punkte | B7: 10 | AO7: Tests negativ | AP7: 10 | AQ7: Tests negativ | AR7: 10 | AS7: Tests negativ | AT7: 10 | AU7: Tests negativ | AV7: 10 | BI7: Tests negativ | BJ7: 10 | BK7: Tests negativ | BL7: 10
F8: Eingabewert | G8: ='Strömung-Temp-Fouling'!F4 -> 10.500672 | H8: Starttemperatur | I8: ='Strömung-Temp-Fouling'!B4 -> 12.2 | J8: Eingabewert | K8: =Eingabe!H24 -> 7.61 | M8: =Eingabe!I24 -> 690 | O8: =Eingabe!J24 -> 12 | Q8: =Eingabe!K24 -> 70 | S8: =Eingabe!L24 -> 20 | U8: =Eingabe!M24 -> 100 | W8: Eingabewert | X8: =Eingabe!D38 -> 2.5 | Z8: =Eingabe!E38 -> 0 | AB8: =Eingabe!F38 -> 560 | AD8: =Eingabe!G38 -> 0 | AF8: =Eingabe!H38 -> 0 | AH8: =Eingabe!I38 -> 113.26019 | AJ8: =Eingabe!J38 -> 12 | AL8: =Eingabe!K38 -> 0.69 | AO8: Kein Test durchgeführt | AQ8: Kein Test durchgeführt | AS8: Kein Test durchgeführt | AU8: Kein Test durchgeführt | AW8: Eingabewert | AX8: =Eingabe!R38 -> 0.1 | AZ8: =Eingabe!S38 -> 3 | BB8: =Eingabe!T38 -> 10 | BD8: =Eingabe!U38 -> 0 | BF8: =Eingabe!V38 -> 0 | BI8: Kein Test durchgeführt | BK8: Kein Test durchgeführt | BM8: Eingabewert | BN8: =Eingabe!D49 -> 12.2 | BP8: =Eingabe!E49 -> 300 | BR8: =Eingabe!F49 -> 0 | BT8: =Eingabe!H49 -> 2158.3388 | BV8: =Eingabe!I49 -> 1740.5958 | BX8: =Eingabe!L49 -> 3000 | BZ8: =Eingabe!O49 -> 0
H9: Temperatur Heizen | I9: ='Strömung-Temp-Fouling'!C4 -> 6
C10: Punkte | H10: Temperatur Kühlen | I10: ='Strömung-Temp-Fouling'!D4 -> 17.2 | AN10: Eingabewert | AO10: =Eingabe!M38 -> Sehr hoch (≥10^6 CFU/ml) | AP10: =IF(AO10="Sehr hoch (≥10^6 CFU/ml)",AP4,IF(AO10="Moderat (≥10^4 <10^6 CFU/ml)",AP5,IF(AO10="Niedrig (≥0 <10^4 CFU/ml)",AP6,IF(AO10="Tests negativ",AP7,IF(AO10="Kein Test durchgeführt","",""))))) -> 0 | AQ10: =Eingabe!N38 -> Moderat (≥10^4 <10^6 CFU/ml) | AR10: =IF(AQ10="Sehr hoch (≥10^6 CFU/ml)",AR4,IF(AQ10="Moderat (≥10^4 <10^6 CFU/ml)",AR5,IF(AQ10="Niedrig (≥0 <10^4 CFU/ml)",AR6,IF(AQ10="Tests negativ",AR7,IF(AQ10="Kein Test durchgeführt","",""))))) -> 5 | AS10: =Eingabe!O38 -> Sehr hoch (≥10^6 CFU/ml) | AT10: =IF(AS10="Sehr hoch (≥10^6 CFU/ml)",AT4,IF(AS10="Moderat (≥10^4 <10^6 CFU/ml)",AT5,IF(AS10="Niedrig (≥0 <10^4 CFU/ml)",AT6,IF(AS10="Tests negativ",AT7,IF(AS10="Kein Test durchgeführt","",""))))) -> 0 | AU10: =Eingabe!P38 -> Sehr hoch (≥10^6 CFU/ml) | AV10: =IF(AU10="Sehr hoch (≥10^6 CFU/ml)",AV4,IF(AU10="Moderat (≥10^4 <10^6 CFU/ml)",AV5,IF(AU10="Niedrig (≥0 <10^4 CFU/ml)",AV6,IF(AU10="Tests negativ",AV7,IF(AU10="Kein Test durchgeführt","",""))))) -> 0 | BH10: Eingabewert | BI10: =Eingabe!W38 -> Kein Test durchgeführt | BJ10: =IF(BI10="Sehr hoch (≥10^6 CFU/ml)",BJ4,IF(BI10="Moderat (≥10^4 <10^6 CFU/ml)",BJ5,IF(BI10="Niedrig (≥0 <10^4 CFU/ml)",BJ6,IF(BI10="Tests negativ",BJ7,IF(BI10="Kein Test durchgeführt","",""))))) | BK10: =Eingabe!X38 -> Tests negativ | BL10: =IF(BK10="Sehr hoch (≥10^6 CFU/ml)",BL4,IF(BK10="Moderat (≥10^4 <10^6 CFU/ml)",BL5,IF(BK10="Niedrig (≥0 <10^4 CFU/ml)",BL6,IF(BK10="Tests negativ",BL7,IF(BK10="Kein Test durchgeführt","",""))))) -> 10
A11: Drop-Down-Menü Biologische Parameter | B11: Sehr hoch (≥10^6 CFU/ml) | C11: 0 | X11: =IF(Eingabe!D37="Wert vorhanden",TRUE,FALSE) -> TRUE | Z11: =IF(Eingabe!E37="Wert vorhanden",TRUE,FALSE) -> FALSE | AB11: =IF(Eingabe!F37="Wert vorhanden",TRUE,FALSE) -> TRUE | AD11: =IF(Eingabe!G37="Wert vorhanden",TRUE,FALSE) -> FALSE | AF11: =IF(Eingabe!H37="Wert vorhanden",TRUE,FALSE) -> FALSE | AH11: =IF(Eingabe!I37="Wert vorhanden",TRUE,FALSE) -> TRUE | AJ11: =IF(Eingabe!J37="Wert vorhanden",TRUE,FALSE) -> TRUE | AL11: =IF(Eingabe!K37="Wert vorhanden",TRUE,FALSE) -> TRUE | AP11: =ISNUMBER(AP10) -> TRUE | AR11: =ISNUMBER(AR10) -> TRUE | AT11: =ISNUMBER(AT10) -> TRUE | AV11: =ISNUMBER(AV10) -> TRUE | AX11: =IF(Eingabe!R37="Wert vorhanden",TRUE,FALSE) -> TRUE | AZ11: =IF(Eingabe!S37="Wert vorhanden",TRUE,FALSE) -> TRUE | BB11: =IF(Eingabe!T37="Wert vorhanden",TRUE,FALSE) -> TRUE | BD11: =IF(Eingabe!U37="Wert vorhanden",TRUE,FALSE) -> FALSE | BF11: =IF(Eingabe!V37="Wert vorhanden",TRUE,FALSE) -> FALSE | BJ11: =ISNUMBER(BJ10) -> FALSE | BL11: =ISNUMBER(BL10) -> TRUE | BT11: =Eingabe!A13 -> TRUE | BV11: =Eingabe!A14 -> TRUE | BX11: =IF(Eingabe!L48="Wert vorhanden",TRUE,FALSE) -> TRUE | BZ11: =Eingabe!M49 -> TRUE
B12: Moderat (≥10^4 <10^6 CFU/ml) | C12: 3
B13: Niedrig (≥0 <10^4 CFU/ml) | C13: 6 | F13: Rechenpunkte | G13: ='Strömung-Temp-Fouling'!F11 -> 21 | I13: ='Strömung-Temp-Fouling'!E11 -> 5 | J13: Rechenpunkte | K13: =IF(K8>K6,L4+(L6-L4)/(K6-K4)*(K8-K4),IF(K8<K6,L5+(L6-L5)/(K6-K5)*(K8-K5),IF(K8=K6,L6,""))) -> 8.78 | M13: =N4+(N6-N4)/(M6-M4)*(M8-M4) -> -7.25 | O13: =P4+(P6-P4)/(O6-O4)*(O8-O4) -> 4 | Q13: =R4+(R6-R4)/(Q6-Q4)*(Q8-Q4) -> 3 | S13: =T4+(T6-T4)/(S6-S4)*(S8-S4) -> 9.5 | U13: =V4+(V6-V4)/(U6-U4)*(U8-U4) -> 9.875 | W13: Rechenpunkte | X13: =Y4+(Y6-Y4)/(X6-X4)*(X8-X4) -> 8.2142857 | Z13: =AA4+(AA6-AA4)/(Z6-Z4)*(Z8-Z4) -> 10 | AB13: =AC4+(AC6-AC4)/(AB6-AB4)*(AB8-AB4) -> -1.2 | AD13: =AE4+(AE6-AE4)/(AD6-AD4)*(AD8-AD4) -> 10 | AF13: =AG4+(AG6-AG4)/(AF6-AF4)*(AF8-AF4) -> 10 | AH13: =AI4+(AI6-AI4)/(AH6-AH4)*(AH8-AH4) -> 8.1123302 | AJ13: =AK4+(AK6-AK4)/(AJ6-AJ4)*(AJ8-AJ4) -> -1.0803324 | AL13: =AM4+(AM6-AM4)/(AL6-AL4)*(AL8-AL4) -> -7.25 | AN13: Rechenpunkte | AP13: =AP10 -> 0 | AR13: =AR10 -> 5 | AT13: =AT10 -> 0 | AV13: =AV10 -> 0 | AW13: Rechenpunkte | AX13: =AY4+(AY6-AY4)/(AX6-AX4)*(AX8-AX4) -> 9.95 | AZ13: =BA4+(BA6-BA4)/(AZ6-AZ4)*(AZ8-AZ4) -> 5 | BB13: =BC4+(BC6-BC4)/(BB6-BB4)*(BB8-BB4) -> 5 | BD13: =BE4+(BE6-BE4)/(BD6-BD4)*(BD8-BD4) -> 10 | BF13: =BG4+(BG6-BG4)/(BF6-BF4)*(BF8-BF4) -> 10 | BJ13: =BJ10 | BL13: =BL10 -> 10 | BM13: Rechenpunkte | BN13: =IF(BN8<BN5,BO4+(BO5-BO4)/(BN5-BN4)*(BN8-BN4),IF(BN8>BN5,BO5+(BO6-BO5)/(BN6-BN5)*(BN8-BN5),BO5)) -> 2 | BP13: =IF(BP8<BP5,BQ4+(BQ5-BQ4)/(BP5-BP4)*(BP8-BP4),IF(BP8>BP5,BQ5+(BQ6-BQ5)/(BP6-BP5)*(BP8-BP5),BQ5)) -> 6.6326531 | BR13: =IF(BR8=0,10,IF(BR8>BR5,BS4+(BS5-BS4)/(BR5-BR4)*(BR8-BR4),IF(BR8<BR5,BS5+(BS6-BS5)/(BR6-BR5)*(BR8-BR5),BS5))) -> 10 | BT13: =IF(BT8<BT5,BU4+(BU5-BU4)/(BT5-BT4)*(BT8-BT4),IF(BT8>BT5,BU5+(BU6-BU5)/(BT6-BT5)*(BT8-BT5),BU5)) -> 6.2847272 | BV13: =IF(BV8<BV5,BW4+(BW5-BW4)/(BV5-BV4)*(BV8-BV4),IF(BV8>BV5,BW5+(BW6-BW5)/(BV6-BV5)*(BV8-BV5),BW5)) -> 5.9063368 | BX13: =IF(BX8<BX5,BY4+(BY5-BY4)/(BX5-BX4)*(BX8-BX4),IF(BX8>BX5,BY5+(BY6-BY5)/(BX6-BX5)*(BX8-BX5),BY5)) -> 10 | BZ13: =CA4+(CA6-CA4)/(BZ6-BZ4)*(BZ8-BZ4) -> 13.333333
B14: Tests negativ | C14: 10 | F14: Punkteausgabe | G14: ='Strömung-Temp-Fouling'!F12 -> 7.7777778 | I14: ='Strömung-Temp-Fouling'!E12 -> 2.3809524 | J14: Punkteausgabe | K14: =IF(K13>0,K13,0) -> 8.78 | M14: =IF(M13>0,M13,0) -> 0 | O14: =IF(O13>0,O13,0) -> 4 | Q14: =IF(Q13>0,Q13,0) -> 3 | S14: =IF(S13>0,S13,0) -> 9.5 | U14: =IF(U13>0,U13,0) -> 9.875 | W14: Punkteausgabe | X14: =IF(Eingabe!D38>0,IF(X13>0,X13,0),"") -> 8.2142857 | Z14: =IF(Eingabe!E38>0,IF(Z13>0,Z13,0),"") | AB14: =IF(Eingabe!F38>0,IF(AB13>0,AB13,0),"") -> 0 | AD14: =IF(Eingabe!G38>0,IF(AD13>0,AD13,0),"") | AF14: =IF(Eingabe!H38>0,IF(AF13>0,AF13,0),"") | AH14: =IF(Eingabe!J38>0,IF(AH13>0,AH13,0),"") -> 8.1123302 | AJ14: =IF(Eingabe!M38>0,IF(AJ13>0,AJ13,0),"") -> 0 | AL14: =IF(Eingabe!O38>0,IF(AL13>0,AL13,0),"") -> 0 | AN14: Punkteausgabe | AP14: =AP13 -> 0 | AR14: =AR13 -> 5 | AT14: =AT13 -> 0 | AV14: =AV13 -> 0 | AW14: Punkteausgabe | AX14: =IF(Eingabe!R38>0,IF(AX13>0,AX13,0),"") -> 9.95 | AZ14: =IF(Eingabe!S38>0,IF(AZ13>0,AZ13,0),"") -> 5 | BB14: =IF(Eingabe!T38>0,IF(BB13>0,BB13,0),"") -> 5 | BD14: =IF(Eingabe!U38>0,IF(BD13>0,BD13,0),"") | BF14: =IF(Eingabe!V38>0,IF(BF13>0,BF13,0),"") | BJ14: =BJ13 | BL14: =BL13 -> 10 | BM14: Punkteausgabe | BN14: =IF(BN13<0,0,IF(BN13>10,10,BN13)) -> 2 | BP14: =IF(BP13<0,0,IF(BP13>10,10,BP13)) -> 6.6326531 | BR14: =IF(BR13<0,0,IF(BR13>10,10,BR13)) -> 10 | BT14: =IF(BT11=TRUE,IF(BT13<0,0,IF(BT13>10,10,BT13)),"") -> 6.2847272 | BV14: =IF(BV11=TRUE,IF(BV13<0,0,IF(BV13>10,10,BV13)),"") -> 5.9063368 | BX14: =IF(BX11=TRUE,IF(BX13<0,0,IF(BX13>10,10,BX13)),"") -> 10 | BZ14: =IF(BZ11=TRUE,IF(BZ13<0,0,IF(BZ13>10,10,BZ13)),"") -> 10
B15: Kein Test durchgeführt | W15: Mögliche Punkte | X15: =IF(X11=TRUE,10,0) -> 10 | Z15: =IF(Z11=TRUE,10,0) -> 0 | AB15: =IF(AB11=TRUE,10,0) -> 10 | AD15: =IF(AD11=TRUE,10,0) -> 0 | AF15: =IF(AF11=TRUE,10,0) -> 0 | AH15: =IF(AH11=TRUE,10,0) -> 10 | AJ15: =IF(AJ11=TRUE,10,0) -> 10 | AL15: =IF(AL11=TRUE,10,0) -> 10 | AN15: Mögliche Punkte | AP15: =IF(AP11=TRUE,10,0) -> 10 | AR15: =IF(AR11=TRUE,10,0) -> 10 | AT15: =IF(AT11=TRUE,10,0) -> 10 | AV15: =IF(AV11=TRUE,10,0) -> 10 | AW15: Mögliche Punkte | AX15: =IF(AX11=TRUE,10,0) -> 10 | AZ15: =IF(AZ11=TRUE,10,0) -> 10 | BB15: =IF(BB11=TRUE,10,0) -> 10 | BD15: =IF(BD11=TRUE,10,0) -> 0 | BF15: =IF(BF11=TRUE,10,0) -> 0 | BJ15: =IF(BJ11=TRUE,10,0) -> 0 | BL15: =IF(BL11=TRUE,10,0) -> 10 | BN15: 10 | BP15: 10 | BR15: 10 | BT15: 10 | BV15: =IF(BV11=TRUE,10,0) -> 10 | BX15: =IF(BX11=TRUE,10,0) -> 10 | BZ15: =IF(BZ11=TRUE,10,0) -> 10
J17: Überschreitung Grenzwert | M17: =M8/M4 -> 3.45 | O17: =O8/O4 -> 1.2 | Q17: =Q8/Q4 -> 1.4 | S17: =S8/S4 -> 0.1 | U17: =U8/U4 -> 0.025 | W17: Überschreitung Grenzwert | X17: =X8/X4 -> 0.35714286 | Z17: =Z8/Z4 -> 0 | AB17: =AB8/AB4 -> 2.24 | AD17: =AD8/AD4 -> 0 | AF17: =AF8/AF4 -> 0 | AW17: Überschreitung Grenzwert | AX17: =AX8/AX4 -> 0.01 | AZ17: =AZ8/AZ4 -> 1 | BB17: =BB8/BB4 -> 1 | BD17: =BD8/BD4 -> 0 | BF17: =BF8/BF4 -> 0
C18: Punkte | J18: Summe | M18: =SUM(M14:U14) -> 26.375 | W18: Summenberechnung | X18: =IF(X11=TRUE,X14,0) -> 8.2142857 | Z18: =IF(Z11=TRUE,Z14,0) -> 0 | AB18: =IF(AB11=TRUE,AB14,0) -> 0 | AD18: =IF(AD11=TRUE,AD14,0) -> 0 | AF18: =IF(AF11=TRUE,AF14,0) -> 0 | AH18: =IF(AH11=TRUE,AH14,0) -> 8.1123302 | AJ18: =IF(AJ11=TRUE,AJ14,0) -> 0 | AL18: =IF(AL11=TRUE,AL14,0) -> 0 | AP18: =IF(AP11=TRUE,AP14,0) -> 0 | AR18: =IF(AR11=TRUE,AR14,0) -> 5 | AT18: =IF(AT11=TRUE,AT14,0) -> 0 | AV18: =IF(AV11=TRUE,AV14,0) -> 0 | AW18: Summenberechnung | AX18: =IF(AX11=TRUE,AX14,0) -> 9.95 | AZ18: =IF(AZ11=TRUE,AZ14,0) -> 5 | BB18: =IF(BB11=TRUE,BB14,0) -> 5 | BD18: =IF(BD11=TRUE,BD14,0) -> 0 | BF18: =IF(BF11=TRUE,BF14,0) -> 0 | BJ18: =IF(BJ11=TRUE,BJ14,0) -> 0 | BL18: =IF(BL11=TRUE,BL14,0) -> 10
A19: Drop-Down-Menü Abnehmer im Umkreis | B19: Wenige | C19: 0 | F19: Summe | G19: =G14+I14 -> 10.15873 | J19: Prozentualer Anteil Punkte | M19: =M18/50 -> 0.5275 | W19: Summe | X19: =SUM(X18:AV18) -> 21.326616 | AW19: Summe | AX19: =SUM(AX18:BL18) -> 29.95 | BM19: Summe | BN19: =SUM(BN14:BZ14) -> 50.823717
B20: Moderat | C20: 5 | F20: Prozentualer Anteil | G20: =G19/20 -> 0.50793651 | K20: =(M18+K14)/60 -> 0.58591667 | W20: Mögliche Punkte | X20: =SUM(X15:AV15) -> 90 | AW20: Mögliche Punkte | AX20: =SUM(AX15:BL15) -> 40 | BM20: Mögliche Punkte | BN20: =SUM(BN15:BZ15) -> 70
B21: Viele | C21: 10 | W21: Prozentualer Anteil | X21: =X19/X20 -> 0.2369624 | AW21: Prozentualer Anteil | AX21: =AX19/AX20 -> 0.74875 | BM21: Prozentualer Anteil | BN21: =BN19/BN20 -> 0.7260531
A23: Wert gegeben | B23: Ja | K23: Wichtung | BM23: Wärmemenge pro Jahr
B24: Nein | M24: Eisen | O24: Arsen | Q24: Mangan | S24: Aluminium | U24: Zink
J26: Wichtung | M26: =Eingabe!I22 -> 12.814367 | O26: =Eingabe!J22 -> 1 | Q26: =Eingabe!K22 -> 10.509978 | S26: =Eingabe!L22 -> 3.8712778 | U26: =Eingabe!M22 -> 1
C27: Faktor | J27: Summe | M27: =M26+O26+Q26+S26+U26 -> 29.195622
A28: Drop-Down-Menü Sauerstoff | B28: Umfangreich | C28: 4 | J28: Max Gewichtete Punkte | M28: =M26*10 -> 128.14367 | O28: =O26*10 -> 10 | Q28: =Q26*10 -> 105.09978 | S28: =S26*10 -> 38.712778 | U28: =U26*10 -> 10
B29: Moderat | C29: 3 | J29: Summe | M29: =M28+O28+Q28+S28+U28 -> 291.95622
B30: Gering | C30: 2 | J30: Anteil an Gesamtpunkten | M30: =M28/$M$29 -> 0.43891398 | O30: =O28/$M$29 -> 0.03425171 | Q30: =Q28/$M$29 -> 0.35998472 | S30: =S28/$M$29 -> 0.13259789 | U30: =U28/$M$29 -> 0.03425171
B31: Keiner | C31: 1 | J31: Gewichtete Punkte normiert auf 10 | M31: =M30*M14 -> 0 | O31: =O30*O14 -> 0.13700684 | Q31: =Q30*Q14 -> 1.0799541 | S31: =S30*S14 -> 1.2596799 | U31: =U30*U14 -> 0.33823564
J32: Summe | K32: =SUM(M31:U31)*5+K14 -> 22.854383
A33: Drop-Down-Menü WÜ | B33: V,Delta_T_1 | J33: Prozentualer Anteil Punkte | M33: =K32/50 -> 0.45708765
B34: Q,V | K34: =(K32)/60 -> 0.38090638
A36: Drop-Down-Menü Redoxpotenzial | B36: U (Redoxspannung gemessen)
B37: Eh (Redoxpotenzial auf Wasserstoff=0 bezogen) | F37: Ungenauigkeiten
B38: pε (Konzentration redoxwirksame Spezies)
E39: CO2-Äquivalent | G39: Strömungsgeschwindigkeit | H39: Temperatur | K39: pH-Wert | M39: Eisen | O39: Arsen | Q39: Mangan | S39: Aluminium | U39: Zink | X39: TOC | Z39: DOC | AB39: Sulfat | AD39: Nitrat | AF39: Phosphat | AH39: Redox-Potenzial | AJ39: Elektronenakzeptor (O2) | AL39: Elektronendonor | AO39: Bakterientest allgemein | AQ39: Schleimbildende Bakterien | AS39: Sulfatreduzierende Bakterien | AU39: Eisenreduzierende Bakterien | AX39: U | AZ39: Cd | BB39: Pb | BD39: PAK | BF39: PCB | BI39: Coliforme Bakterien | BK39: P.aeruginosa | BN39: Temperatur | BP39: Volumenstrom | BR39: Bohrtiefe | BT39: Anlagenleistung Heizen | BV39: Anlagenleistung Kühlen | BX39: Belegungsdichte Nahwärmenetz | BZ39: Amortisationsdauer
A40: Drop-Down-Menü Vergleichende Energieträger | B40: Erdgas | C40: 0.167 | D40: https://www.bundesnetzagentur.de/DE/Gasversorgung/aktuelle_gasversorgung/_svg/Gaspreise/Gaspreise.html | E40: 0.201 | G40: =SUM('Strömung-Temp-Fouling'!J35:K35) -> 0 | H40: =SUM('Strömung-Temp-Fouling'!J36:K36) -> 0 | I40: Messung | K40: Fehler: | L40: 0.01 | N40: 0.08 | P40: 0.08 | R40: 0.08 | T40: 0.08 | V40: 0.08 | Y40: 0.08 | AA40: 0.08 | AC40: 0.08 | AE40: 0.08 | AG40: 0.08 | AH40: 1 mV | AI40: 1 | AK40: 0.005 | AM40: 0.08 | AP40: 2.5 | AR40: 2.5 | AT40: 2.5 | AV40: 2.5 | AY40: 0.08 | BA40: 0.08 | BC40: 0.08 | BE40: 0.08 | BG40: 0.08 | BJ40: 2.5 | BL40: 2.5 | BO40: 0.5 | BQ40: 0.015 | BS40: 0.1 | BU40: 0.035 | BW40: 0.035 | BY40: 0.1 | CA40: 0.1
B41: Heizöl | C41: 0.1631379 | D41: https://de.statista.com/statistik/daten/studie/2633/umfrage/entwicklung-des-verbraucherpreises-fuer-leichtes-heizoel-seit-1960/ | E41: 0.266 | G41: 0.1 | H41: Gesamt | K41: =K8+L40 -> 7.62 | M41: =1+N40 -> 1.08 | N41: =M8*M41 -> 745.2 | O41: =1+P40 -> 1.08 | P41: =O8*O41 -> 12.96 | Q41: =1+R40 -> 1.08 | R41: =Q8*Q41 -> 75.6 | S41: =1+T40 -> 1.08 | T41: =S8*S41 -> 21.6 | U41: =1+V40 -> 1.08 | V41: =U8*U41 -> 108 | X41: =1+Y40 -> 1.08 | Y41: =X8*X41 -> 2.7 | Z41: =1+AA40 -> 1.08 | AA41: =Z8*Z41 -> 0 | AB41: =1+AC40 -> 1.08 | AC41: =AB8*AB41 -> 604.8 | AD41: =1+AE40 -> 1.08 | AE41: =AD8*AD41 -> 0 | AF41: =1+AG40 -> 1.08 | AG41: =AF8*AF41 -> 0 | AI41: =AH8+AI40 -> 114.26019 | AJ41: =1+AK40 -> 1.005 | AK41: =AJ8*AJ41 -> 12.06 | AL41: =1+AM40 -> 1.08 | AM41: =AL8*AL41 -> 0.7452 | AP41: =IF((AP14+AP40)>10,10,(AP14+AP40)) -> 2.5 | AR41: =IF((AR14+AR40)>10,10,(AR14+AR40)) -> 7.5 | AT41: =IF((AT14+AT40)>10,10,(AT14+AT40)) -> 2.5 | AV41: =IF((AV14+AV40)>10,10,(AV14+AV40)) -> 2.5 | AX41: =1+AY40 -> 1.08 | AY41: =AX8*AX41 -> 0.108 | AZ41: =1+BA40 -> 1.08 | BA41: =AZ8*AZ41 -> 3.24 | BB41: =1+BC40 -> 1.08 | BC41: =BB8*BB41 -> 10.8 | BD41: =1+BE40 -> 1.08 | BE41: =BD8*BD41 -> 0 | BF41: =1+BG40 -> 1.08 | BG41: =BF8*BF41 -> 0 | BJ41: =IF((BJ14+BJ40)>10,10,(BJ14+BJ40)) -> #VALUE! | BL41: =IF((BL14+BL40)>10,10,(BL14+BL40)) -> 10 | BO41: =BN8+BO40 -> 12.7 | BP41: =1+BQ40 -> 1.015 | BQ41: =BP8*BP41 -> 304.5 | BR41: =1+BS40 -> 1.1 | BS41: =BR8*BR41 -> 0 | BT41: =1+BU40 -> 1.035 | BU41: =BT8*BT41 -> 2233.8807 | BV41: =1+BW40 -> 1.035 | BW41: =BV8*BV41 -> 1801.5167 | BX41: =1+BY40 -> 1.1 | BY41: =BX8*BX41 -> 3300 | BZ41: =1+CA40 -> 1.1 | CA41: =BZ8*BZ41 -> 0
B42: Fernwärme | C42: 0.1065077 | D42: https://www.co2online.de/modernisieren-und-bauen/heizung/fernwaerme/ | E42: 0.28 | K42: =K8-L40 -> 7.6 | M42: =1-N40 -> 0.92 | N42: =M8*M42 -> 634.8 | O42: =1-P40 -> 0.92 | P42: =O8*O42 -> 11.04 | Q42: =1-R40 -> 0.92 | R42: =Q8*Q42 -> 64.4 | S42: =1-T40 -> 0.92 | T42: =S8*S42 -> 18.4 | U42: =1-V40 -> 0.92 | V42: =U8*U42 -> 92 | X42: =1-Y40 -> 0.92 | Y42: =X8*X42 -> 2.3 | Z42: =1-AA40 -> 0.92 | AA42: =Z8*Z42 -> 0 | AB42: =1-AC40 -> 0.92 | AC42: =AB8*AB42 -> 515.2 | AD42: =1-AE40 -> 0.92 | AE42: =AD8*AD42 -> 0 | AF42: =1-AG40 -> 0.92 | AG42: =AF8*AF42 -> 0 | AI42: =AH8-AI40 -> 112.26019 | AJ42: =1-AK40 -> 0.995 | AK42: =AJ8*AJ42 -> 11.94 | AL42: =1-AM40 -> 0.92 | AM42: =AL8*AL42 -> 0.6348 | AP42: =IF((AP14-AP40)<0,0,IF((AP14-AP40)=2.5,0,(AP14-AP40))) -> 0 | AR42: =IF((AR14-AR40)<0,0,IF((AR14-AR40)=2.5,0,(AR14-AR40))) -> 0 | AT42: =IF((AT14-AT40)<0,0,IF((AT14-AT40)=2.5,0,(AT14-AT40))) -> 0 | AV42: =IF((AV14-AV40)<0,0,IF((AV14-AV40)=2.5,0,(AV14-AV40))) -> 0 | AX42: =1-AY40 -> 0.92 | AY42: =AX8*AX42 -> 0.092 | AZ42: =1-BA40 -> 0.92 | BA42: =AZ8*AZ42 -> 2.76 | BB42: =1-BC40 -> 0.92 | BC42: =BB8*BB42 -> 9.2 | BD42: =1-BE40 -> 0.92 | BE42: =BD8*BD42 -> 0 | BF42: =1-BG40 -> 0.92 | BG42: =BF8*BF42 -> 0 | BJ42: =IF((BJ14-BJ40)<0,0,IF((BJ14-BJ40)=2.5,0,(BJ14-BJ40))) -> #VALUE! | BL42: =IF((BL14-BL40)<0,0,IF((BL14-BL40)=2.5,0,(BL14-BL40))) -> 7.5 | BO42: =BN8-BO40 -> 11.7 | BP42: =1-BQ40 -> 0.985 | BQ42: =BP8*BP42 -> 295.5 | BR42: =1-BS40 -> 0.9 | BS42: =BR8*BR42 -> 0 | BT42: =1-BU40 -> 0.965 | BU42: =BT8*BT42 -> 2082.797 | BV42: =1-BW40 -> 0.965 | BW42: =BV8*BV42 -> 1679.675 | BX42: =1-BY40 -> 0.9 | BY42: =BX8*BX42 -> 2700 | BZ42: =1-CA40 -> 0.9 | CA42: =BZ8*BZ42 -> 0
B43: Pellets | C43: 0.1666365 | D43: https://www.oekofen.com/de-de/aktueller-pelletspreis/ | E43: 0.027 | J43: Max | K43: =IF((IF(K41>K6,L4+(L6-L4)/(K6-K4)*(K41-K4),IF(K41<K6,L5+(L6-L5)/(K6-K5)*(K41-K5),IF(K41=K6,L6,""))))<0,0,(IF(K41>K6,L4+(L6-L4)/(K6-K4)*(K41-K4),IF(K41<K6,L5+(L6-L5)/(K6-K5)*(K41-K5),IF(K41=K6,L6,""))))) -> 8.76 | N43: =IF((N4+(N6-N4)/(M6-M4)*(N41-M4))<0,0,(N4+(N6-N4)/(M6-M4)*(N41-M4))) -> 0 | P43: =IF((P4+(P6-P4)/(O6-O4)*(P41-O4))<0,0,(P4+(P6-P4)/(O6-O4)*(P41-O4))) -> 3.52 | R43: =IF((R4+(R6-R4)/(Q6-Q4)*(R41-Q4))<0,0,(R4+(R6-R4)/(Q6-Q4)*(R41-Q4))) -> 2.44 | T43: =IF((T4+(T6-T4)/(S6-S4)*(T41-S4))<0,0,(T4+(T6-T4)/(S6-S4)*(T41-S4))) -> 9.46 | V43: =IF((V4+(V6-V4)/(U6-U4)*(V41-U4))<0,0,(V4+(V6-V4)/(U6-U4)*(V41-U4))) -> 9.865 | Y43: =IF(X11=TRUE,IF((Y4+(Y6-Y4)/(X6-X4)*(Y41-X4))<0,0,(Y4+(Y6-Y4)/(X6-X4)*(Y41-X4))),"") -> 8.0714286 | AA43: =IF(Z11=TRUE,IF((AA4+(AA6-AA4)/(Z6-Z4)*(AA41-Z4))<0,0,(AA4+(AA6-AA4)/(Z6-Z4)*(AA41-Z4))),"") | AC43: =IF(AB11=TRUE,IF((AC4+(AC6-AC4)/(AB6-AB4)*(AC41-AB4))<0,0,(AC4+(AC6-AC4)/(AB6-AB4)*(AC41-AB4))),"") -> 0 | AE43: =IF(AD11=TRUE,IF((AE4+(AE6-AE4)/(AD6-AD4)*(AE41-AD4))<0,0,(AE4+(AE6-AE4)/(AD6-AD4)*(AE41-AD4))),"") | AG43: =IF(AF11=TRUE,IF((AG4+(AG6-AG4)/(AF6-AF4)*(AG41-AF4))<0,0,(AG4+(AG6-AG4)/(AF6-AF4)*(AG41-AF4))),"") | AI43: =IF(AH11=TRUE,IF((AI4+(AI6-AI4)/(AH6-AH4)*(AI41-AH4))<0,0,(AI4+(AI6-AI4)/(AH6-AH4)*(AI41-AH4))),"") -> 8.0956635 | AK43: =IF(AJ11=TRUE,IF((AK4+(AK6-AK4)/(AJ6-AJ4)*(AK41-AJ4))<0,0,(AK4+(AK6-AK4)/(AJ6-AJ4)*(AK41-AJ4))),"") -> 0 | AM43: =IF(AL11=TRUE,IF((AM4+(AM6-AM4)/(AL6-AL4)*(AM41-AL4))<0,0,(AM4+(AM6-AM4)/(AL6-AL4)*(AM41-AL4))),"") -> 0 | AP43: =IF(AP11=TRUE,AP42,"") -> 0 | AR43: =IF(AR11=TRUE,AR42,"") -> 0 | AT43: =IF(AT11=TRUE,AT41,"") -> 2.5 | AV43: =IF(AV11=TRUE,AV42,"") -> 0 | AY43: =IF(AX11=TRUE,IF((AY4+(AY6-AY4)/(AX6-AX4)*(AY41-AX4))<0,0,(AY4+(AY6-AY4)/(AX6-AX4)*(AY41-AX4))),"") -> 9.946 | BA43: =IF(AZ11=TRUE,IF((BA4+(BA6-BA4)/(AZ6-AZ4)*(BA41-AZ4))<0,0,(BA4+(BA6-BA4)/(AZ6-AZ4)*(BA41-AZ4))),"") -> 4.6 | BC43: =IF(BB11=TRUE,IF((BC4+(BC6-BC4)/(BB6-BB4)*(BC41-BB4))<0,0,(BC4+(BC6-BC4)/(BB6-BB4)*(BC41-BB4))),"") -> 4.6 | BE43: =IF(BD11=TRUE,IF((BE4+(BE6-BE4)/(BD6-BD4)*(BE41-BD4))<0,0,(BE4+(BE6-BE4)/(BD6-BD4)*(BE41-BD4))),"") | BG43: =IF(BF11=TRUE,IF((BG4+(BG6-BG4)/(BF6-BF4)*(BG41-BF4))<0,0,(BG4+(BG6-BG4)/(BF6-BF4)*(BG41-BF4))),"") | BJ43: =IF(BJ11=TRUE,BJ42,"") | BL43: =IF(BL11=TRUE,BL42,"") -> 7.5 | BO43: =IF((IF(BO42<BN5,BO4+(BO5-BO4)/(BN5-BN4)*(BO42-BN4),IF(BO42>BN5,BO5+(BO6-BO5)/(BN6-BN5)*(BO42-BN5),BO5)))<0,0,(IF(BO42<BN5,BO4+(BO5-BO4)/(BN5-BN4)*(BO42-BN4),IF(BO42>BN5,BO5+(BO6-BO5)/(BN6-BN5)*(BO42-BN5),BO5)))) -> 1.6428571 | BQ43: =IF((IF(BQ42<BP5,BQ4+(BQ5-BQ4)/(BP5-BP4)*(BQ42-BP4),IF(BQ42>BP5,BQ5+(BQ6-BQ5)/(BP6-BP5)*(BQ42-BP5),BQ5)))<0,0,(IF(BQ42<BP5,BQ4+(BQ5-BQ4)/(BP5-BP4)*(BQ42-BP4),IF(BQ42>BP5,BQ5+(BQ6-BQ5)/(BP6-BP5)*(BQ42-BP5),BQ5)))) -> 6.5943878 | BS43: =IF(BS41=0,10,IF(BS41>BR5,BS4+(BS5-BS4)/(BR5-BR4)*(BS41-BR4),IF(BS41<BR5,BS5+(BS6-BS5)/(BR6-BR5)*(BS41-BR5),BS5))) -> 10 | BU43: =IF(BU41<BT5,BU4+(BU5-BU4)/(BT5-BT4)*(BU41-BT4),IF(BU41>BT5,BU5+(BU6-BU5)/(BT6-BT5)*(BU41-BT5),BU5)) -> 6.3531528 | BW43: =IF(BW41<BV5,BW4+(BW5-BW4)/(BV5-BV4)*(BW41-BV4),IF(BW41>BV5,BW5+(BW6-BW5)/(BV6-BV5)*(BW41-BV5),BW5)) -> 5.9615187 | BY43: =IF(BX11=TRUE,IF(BY42<BX5,BY4+(BY5-BY4)/(BX5-BX4)*(BY42-BX4),IF(BY42>BX5,BY5+(BY6-BY5)/(BX6-BX5)*(BY42-BX5),BY5)),"") -> 8.5 | CA43: =IF(BZ11=TRUE,IF((CA4+(CA6-CA4)/(BZ6-BZ4)*(CA41-BZ4))<0,0,(CA4+(CA6-CA4)/(BZ6-BZ4)*(CA41-BZ4))),"") -> 13.333333
B44: Strom | C44: 0.3189 | D44: https://www.entega.de/blog/was-kostet-eine-kilowattstunde-strom/ | E44: 0.38095 | J44: Min | K44: =IF((IF(K42>K6,L4+(L6-L4)/(K6-K4)*(K42-K4),IF(K42<K6,L5+(L6-L5)/(K6-K5)*(K42-K5),IF(K42=K6,L6,""))))<0,0,(IF(K42>K6,L4+(L6-L4)/(K6-K4)*(K42-K4),IF(K42<K6,L5+(L6-L5)/(K6-K5)*(K42-K5),IF(K42=K6,L6,""))))) -> 8.8 | N44: =IF((N4+(N6-N4)/(M6-M4)*(N42-M4))<0,0,(N4+(N6-N4)/(M6-M4)*(N42-M4))) -> 0 | P44: =IF((P4+(P6-P4)/(O6-O4)*(P42-O4))<0,0,(P4+(P6-P4)/(O6-O4)*(P42-O4))) -> 4.48 | R44: =IF((R4+(R6-R4)/(Q6-Q4)*(R42-Q4))<0,0,(R4+(R6-R4)/(Q6-Q4)*(R42-Q4))) -> 3.56 | T44: =IF((T4+(T6-T4)/(S6-S4)*(T42-S4))<0,0,(T4+(T6-T4)/(S6-S4)*(T42-S4))) -> 9.54 | V44: =IF((V4+(V6-V4)/(U6-U4)*(V42-U4))<0,0,(V4+(V6-V4)/(U6-U4)*(V42-U4))) -> 9.885 | Y44: =IF(X11=TRUE,IF((Y4+(Y6-Y4)/(X6-X4)*(Y42-X4))<0,0,(Y4+(Y6-Y4)/(X6-X4)*(Y42-X4))),"") -> 8.3571429 | AA44: =IF(Z11=TRUE,IF((AA4+(AA6-AA4)/(Z6-Z4)*(AA42-Z4))<0,0,(AA4+(AA6-AA4)/(Z6-Z4)*(AA42-Z4))),"") | AC44: =IF(AB11=TRUE,IF((AC4+(AC6-AC4)/(AB6-AB4)*(AC42-AB4))<0,0,(AC4+(AC6-AC4)/(AB6-AB4)*(AC42-AB4))),"") -> 0 | AE44: =IF(AD11=TRUE,IF((AE4+(AE6-AE4)/(AD6-AD4)*(AE42-AD4))<0,0,(AE4+(AE6-AE4)/(AD6-AD4)*(AE42-AD4))),"") | AG44: =IF(AF11=TRUE,IF((AG4+(AG6-AG4)/(AF6-AF4)*(AG42-AF4))<0,0,(AG4+(AG6-AG4)/(AF6-AF4)*(AG42-AF4))),"") | AI44: =IF(AH11=TRUE,IF((AI4+(AI6-AI4)/(AH6-AH4)*(AI42-AH4))<0,0,(AI4+(AI6-AI4)/(AH6-AH4)*(AI42-AH4))),"") -> 8.1289969 | AK44: =IF(AJ11=TRUE,IF((AK4+(AK6-AK4)/(AJ6-AJ4)*(AK42-AJ4))<0,0,(AK4+(AK6-AK4)/(AJ6-AJ4)*(AK42-AJ4))),"") -> 0 | AM44: =IF(AL11=TRUE,IF((AM4+(AM6-AM4)/(AL6-AL4)*(AM42-AL4))<0,0,(AM4+(AM6-AM4)/(AL6-AL4)*(AM42-AL4))),"") -> 0 | AP44: =IF(AP11=TRUE,AP41,"") -> 2.5 | AR44: =IF(AR11=TRUE,AR41,"") -> 7.5 | AT44: =IF(AT11=TRUE,AT42,"") -> 0 | AV44: =IF(AV11=TRUE,AV41,"") -> 2.5 | AY44: =IF(AX11=TRUE,IF((AY4+(AY6-AY4)/(AX6-AX4)*(AY42-AX4))<0,0,(AY4+(AY6-AY4)/(AX6-AX4)*(AY42-AX4))),"") -> 9.954 | BA44: =IF(AZ11=TRUE,IF((BA4+(BA6-BA4)/(AZ6-AZ4)*(BA42-AZ4))<0,0,(BA4+(BA6-BA4)/(AZ6-AZ4)*(BA42-AZ4))),"") -> 5.4 | BC44: =IF(BB11=TRUE,IF((BC4+(BC6-BC4)/(BB6-BB4)*(BC42-BB4))<0,0,(BC4+(BC6-BC4)/(BB6-BB4)*(BC42-BB4))),"") -> 5.4 | BE44: =IF(BD11=TRUE,IF((BE4+(BE6-BE4)/(BD6-BD4)*(BE42-BD4))<0,0,(BE4+(BE6-BE4)/(BD6-BD4)*(BE42-BD4))),"") | BG44: =IF(BF11=TRUE,IF((BG4+(BG6-BG4)/(BF6-BF4)*(BG42-BF4))<0,0,(BG4+(BG6-BG4)/(BF6-BF4)*(BG42-BF4))),"") | BJ44: =IF(BJ11=TRUE,BJ41,"") | BL44: =IF(BL11=TRUE,BL41,"") -> 10 | BO44: =IF((IF(BO41<BN5,BO4+(BO5-BO4)/(BN5-BN4)*(BO41-BN4),IF(BO41>BN5,BO5+(BO6-BO5)/(BN6-BN5)*(BO41-BN5),BO5)))<0,0,(IF(BO41<BN5,BO4+(BO5-BO4)/(BN5-BN4)*(BO41-BN4),IF(BO41>BN5,BO5+(BO6-BO5)/(BN6-BN5)*(BO41-BN5),BO5)))) -> 2.3571429 | BQ44: =IF((IF(BQ41<BP5,BQ4+(BQ5-BQ4)/(BP5-BP4)*(BQ41-BP4),IF(BQ41>BP5,BQ5+(BQ6-BQ5)/(BP6-BP5)*(BQ41-BP5),BQ5)))<0,0,(IF(BQ41<BP5,BQ4+(BQ5-BQ4)/(BP5-BP4)*(BQ41-BP4),IF(BQ41>BP5,BQ5+(BQ6-BQ5)/(BP6-BP5)*(BQ41-BP5),BQ5)))) -> 6.6709184 | BS44: =IF(BS42=0,10,IF(BS42>BR5,BS4+(BS5-BS4)/(BR5-BR4)*(BS42-BR4),IF(BS42<BR5,BS5+(BS6-BS5)/(BR6-BR5)*(BS42-BR5),BS5))) -> 10 | BU44: =IF(BU42<BT5,BU4+(BU5-BU4)/(BT5-BT4)*(BU42-BT4),IF(BU42>BT5,BU5+(BU6-BU5)/(BT6-BT5)*(BU42-BT5),BU5)) -> 6.2163016 | BW44: =IF(BW42<BV5,BW4+(BW5-BW4)/(BV5-BV4)*(BW42-BV4),IF(BW42>BV5,BW5+(BW6-BW5)/(BV6-BV5)*(BW42-BV5),BW5)) -> 5.8511549 | BY44: =IF(BX11=TRUE,IF(BY41<BX5,BY4+(BY5-BY4)/(BX5-BX4)*(BY41-BX4),IF(BY41>BX5,BY5+(BY6-BY5)/(BX6-BX5)*(BY41-BX5),BY5)),"") -> 11.5 | CA44: =IF(BZ11=TRUE,IF((CA4+(CA6-CA4)/(BZ6-BZ4)*(CA42-BZ4))<0,0,(CA4+(CA6-CA4)/(BZ6-BZ4)*(CA42-BZ4))),"") -> 13.333333
G45: =G47*20 -> 8.1587302 | K45: =SUM(K43:V43)/60 -> 0.56741667 | W45: =IF((SUM(W43:AV43)/X20-Z47)<0,0,(SUM(W43:AV43)/X20-Z47)) -> 0 | AW45: =MAX(SUM(AX43:BL43)/AX20-AZ47,0) -> 0.23757857 | BN45: =MAX(SUM(BN43:CA43)/BN20-BQ47,0) -> 0.74836071
G46: =G48*20 -> 12.15873 | K46: =SUM(K44:V44)/60 -> 0.60441667 | W46: =IF((SUM(W44:AV44)/X20+Z47)>1,1,(SUM(W44:AV44)/X20+Z47)) -> 0.57206822 | AW46: =MIN(SUM(AX44:BL44)/AX20+AZ47,1) -> 1 | BN46: =MIN(SUM(BN44:CA44)/BN20+BQ47,1) -> 0.79898359
G47: =IF((G20-(G41+G40))<0,0,(G20-(G41+G40))) -> 0.40793651 | J47: Fehler ohne Wichtung | K47: =MAX(K45-J48,0) -> 0.26741667 | W47: Anzahl Faktoren | X47: =COUNTIF(X11:AV11,TRUE) -> 9 | Y47: Unsicherheit | Z47: =(X48-X47)*Y48 -> 0.25 | AW47: Anzahl Faktoren | AX47: =COUNTIF(AX11:BL11,TRUE) -> 4 | AY47: Unsicherheit | AZ47: =(AX48-AX47)*AY48 -> 0.42857143 | BN47: Anzahl Faktoren | BO47: =COUNTIF(BX11:BZ11,TRUE)+5 -> 7 | BP47: Unsicherheit | BQ47: =(BO48-BO47)*BP48 -> 0
G48: =IF((G20+(G41+H40))>1,1,(G20+(G41+H40))) -> 0.60793651 | J48: 0.3 | K48: =K46+J48 -> 0.90441667 | X48: 12 | Y48: =1/X48 -> 0.083333333 | AX48: 7 | AY48: =1/AX48 -> 0.14285714 | BO48: 7 | BP48: =1/BO48 -> 0.14285714
J49: Fehler Simulation und Auswahl Wichtung | K49: =MAX(K34-J50+J52,0) -> 0.28284586
J50: =5% -> 0.05 | K50: =K34+J50+J54 -> 0.4789669 | BS50: =0.5/24 -> 0.020833333
J51: Fehler Unten | N51: =(N43*M30+P43*O30+Q30*R43+T43*S30+V43*U30)*5+K44 -> 21.755989 | O51: =-(K32-N51)/K32 -> -0.048060518
J52: =O51 -> -0.048060518 | N52: =(N44*M30+P44*O30+Q30*R44+T44*S30+V44*U30)*5+K43 -> 23.952776 | O52: =-(K32-N52)/K32 -> 0.048060518
J53: Fehler Oben
J54: =O52 -> 0.048060518

Sheet Berechnung-WÜ-Material
B2: Ausgabe Foulingtool
C3: ='Ausgabe Standortbewertung'!B17 -> Bewertung Kategorien | I3: Aus technischnen Parametern | AL3: Biofouling
I4: ='Strömung-Temp-Fouling'!A3 -> Parameter | J4: ='Strömung-Temp-Fouling'!B3 -> Temperatur | K4: ='Strömung-Temp-Fouling'!C3 -> Heiztemperatur | L4: ='Strömung-Temp-Fouling'!D3 -> Kühltemperatur | M4: ='Strömung-Temp-Fouling'!E3 -> Gesamttemperatur | N4: ='Strömung-Temp-Fouling'!F3 -> Strömungsgeschwindigkeit | AL4: Kontaktwinkel | AS4: Rauigkeit | AZ4: Oberflächenenergie
C5: ='Ausgabe Standortbewertung'!B19 -> Technisch | D5: ='Ausgabe Standortbewertung'!C19 -> Chemisch | E5: ='Ausgabe Standortbewertung'!D19 -> Biologisch | F5: ='Ausgabe Standortbewertung'!E19 -> Toxisch | G5: ='Ausgabe Standortbewertung'!F19 -> Wirtschaftlich | I5: ='Strömung-Temp-Fouling'!A4 -> Eingabe | J5: ='Strömung-Temp-Fouling'!B4 -> 12.2 | K5: ='Strömung-Temp-Fouling'!C4 -> 6 | L5: ='Strömung-Temp-Fouling'!D4 -> 17.2 | M5: ='Strömung-Temp-Fouling'!E4 -> 0 | N5: ='Strömung-Temp-Fouling'!F4 -> 10.500672 | AK5: Wichtung | AL5: 1 | AS5: 2 | AZ5: 1
C6: ='Ausgabe Standortbewertung'!B20 -> Absolute Bewertung: | I6: ='Strömung-Temp-Fouling'!A6 -> Biofouling | J6: ='Strömung-Temp-Fouling'!B6 -> 8 | K6: ='Strömung-Temp-Fouling'!C6 -> 7 | L6: ='Strömung-Temp-Fouling'!D6 -> 9 | N6: ='Strömung-Temp-Fouling'!F6 -> 0 | O6: =AVERAGE(J6:L6)+N6 -> 8 | P6: =O6/O10 -> 0.36363636 | AL6: 40-60 | AM6: 60-80 | AN6: 80-100 | AO6: 100-120 | AP6: 120-140 | AQ6: >140 | AS6: 0-0,1 | AT6: 0,1-0,3 | AU6: 0,3-0,6 | AV6: 0,6-1 | AW6: 1-1,5 | AX6: >1,5 | AZ6: 0-15 | BA6: 15-30 | BB6: 30-45 | BC6: 45-60 | BD6: 60-75 | BE6: >75
C7: ='Ausgabe Standortbewertung'!B21 -> 10.15873 | D7: ='Ausgabe Standortbewertung'!C21 -> 22.854383 | E7: ='Ausgabe Standortbewertung'!D21 -> 21.326616 | F7: ='Ausgabe Standortbewertung'!E21 -> 29.95 | G7: ='Ausgabe Standortbewertung'!F21 -> 50.823717 | I7: ='Strömung-Temp-Fouling'!A7 -> Kristallisationsfouling | J7: ='Strömung-Temp-Fouling'!B7 -> 0 | K7: ='Strömung-Temp-Fouling'!C7 -> 0 | L7: ='Strömung-Temp-Fouling'!D7 -> 0 | N7: ='Strömung-Temp-Fouling'!F7 -> 5 | O7: =AVERAGE(J7:L7)+N7 -> 5 | P7: =O7/O10 -> 0.22727273 | AK7: Rand | AL7: -116.24729 | AM7: -92.464879 | AN7: -219.47304 | AO7: -162.92727 | AP7: -95.623777 | AQ7: -91.666667 | AS7: -144.07128 | AT7: -116.7083 | AU7: -178.15343 | AV7: -61.85567 | AW7: -188.89041 | AX7: -110.2222 | AZ7: -171.5 | BA7: -138.85947 | BB7: -178.58824 | BC7: -99.045833 | BD7: -138.89635
C8: ='Ausgabe Standortbewertung'!B22 -> von | D8: ='Ausgabe Standortbewertung'!C22 -> von | E8: ='Ausgabe Standortbewertung'!D22 -> von | F8: ='Ausgabe Standortbewertung'!E22 -> von | G8: ='Ausgabe Standortbewertung'!F22 -> von | I8: ='Strömung-Temp-Fouling'!A8 -> Partikelfouling | J8: ='Strömung-Temp-Fouling'!B8 -> 5 | K8: ='Strömung-Temp-Fouling'!C8 -> 5 | L8: ='Strömung-Temp-Fouling'!D8 -> 5 | N8: ='Strömung-Temp-Fouling'!F8 -> 0 | O8: =AVERAGE(J8:L8)+N8 -> 5 | P8: =O8/O10 -> 0.22727273 | AK8: Minimum | AL8: -83.746556 | AM8: -94.444444 | AN8: -100 | AO8: -89 | AP8: -81 | AQ8: -91.111111 | AS8: -100 | AT8: -90 | AU8: -95.294118 | AV8: -61.85567 | AW8: -70 | AX8: -79 | AZ8: -70 | BA8: -98.888889 | BB8: -95.294118 | BC8: -100 | BD8: -84.5
C9: ='Ausgabe Standortbewertung'!B23 -> 20 | D9: ='Ausgabe Standortbewertung'!C23 -> 60 | E9: ='Ausgabe Standortbewertung'!D23 -> 90 | F9: ='Ausgabe Standortbewertung'!E23 -> 40 | G9: ='Ausgabe Standortbewertung'!F23 -> 70 | I9: ='Strömung-Temp-Fouling'!A9 -> Korrosionsfouling | J9: ='Strömung-Temp-Fouling'!B9 -> 3 | K9: ='Strömung-Temp-Fouling'!C9 -> 3 | L9: ='Strömung-Temp-Fouling'!D9 -> 3 | N9: ='Strömung-Temp-Fouling'!F9 -> 1 | O9: =AVERAGE(J9:L9)+N9 -> 4 | P9: =O9/O10 -> 0.18181818 | U9: Einbauen, dass man Material abfragen kann und dann Konfiguration von WÜ wählt | AK9: Unteres Quantil | AL9: -59.213918 | AM9: -56.296296 | AN9: -89.705882 | AO9: -75.333333 | AP9: -59.678082 | AQ9: -90.833333 | AS9: -73.078512 | AT9: -67.093664 | AU9: -93.529412 | AV9: -61.85567 | AW9: -38.356164 | AX9: -56.916667 | AZ9: -50 | BA9: -74.125 | BB9: -88.235294 | BC9: -52.333333 | BD9: -83.02135
C10: ='Ausgabe Standortbewertung'!B24 -> Unsicherheit | N10: =SUM(N6:N9) -> 6 | O10: =SUM(O6:O9) -> 22 | U10: Ausgabe wie viel Verbesserung zu erwarten ist --> wie rechnet sich das jeweils wirtschaftlich | AK10: Median | AL10: -37.5 | AM10: -40 | AN10: -53.518519 | AO10: -60 | AP10: -38.356164 | AQ10: -90.555556 | AS10: -40.277778 | AT10: -52 | AU10: -88.823529 | AV10: -61.85567 | AW10: 0 | AX10: -36.666667 | AZ10: -33.072407 | BA10: -60.12963 | BB10: -52 | BC10: -38.444444 | BD10: -81.5427
B11: ='Ausgabe Standortbewertung'!A25 -> Minimum | C11: ='Ausgabe Standortbewertung'!B25 -> 8.1587302 | D11: ='Ausgabe Standortbewertung'!C25 -> 16.970752 | E11: ='Ausgabe Standortbewertung'!D25 -> 0 | F11: ='Ausgabe Standortbewertung'!E25 -> 9.5031429 | G11: ='Ausgabe Standortbewertung'!F25 -> 52.38525 | M11: =Eingabe!R47 -> Energiepreis | N11: =Eingabe!P43 -> Strompreis | AK11: Oberes Quantil | AL11: -21.191667 | AM11: -32.183908 | AN11: -3.1944444 | AO11: -16.937378 | AP11: -35.714286 | AQ11: -90.277778 | AS11: -25.75 | AT11: -34.017241 | AU11: -37.113402 | AV11: -61.85567 | AW11: 62 | AX11: -21.379648 | AZ11: 31 | BA11: -30.968689 | BB11: -28 | BC11: -21.191667 | BD11: -45.77135
B12: ='Ausgabe Standortbewertung'!A26 -> Maximum | C12: ='Ausgabe Standortbewertung'!B26 -> 12.15873 | D12: ='Ausgabe Standortbewertung'!C26 -> 28.738014 | E12: ='Ausgabe Standortbewertung'!D26 -> 51.48614 | F12: ='Ausgabe Standortbewertung'!E26 -> 40 | G12: ='Ausgabe Standortbewertung'!F26 -> 55.928851 | M12: ='Ausgabe Standortbewertung'!W37 -> 0.201 | N12: ='Ausgabe Standortbewertung'!W38 -> 0.38095 | AK12: Maximum | AL12: 0 | AM12: -4.1 | AN12: 100 | AO12: 65 | AP12: -33.072407 | AQ12: -90 | AS12: 0 | AT12: -4.1 | AU12: 100 | AV12: -61.85567 | AW12: 78 | AX12: 0 | AZ12: 65 | BA12: 0 | BB12: 78 | BC12: 100 | BD12: -10
I13: ='Ausgabe Standortbewertung'!B98 -> Reduktion des Wärmestroms | L13: =Eingabe!Q49 -> Erdgas | M13: =Eingabe!R49 -> 0.167 | N13: =Eingabe!P49 -> 0.32 | AK13: Rand | AL13: 35.84171 | AM13: 3.9846743 | AN13: 126.57271 | AO13: 70.656556 | AP13: 0.231409 | AQ13: -89.444444 | AS13: 45.242769 | AT13: 15.597392 | AU13: 47.510612 | AV13: -61.85567 | AW13: 212.53425 | AX13: 31.925881 | AZ13: 152.5 | BA13: 33.765778 | BB13: 62.352941 | BC13: 25.520833 | BD13: 10.10365
C14: ='Ausgabe Standortbewertung'!B28 -> Relative Bewertung | I14: von | J14: ='Ausgabe Standortbewertung'!L97 -> -0.22302412 | L14: Arbeitszahl Gesamtsystem | N14: ='Ausgabe Standortbewertung'!F38 -> 4
C15: ='Ausgabe Standortbewertung'!B29 -> 0.50793651 | D15: ='Ausgabe Standortbewertung'!C29 -> 0.38090638 | E15: ='Ausgabe Standortbewertung'!D29 -> 0.2369624 | F15: ='Ausgabe Standortbewertung'!E29 -> 0.74875 | G15: ='Ausgabe Standortbewertung'!F29 -> 0.7260531 | I15: ='Ausgabe Standortbewertung'!B99 -> um | J15: ='Ausgabe Standortbewertung'!C99 -> -0.52106659 | L15: Wärmepreis /Emissionen Grubenwasser | N15: =N13/N14 -> 0.08 | O15: ='Ausgabe Standortbewertung'!$W$38/'Berechnung-WÜ-Material'!N14 -> 0.0952375 | AL15: Kruskal-Wallis-Test | AP15: y=mx+n | AS15: Kruskal-Wallis-Test | AW15: y=mx+n | AZ15: Kruskal-Wallis-Test | BD15: y=mx+n
C16: ='Ausgabe Standortbewertung'!B30 -> Unsicherheit | I16: ='Ausgabe Standortbewertung'!B100 -> bis | J16: ='Ausgabe Standortbewertung'!C100 -> -0.6922719 | L16: Kältepreis /Emissionen Grubenwasser | N16: =IF('Ausgabe Standortbewertung'!J32=TRUE,'Berechnung-WÜ-Material'!N13/'Ausgabe Standortbewertung'!F40,'Berechnung-WÜ-Material'!N13/'Ausgabe Standortbewertung'!Z33) -> 0.045714286 | O16: =IF('Ausgabe Standortbewertung'!J32=TRUE,'Ausgabe Standortbewertung'!W38/'Ausgabe Standortbewertung'!F40,'Ausgabe Standortbewertung'!W38/'Ausgabe Standortbewertung'!Z33) -> 0.054421429 | AM16: St.pr.umfang | AN16: Mittlerer Rang | AP16: Min=1 | AQ16: Max=6 | AT16: St.pr.umfang | AU16: Mittlerer Rang | AW16: Min=1 | AX16: Max=6 | BA16: St.pr.umfang | BB16: Mittlerer Rang | BD16: Min=1 | BE16: Max=6
B17: ='Ausgabe Standortbewertung'!A31 -> Minimum | C17: ='Ausgabe Standortbewertung'!B31 -> 0.40793651 | D17: ='Ausgabe Standortbewertung'!C31 -> 0.28284586 | E17: ='Ausgabe Standortbewertung'!D31 -> 0 | F17: ='Ausgabe Standortbewertung'!E31 -> 0.23757857 | G17: ='Ausgabe Standortbewertung'!F31 -> 0.74836071 | J17: Verbesserung ggü. Standardmaterial in Prozentpunkten | AL17: 40-60 | AM17: 20 | AN17: 51.725 | AP17: m | AQ17: n | AS17: 0-0,1 | AT17: 30 | AU17: 44.5667 | AW17: m | AX17: n | AZ17: 0-15 | BA17: 7 | BB17: 61.4286 | BD17: m | BE17: n
B18: ='Ausgabe Standortbewertung'!A32 -> Maximum | C18: ='Ausgabe Standortbewertung'!B32 -> 0.60793651 | D18: ='Ausgabe Standortbewertung'!C32 -> 0.4789669 | E18: ='Ausgabe Standortbewertung'!D32 -> 0.57206822 | F18: ='Ausgabe Standortbewertung'!E32 -> 1 | G18: ='Ausgabe Standortbewertung'!F32 -> 0.79898359 | AL18: 60-80 | AM18: 27 | AN18: 47.8333 | AO18: Unteres Quantil | AP18: =MIN(AL9:AQ9) -> -90.833333 | AQ18: =MAX(AL9:AQ9) -> -56.296296 | AS18: 0,1-0,3 | AT18: 27 | AU18: 42.5741 | AV18: Unteres Quantil | AW18: =MIN(AS9:AX9) -> -93.529412 | AX18: =MAX(AS9:AX9) -> -38.356164 | AZ18: 15-30 | BA18: 24 | BB18: 40.5 | BC18: Unteres Quantil | BD18: =MIN(AZ9:BE9) -> -88.235294 | BE18: =MAX(AZ9:BE9) -> -50
AL19: 80-100 | AM19: 28 | AN19: 43.4643 | AO19: Median | AP19: =MIN(AL10:AQ10) -> -90.555556 | AQ19: =MAX(AL10:AQ10) -> -37.5 | AS19: 0,3-0,6 | AT19: 11 | AU19: 30.5909 | AV19: Median | AW19: =MIN(AS10:AX10) -> -88.823529 | AX19: =MAX(AS10:AX10) -> 0 | AZ19: 30-45 | BA19: 29 | BB19: 41.2931 | BC19: Median | BD19: =MIN(AZ10:BE10) -> -81.5427 | BE19: =MAX(AZ10:BE10) -> -33.072407
F20: Summe | G20: Anteil | AL20: 100-120 | AM20: 11 | AN20: 44.8182 | AO20: Oberes Quantil | AP20: =MIN(AL11:AQ11) -> -90.277778 | AQ20: =MAX(AL11:AQ11) -> -3.1944444 | AS20: 0,6-1 | AT20: 1 | AU20: 31 | AV20: Oberes Quantil | AW20: =MIN(AS11:AX11) -> -61.85567 | AX20: =MAX(AS11:AX11) -> 62 | AZ20: 45-60 | BA20: 28 | BB20: 52.9286 | BC20: Oberes Quantil | BD20: =MIN(AZ11:BE11) -> -45.77135 | BE20: =MAX(AZ11:BE11) -> 31
D21: =1-D15 -> 0.61909362 | E21: =1-E15 -> 0.7630376 | AL21: 120-140 | AM21: 3 | AN21: 43.6667 | AO21: Funktion_unteres_Quantil | AP21: =(1-6)/(AP18-AQ18) -> 0.14477212 | AQ21: =1-AP21*AP18 -> 14.150134 | AS21: 1-1,5 | AT21: 9 | AU21: 69.0556 | AV21: Funktion_unteres_Quantil | AW21: =(1-6)/(AW18-AX18) -> 0.090623631 | AX21: =1-AW21*AW18 -> 9.4759749 | AZ21: 60-75 | BA21: 3 | BB21: 34.8333 | BC21: Funktion_unteres_Quantil | BD21: =(1-6)/(BD18-BE18) -> 0.13076923 | BE21: =1-BD21*BD18 -> 12.538462
B22: Biofouling | E22: =E21 -> 0.7630376 | F22: =SUM(C22:E22) -> 0.7630376 | G22: =F22/$F$25 -> 0.5520732 | H22: =(1-E7/E9)/((1-E7/E9)+(1-D7/D9)) -> 0.5520732 | AL22: >140 | AM22: 2 | AN22: 9.5 | AO22: Funktion_Median | AP22: =(1-6)/(AP19-AQ19) -> 0.094240838 | AQ22: =1-AP22*AP19 -> 9.5340314 | AS22: >1,5 | AT22: 12 | AU22: 51.625 | AV22: Funktion_Median | AW22: =(1-6)/(AW19-AX19) -> 0.056291391 | AX22: =1-AW22*AW19 -> 6 | AZ22: Teststatistik = 6,81559 p-Wert = 0,14596 | BC22: Funktion_Median | BD22: =(1-6)/(BD19-BE19) -> 0.10315597 | BE22: =1-BD22*BD19 -> 9.4116162
B23: Kristallisationsfouling | D23: =D21/2 -> 0.30954681 | F23: =SUM(C23:E23) -> 0.30954681 | G23: =F23/$F$25 -> 0.2239634 | H23: =0.5*(1-D7/D9)/((1-E7/E9)+(1-D7/D9)) -> 0.2239634 | AL23: Teststatistik = 5,19449 p-Wert = 0,392608 | AO23: Funktion_oberes-Quantil | AP23: =(1-6)/(AP20-AQ20) -> 0.057416268 | AQ23: =1-AP23*AP20 -> 6.1834131 | AS23: Teststatistik = 12,2491 p-Wert = 0,0315291 | AV23: Funktion_oberes-Quantil | AW23: =(1-6)/(AW20-AX20) -> 0.040369569 | AX23: =1-AW23*AW20 -> 3.4970867 | BC23: Funktion_oberes-Quantil | BD23: =(1-6)/(BD20-BE20) -> 0.065128463 | BE23: =1-BD23*BD20 -> 3.9810177
B24: Partikelfouling | D24: =D21/2 -> 0.30954681 | F24: =SUM(C24:E24) -> 0.30954681 | G24: =F24/$F$25 -> 0.2239634 | H24: =0.5*(1-D7/D9)/((1-E7/E9)+(1-D7/D9)) -> 0.2239634
F25: =SUM(F22:F24) -> 1.3821312 | AK25: Unteres Quantil Bestes | AL25: =AP21*AL9+AQ21 -> 5.5776098 | AM25: =AP21*AM9+AQ21 -> 6 | AN25: =AP21*AN9+AQ21 -> 1.1632235 | AO25: =AP21*AO9+AQ21 -> 3.2439678 | AP25: =AP21*AP9+AQ21 -> 5.5104117 | AQ25: =AP21*AQ9+AQ21 -> 1 | AS25: =AW21*AS9+AX21 -> 2.8533348 | AT25: =AW21*AT9+AX21 -> 3.3957035 | AU25: =AW21*AU9+AX21 -> 1 | AV25: =AW21*AV9+AX21 -> 3.8703895 | AW25: =AW21*AW9+AX21 -> 6 | AX25: =AW21*AX9+AX21 -> 4.3179799 | AZ25: =BD21*AZ9+BE21 -> 6 | BA25: =BD21*BA9+BE21 -> 2.8451923 | BB25: =BD21*BB9+BE21 -> 1 | BC25: =BD21*BC9+BE21 -> 5.6948718 | BD25: =BD21*BD9+BE21 -> 1.6818235
AK26: Median Bestes | AL26: =AP22*AL10+AQ22 -> 6 | AM26: =AP22*AM10+AQ22 -> 5.7643979 | AN26: =AP22*AN10+AQ22 -> 4.4904014 | AO26: =AP22*AO10+AQ22 -> 3.8795812 | AP26: =AP22*AP10+AQ22 -> 5.9193144 | AQ26: =AP22*AQ10+AQ22 -> 1 | AS26: =AW22*AS10+AX22 -> 3.7327079 | AT26: =AW22*AT10+AX22 -> 3.0728477 | AU26: =AW22*AU10+AX22 -> 1 | AV26: =AW22*AV10+AX22 -> 2.5180583 | AW26: =AW22*AW10+AX22 -> 6 | AX26: =AW22*AX10+AX22 -> 3.9359823 | AZ26: =BD22*AZ10+BE22 -> 6 | BA26: =BD22*BA10+BE22 -> 3.208886 | BB26: =BD22*BB10+BE22 -> 4.0475058 | BC26: =BD22*BC10+BE22 -> 5.4458423 | BD26: =BD22*BD10+BE22 -> 1
B27: Empfehlungen Materialeigenschaften | AK27: Oberes Quantil Beste | AL27: =AP23*AL11+AQ23 -> 4.9666667 | AM27: =AP23*AM11+AQ23 -> 4.3355332 | AN27: =AP23*AN11+AQ23 -> 6 | AO27: =AP23*AO11+AQ23 -> 5.2109321 | AP27: =AP23*AP11+AQ23 -> 4.1328321 | AQ27: =AP23*AQ11+AQ23 -> 1 | AS27: =AW23*AS11+AX23 -> 2.4575703 | AT27: =AW23*AT11+AX23 -> 2.1238254 | AU27: =AW23*AU11+AX23 -> 1.9988347 | AV27: =AW23*AV11+AX23 -> 1 | AW27: =AW23*AW11+AX23 -> 6 | AX27: =AW23*AX11+AX23 -> 2.6339996 | AZ27: =BD23*AZ11+BE23 -> 6 | BA27: =BD23*BA11+BE23 -> 1.9640746 | BB27: =BD23*BB11+BE23 -> 2.1574207 | BC27: =BD23*BC11+BE23 -> 2.600837 | BD27: =BD23*BD11+BE23 -> 1
B28: Kontakwinkel | C28: =AL113 -> >140 | D28: ° | AK28: Durchschnittsrang | AL28: =SUM(AL25:AL27)/3 -> 5.5147588 | AM28: =SUM(AM25:AM27)/3 -> 5.3666437 | AN28: =SUM(AN25:AN27)/3 -> 3.8845416 | AO28: =SUM(AO25:AO27)/3 -> 4.1114937 | AP28: =SUM(AP25:AP27)/3 -> 5.1875194 | AQ28: =SUM(AQ25:AQ27)/3 -> 1 | AS28: =SUM(AS25:AS27)/3 -> 3.0145377 | AT28: =SUM(AT25:AT27)/3 -> 2.8641255 | AU28: =SUM(AU25:AU27)/3 -> 1.3329449 | AV28: =SUM(AV25:AV27)/3 -> 2.4628159 | AW28: =SUM(AW25:AW27)/3 -> 6 | AX28: =SUM(AX25:AX27)/3 -> 3.6293206 | AZ28: =SUM(AZ25:AZ27)/3 -> 6 | BA28: =SUM(BA25:BA27)/3 -> 2.6727176 | BB28: =SUM(BB25:BB27)/3 -> 2.4016422 | BC28: =SUM(BC25:BC27)/3 -> 4.580517 | BD28: =SUM(BD25:BD27)/3 -> 1.2272745 | BE28: 3.5
B29: Rauigkeit | C29: =AS113 -> 0,1-0,3 | D29: µm
B30: Oberflächenergie | C30: =AZ113 -> 60-75 | D30: mJ/m² | AK30: Rechenwert | AL30: =7-AL28 -> 1.4852412 | AM30: =7-AM28 -> 1.6333563 | AN30: =7-AN28 -> 3.1154584 | AO30: =7-AO28 -> 2.8885063 | AP30: =7-AP28 -> 1.8124806 | AQ30: =7-AQ28 -> 6 | AS30: =7-AS28 -> 3.9854623 | AT30: =7-AT28 -> 4.1358745 | AU30: =7-AU28 -> 5.6670551 | AV30: =7-AV28 -> 4.5371841 | AW30: =7-AW28 -> 1 | AX30: =7-AX28 -> 3.3706794 | AZ30: =7-AZ28 -> 1 | BA30: =7-BA28 -> 4.3272824 | BB30: =7-BB28 -> 4.5983578 | BC30: =7-BC28 -> 2.419483 | BD30: =7-BD28 -> 5.7727255 | BE30: =7-BE28 -> 3.5
AK31: Rechenwert mit Wichtung | AL31: =AL30*$AL$5 -> 1.4852412 | AM31: =AM30*$AL$5 -> 1.6333563 | AN31: =AN30*$AL$5 -> 3.1154584 | AO31: =AO30*$AL$5 -> 2.8885063 | AP31: =AP30*$AL$5 -> 1.8124806 | AQ31: =AQ30*$AZ$5 -> 6 | AS31: =AS30*$AS$5 -> 7.9709247 | AT31: =AT30*$AS$5 -> 8.271749 | AU31: =AU30*$AS$5 -> 11.33411 | AV31: =AV30*$AS$5 -> 9.0743681 | AW31: =AW30*$AS$5 -> 2 | AX31: =AX30*$AS$5 -> 6.7413588 | AZ31: =AZ30*$AZ$5 -> 1 | BA31: =BA30*$AZ$5 -> 4.3272824 | BB31: =BB30*$AZ$5 -> 4.5983578 | BC31: =BC30*$AZ$5 -> 2.419483 | BD31: =BD30*$AZ$5 -> 5.7727255 | BE31: =BE30*$AZ$5 -> 3.5
B32: Empfehlungen Material
B33: Material | E33: Kontaktwinkel | F33: Rauigkeit | G33: Oberflächenenergie | H33: Eignung Material | AK33: Bereinigter Rechenwert | AL33: =AL31*$G$22 -> 0.81996184 | AM33: =AM31*$G$22 -> 0.90173223 | AN33: =AN31*$G$22 -> 1.7199611 | AO33: =AO31*$G$22 -> 1.5946669 | AP33: =AP31*$G$22 -> 1.000622 | AQ33: =AQ31*$G$22 -> 3.3124392 | AS33: =AS31*$G$22 -> 4.4005339 | AT33: =AT31*$G$22 -> 4.5666109 | AU33: =AU31*$G$22 -> 6.2572584 | AV33: =AV31*$G$22 -> 5.0097154 | AW33: =AW31*$G$22 -> 1.1041464 | AX33: =AX31*$G$22 -> 3.7217235 | AZ33: =AZ31*$G$22 -> 0.5520732 | BA33: =BA31*$G$22 -> 2.3889766 | BB33: =BB31*$G$22 -> 2.5386301 | BC33: =BC31*$G$22 -> 1.3357317 | BD33: =BD31*$G$22 -> 3.186967 | BE33: =BE31*$G$22 -> 1.9322562
B34: =VLOOKUP(1,'Daten-Materialien'!A2:W238,2,FALSE) -> Ti-DLC | E34: =VLOOKUP(1,'Daten-Materialien'!A2:W238,8,FALSE) -> 92 | F34: =VLOOKUP(1,'Daten-Materialien'!A2:W238,5,FALSE) -> 0.213 | G34: =VLOOKUP(1,'Daten-Materialien'!A2:W238,11,FALSE) -> 42 | H34: =VLOOKUP(1,'Daten-Materialien'!A2:W238,22,FALSE)/100 -> 0.87203789 | J34: {=_xlfn.SORTBY(B34:H38,H34:H38,-1)} -> NTS | K34: 0 | L34: 0 | M34: 160 | N34: 0.2 | O34: 24 | P34: 0.91626522
B35: =VLOOKUP(2,'Daten-Materialien'!A2:W238,2,FALSE) -> F-DLC (5,0 % F) | E35: =VLOOKUP(2,'Daten-Materialien'!A2:W238,8,FALSE) -> 82.5 | F35: =VLOOKUP(2,'Daten-Materialien'!A2:W238,5,FALSE) -> 0.145 | G35: =VLOOKUP(2,'Daten-Materialien'!A2:W238,11,FALSE) -> 32.14 | H35: =VLOOKUP(2,'Daten-Materialien'!A2:W238,22,FALSE)/100 -> 0.87203789 | J35: Ti-DLC | K35: 0 | L35: 0 | M35: 92 | N35: 0.213 | O35: 42 | P35: 0.87203789 | AL35: Kristallisationsfouling
B36: =VLOOKUP(3,'Daten-Materialien'!A2:W238,2,FALSE) -> DLC-82KW | E36: =VLOOKUP(3,'Daten-Materialien'!A2:W238,8,FALSE) -> 82 | F36: =VLOOKUP(3,'Daten-Materialien'!A2:W238,5,FALSE) -> 0.145 | G36: =VLOOKUP(3,'Daten-Materialien'!A2:W238,11,FALSE) -> 40 | H36: =VLOOKUP(3,'Daten-Materialien'!A2:W238,22,FALSE)/100 -> 0.87203789 | J36: F-DLC (5,0 % F) | K36: 0 | L36: 0 | M36: 82.5 | N36: 0.145 | O36: 32.14 | P36: 0.87203789 | AL36: Kontaktwinkel | AS36: Rauigkeit | AZ36: Oberflächenenergie
B37: =IF('Daten-Materialien'!Y238>3,VLOOKUP(4,'Daten-Materialien'!A2:W238,2,FALSE),"") -> NTS | E37: =IF('Daten-Materialien'!Y238>3,VLOOKUP(4,'Daten-Materialien'!A2:W238,8,FALSE),"") -> 160 | F37: =IF('Daten-Materialien'!Y238>3,VLOOKUP(4,'Daten-Materialien'!A2:W238,5,FALSE),"") -> 0.2 | G37: =IF('Daten-Materialien'!Y238>3,VLOOKUP(4,'Daten-Materialien'!A2:W238,11,FALSE),"") -> 24 | H37: =IF('Daten-Materialien'!Y238>3,VLOOKUP(4,'Daten-Materialien'!A2:W238,22,FALSE),0)/100 -> 0.91626522 | J37: DLC-82KW | K37: 0 | L37: 0 | M37: 82 | N37: 0.145 | O37: 40 | P37: 0.87203789 | AL37: 1 | AS37: 1 | AZ37: 2
B38: =IF('Daten-Materialien'!Y238>4,VLOOKUP(5,'Daten-Materialien'!A2:W238,2,FALSE),"") | E38: =IF('Daten-Materialien'!Y238>4,VLOOKUP(5,'Daten-Materialien'!A2:W238,8,FALSE),"") | F38: =IF('Daten-Materialien'!Y238>4,VLOOKUP(5,'Daten-Materialien'!A2:W238,5,FALSE),"") | G38: =IF('Daten-Materialien'!Y238>4,VLOOKUP(5,'Daten-Materialien'!A2:W238,11,FALSE),"") | H38: =IF('Daten-Materialien'!Y238>4,VLOOKUP(5,'Daten-Materialien'!A2:W238,22,FALSE),0)/100 -> 0 | K38: 0 | L38: 0 | P38: 0 | AL38: 40-60 | AM38: 60-80 | AN38: 80-100 | AO38: 100-120 | AP38: 120-140 | AQ38: >140 | AS38: 0-0,1 | AT38: 0,1-0,3 | AU38: 0,3-0,6 | AV38: 0,6-1 | AW38: 1-1,5 | AX38: >1,5 | AZ38: 0-15 | BA38: 15-30 | BB38: 30-45 | BC38: 45-60 | BD38: 60-75 | BE38: >75
AK39: Rand | AL39: -208.3325 | AM39: -184.90741 | AN39: -200 | AO39: -102.59722 | AP39: -69 | AS39: -180 | AT39: -195.0021 | AU39: -146.11837 | AV39: -61.85567 | AW39: -23.18408 | AX39: -118.5 | AZ39: -112.18182 | BA39: -145.97538 | BB39: -229.35786 | BC39: -128.625 | BD39: -62.5 | BE39: -204.78125
B40: Materialauswahl | D40: {='Ausgabe Wärmeübertragerdesign'!B38:C38} -> ZnO-Nanopartikel | E40: 0 | F40: ='Ausgabe Wärmeübertragerdesign'!B39 -> Versilbert | H40: ='Ausgabe Wärmeübertragerdesign'!B40 -> Ceramic Smooth Hydrophobic-1 | AK40: Minimum | AL40: -100 | AM40: -100 | AN40: -96.296296 | AO40: -90.909091 | AP40: -69 | AS40: -100 | AT40: -100 | AU40: -95 | AV40: -61.85567 | AW40: -23.18408 | AX40: -79 | AZ40: -96 | BA40: -83.333 | BB40: -100 | BC40: -90.625 | BD40: -62.5 | BE40: -100
AK41: Unteres Quantil | AL41: -83.333 | AM41: -73.962963 | AN41: -80 | AO41: -78.388889 | AP41: -69 | AS41: -72 | AT41: -91.750842 | AU41: -58.447347 | AV41: -61.85567 | AW41: -23.18408 | AX41: -59.25 | AZ41: -87.909091 | BA41: -76.515152 | BB41: -92.171717 | BC41: -8.25 | BD41: -62.5 | BE41: -85.8125
B42: Material | E42: Kontaktwinkel | F42: Rauigkeit | G42: Oberflächenenergie | H42: Eignung Material | AK42: Median | AL42: -54.394693 | AM42: -28 | AN42: -30.833333 | AO42: -66.666667 | AP42: -69 | AS42: -28.571429 | AT42: -71.428571 | AU42: -18.518519 | AV42: -61.85567 | AW42: -23.18408 | AX42: -39.5 | AZ42: -79.818182 | BA42: -61.284978 | BB42: -65.208333 | BC42: 10.724138 | BD42: -62.5 | BE42: -44
B43: =D40 -> ZnO-Nanopartikel | E43: =VLOOKUP(B43,'Daten-Materialien'!B2:W238,7,FALSE) -> 158 | F43: =VLOOKUP(B43,'Daten-Materialien'!B2:W238,4,FALSE) -> 0.09182 | G43: =VLOOKUP(B43,'Daten-Materialien'!B2:W238,10,FALSE) -> 29.7 | H43: =VLOOKUP(B43,'Daten-Materialien'!B2:W238,21,FALSE)/100 -> 0.78288537 | AK43: Oberes Quantil | AL43: 0 | AM43: 0 | AN43: 0 | AO43: -62.25 | AP43: -69 | AS43: 0 | AT43: -22.916667 | AU43: 0 | AV43: -61.85567 | AW43: -23.18408 | AX43: -19.75 | AZ43: -71.727273 | BA43: -30.208333 | BB43: -0.71428571 | BC43: 72 | BD43: -62.5 | BE43: -6.5
B44: =F40 -> Versilbert | E44: =VLOOKUP(B44,'Daten-Materialien'!B2:W238,7,FALSE) -> 65 | F44: =VLOOKUP(B44,'Daten-Materialien'!B2:W238,4,FALSE) -> 0.07 | G44: =VLOOKUP(B44,'Daten-Materialien'!B2:W238,10,FALSE) -> 39.5 | H44: =VLOOKUP(B44,'Daten-Materialien'!B2:W238,21,FALSE)/100 -> 0.66696979 | AK44: Maximum | AL44: 83.333333 | AM44: 83.333333 | AN44: 100 | AO44: -35 | AP44: -69 | AS44: 38 | AT44: 100 | AU44: 83.333333 | AV44: -61.85567 | AW44: -23.18408 | AX44: 0 | AZ44: -63.636364 | BA44: 0 | BB44: 71.428571 | BC44: 100 | BD44: -62.5 | BE44: 0
B45: =H40 -> Ceramic Smooth Hydrophobic-1 | E45: =VLOOKUP(B45,'Daten-Materialien'!B2:W238,7,FALSE) -> 72 | F45: =VLOOKUP(B45,'Daten-Materialien'!B2:W238,4,FALSE) -> 0.05 | G45: =VLOOKUP(B45,'Daten-Materialien'!B2:W238,10,FALSE) -> 50 | H45: =VLOOKUP(B45,'Daten-Materialien'!B2:W238,21,FALSE)/100 -> 0.46666284 | AK45: Rand | AL45: 124.9995 | AM45: 110.94444 | AN45: 120 | AO45: -38.041667 | AP45: -69 | AS45: 108 | AT45: 80.334596 | AU45: 87.67102 | AV45: -61.85567 | AW45: -23.18408 | AX45: 39.5 | AZ45: -47.454545 | BA45: 39.251894 | BB45: 136.47186 | BC45: 192.375 | BD45: -62.5 | BE45: 112.46875
AL47: Kruskal-Wallis-Test | AP47: y=mx+n | AS47: Kruskal-Wallis-Test | AW47: y=mx+n | AZ47: Kruskal-Wallis-Test | BD47: y=mx+n
AM48: St.pr.umfang | AN48: Mittlerer Rang | AP48: Min=1 | AQ48: Max=6 | AT48: St.pr.umfang | AU48: Mittlerer Rang | AW48: Min=1 | AX48: Max=6 | BA48: St.pr.umfang | BB48: Mittlerer Rang | BD48: Min=1 | BE48: Max=6
B49: Berechnung Verbesserung durch Material | AL49: 40-60 | AM49: 25 | AN49: 41.08 | AP49: m | AQ49: n | AS49: 0-0,1 | AT49: 25 | AU49: 47.26 | AW49: m | AX49: n | AZ49: 0-15 | BA49: 2 | BB49: 22.5 | BD49: m | BE49: n
B50: Material 1 | J50: Material 2 | R50: Material 3 | AL50: 60-80 | AM50: 27 | AN50: 43.963 | AO50: Unteres Quantil | AP50: =MIN(AL41:AQ41) -> -83.333 | AQ50: =MAX(AL41:AQ41) -> -69 | AS50: 0,1-0,3 | AT50: 35 | AU50: 33.9714 | AV50: Unteres Quantil | AW50: =MIN(AS41:AX41) -> -91.750842 | AX50: =MAX(AS41:AX41) -> -23.18408 | AZ50: 15-30 | BA50: 22 | BB50: 38.6364 | BC50: Unteres Quantil | BD50: =MIN(AZ41:BE41) -> -92.171717 | BE50: =MAX(AZ41:BE41) -> -8.25
B51: Kontaktwinkel | C51: =E43 -> 158 | J51: Kontaktwinkel | K51: =E44 -> 65 | R51: Kontaktwinkel | S51: =E45 -> 72 | AL51: 80-100 | AM51: 21 | AN51: 41.3571 | AO51: Median | AP51: =MIN(AL42:AQ42) -> -69 | AQ51: =MAX(AL42:AQ42) -> -28 | AS51: 0,3-0,6 | AT51: 19 | AU51: 49.2368 | AV51: Median | AW51: =MIN(AS42:AX42) -> -71.428571 | AX51: =MAX(AS42:AX42) -> -18.518519 | AZ51: 30-45 | BA51: 38 | BB51: 37.1053 | BC51: Median | BD51: =MIN(AZ42:BE42) -> -79.818182 | BE51: =MAX(AZ42:BE42) -> 10.724138
AL52: 100-120 | AM52: 7 | AN52: 29.5 | AO52: Oberes Quantil | AP52: =MIN(AL43:AQ43) -> -69 | AQ52: =MAX(AL43:AQ43) -> 0 | AS52: 0,6-1 | AT52: 1 | AU52: 39 | AV52: Oberes Quantil | AW52: =MIN(AS43:AX43) -> -61.85567 | AX52: =MAX(AS43:AX43) -> 0 | AZ52: 45-60 | BA52: 14 | BB52: 64.9643 | BC52: Oberes Quantil | BD52: =MIN(AZ43:BE43) -> -71.727273 | BE52: =MAX(AZ43:BE43) -> 72
C53: Biofouling | D53: Kristallisationsfouling | E53: Partikelfouling | G53: Rechenwert | K53: Biofouling | L53: Kristallisationsfouling | M53: Partikelfouling | O53: Rechenwert | S53: Biofouling | T53: Kristallisationsfouling | U53: Partikelfouling | W53: Rechenwert | AL53: 120-140 | AM53: 1 | AN53: 32 | AO53: Funktion_unteres_Quantil | AP53: =(1-6)/(AP50-AQ50) -> 0.34884532 | AQ53: =1-AP53*AP50 -> 30.070327 | AS53: 1-1,5 | AT53: 1 | AU53: 52 | AV53: Funktion_unteres_Quantil | AW53: =(1-6)/(AW50-AX50) -> 0.072921629 | AX53: =1-AW53*AW50 -> 7.6906209 | AZ53: 60-75 | BA53: 1 | BB53: 37 | BC53: Funktion_unteres_Quantil | BD53: =(1-6)/(BD50-BE50) -> 0.059579334 | BE53: =1-BD53*BD50 -> 6.4915295
B54: Wichtung | C54: =AL5 -> 1 | D54: =AL37 -> 1 | E54: =AL76 -> 1 | J54: Wichtung | K54: =AL5 -> 1 | L54: =AL37 -> 1 | M54: =AL76 -> 1 | R54: Wichtung | S54: =AL5 -> 1 | T54: =AL37 -> 1 | U54: =AL76 -> 1 | AL54: Teststatistik = 2,25818 p-Wert = 0,688394 | AO54: Funktion_Median | AP54: =(1-6)/(AP51-AQ51) -> 0.12195122 | AQ54: =1-AP54*AP51 -> 9.4146341 | AS54: >1,5 | AT54: 2 | AU54: 44.5 | AV54: Funktion_Median | AW54: =(1-6)/(AW51-AX51) -> 0.0945 | AX54: =1-AW54*AW51 -> 7.75 | AZ54: >75 | BA54: 6 | BB54: 39.0833 | BC54: Funktion_Median | BD54: =(1-6)/(BD51-BE51) -> 0.055222795 | BE54: =1-BD54*BD51 -> 5.4077831
AO55: Funktion_oberes-Quantil | AP55: =(1-6)/(AP52-AQ52) -> 0.072463768 | AQ55: =1-AP55*AP52 -> 6 | AS55: Teststatistik = 7,0124 p-Wert = 0,21972 | AV55: Funktion_oberes-Quantil | AW55: =(1-6)/(AW52-AX52) -> 0.080833333 | AX55: =1-AW55*AW52 -> 6 | AZ55: Teststatistik = 16,1821 p-Wert = 0,0063431 | BC55: Funktion_oberes-Quantil | BD55: =(1-6)/(BD52-BE52) -> 0.034788109 | BE55: =1-BD55*BD52 -> 3.4952562
B56: Minimum | C56: =IF($C$51<60,AL8,IF(AND($C$51>=60,$C$51<80),AM8,IF(AND($C$51>=80,$C$51<100),AN8,IF(AND($C$51>=100,$C$51<120),AO8,IF(AND($C$51>=120,$C$51<140),AP8,IF($C$51>=140,AQ8,"")))))) -> -91.111111 | D56: =IF($C$51<60,AL40,IF(AND($C$51>=60,$C$51<80),AM40,IF(AND($C$51>=80,$C$51<100),AN40,IF(AND($C$51>=100,$C$51<120),AO40,IF(AND($C$51>=120,$C$51<140),AP40,IF($C$51>=140,AP40,"")))))) -> -69 | E56: =IF($C$51<60,AL79,IF(AND($C$51>=60,$C$51<80),AM79,IF(AND($C$51>=80,$C$51<100),AN79,IF(AND($C$51>=100,$C$51<120),AO79,IF(AND($C$51>=120,$C$51<140),AQ79,IF($C$51>=140,AQ79,"")))))) -> -70 | G56: =(C56*$C$54*$H$22+D56*$D$54*$H$23+E56*$E$54*$H$24)/($C$54*$H$22+$D$54*$H$23+$E$54*$H$24) -> -81.430915 | J56: Minimum | K56: =IF($K$51<60,AL8,IF(AND($K$51>=60,$K$51<80),AM8,IF(AND($K$51>=80,$K$51<100),AN8,IF(AND($K$51>=100,$K$51<120),AO8,IF(AND($K$51>=120,$K$51<140),AP8,IF($K$51>=140,AQ8,"")))))) -> -94.444444 | L56: =IF($K$51<60,AL40,IF(AND($K$51>=60,$K$51<80),AM40,IF(AND($K$51>=80,$K$51<100),AN40,IF(AND($K$51>=100,$K$51<120),AO40,IF(AND($K$51>=120,$K$51<140),AP40,IF($K$51>=140,AP40,"")))))) -> -100 | M56: =IF($K$51<60,AL79,IF(AND($K$51>=60,$K$51<80),AM79,IF(AND($K$51>=80,$K$51<100),AN79,IF(AND($K$51>=100,$K$51<120),AO79,IF(AND($K$51>=120,$K$51<140),AQ79,IF($K$51>=140,AQ79,"")))))) -> -98.148148 | O56: =(K56*$K$54*$H$22+L56*$L$54*$H$23+M56*$M$54*$H$24)/($K$54*$H$22+$L$54*$H$23+$M$54*$H$24) -> -96.51818 | R56: Minimum | S56: =IF($S$51<60,AL8,IF(AND($S$51>=60,$S$51<80),AM8,IF(AND($S$51>=80,$S$51<100),AN8,IF(AND($S$51>=100,$S$51<120),AO8,IF(AND($S$51>=120,$S$51<140),AP8,IF($S$51>=140,AQ8,"")))))) -> -94.444444 | T56: =IF($S$51<60,AL40,IF(AND($S$51>=60,$S$51<80),AM40,IF(AND($S$51>=80,$S$51<100),AN40,IF(AND($S$51>=100,$S$51<120),AO40,IF(AND($S$51>=120,$S$51<140),AP40,IF($S$51>=140,AP40,"")))))) -> -100 | U56: =IF($S$51<60,AL79,IF(AND($S$51>=60,$S$51<80),AM79,IF(AND($S$51>=80,$S$51<100),AN79,IF(AND($S$51>=100,$S$51<120),AO79,IF(AND($S$51>=120,$S$51<140),AQ79,IF($S$51>=140,AQ79,"")))))) -> -98.148148 | W56: =(S56*$S$54*$H$22+T56*$T$54*$H$23+U56*$U$54*$H$24)/($S$54*$H$22+$T$54*$H$23+$U$54*$H$24) -> -96.51818
B57: Unteres Quantil | C57: =IF($C$51<60,AL9,IF(AND($C$51>=60,$C$51<80),AM9,IF(AND($C$51>=80,$C$51<100),AN9,IF(AND($C$51>=100,$C$51<120),AO9,IF(AND($C$51>=120,$C$51<140),AP9,IF($C$51>=140,AQ9,"")))))) -> -90.833333 | D57: =IF($C$51<60,AL41,IF(AND($C$51>=60,$C$51<80),AM41,IF(AND($C$51>=80,$C$51<100),AN41,IF(AND($C$51>=100,$C$51<120),AO41,IF(AND($C$51>=120,$C$51<140),AP41,IF($C$51>=140,AP41,"")))))) -> -69 | E57: =IF($C$51<60,AL80,IF(AND($C$51>=60,$C$51<80),AM80,IF(AND($C$51>=80,$C$51<100),AN80,IF(AND($C$51>=100,$C$51<120),AO80,IF(AND($C$51>=120,$C$51<140),AQ80,IF($C$51>=140,AQ80,"")))))) -> -70 | G57: =(C57*$C$54*$H$22+D57*$D$54*$H$23+E57*$E$54*$H$24)/($C$54*$H$22+$D$54*$H$23+$E$54*$H$24) -> -81.277562 | J57: Unteres Quantil | K57: =IF($K$51<60,AL9,IF(AND($K$51>=60,$K$51<80),AM9,IF(AND($K$51>=80,$K$51<100),AN9,IF(AND($K$51>=100,$K$51<120),AO9,IF(AND($K$51>=120,$K$51<140),AP9,IF($K$51>=140,AQ9,"")))))) -> -56.296296 | L57: =IF($K$51<60,AL41,IF(AND($K$51>=60,$K$51<80),AM41,IF(AND($K$51>=80,$K$51<100),AN41,IF(AND($K$51>=100,$K$51<120),AO41,IF(AND($K$51>=120,$K$51<140),AP41,IF($K$51>=140,AP41,"")))))) -> -73.962963 | M57: =IF($K$51<60,AL80,IF(AND($K$51>=60,$K$51<80),AM80,IF(AND($K$51>=80,$K$51<100),AN80,IF(AND($K$51>=100,$K$51<120),AO80,IF(AND($K$51>=120,$K$51<140),AQ80,IF($K$51>=140,AQ80,"")))))) -> -47.692308 | O57: =(K57*$K$54*$H$22+L57*$L$54*$H$23+M57*$M$54*$H$24)/($K$54*$H$22+$L$54*$H$23+$M$54*$H$24) -> -58.326005 | R57: Unteres Quantil | S57: =IF($S$51<60,AL9,IF(AND($S$51>=60,$S$51<80),AM9,IF(AND($S$51>=80,$S$51<100),AN9,IF(AND($S$51>=100,$S$51<120),AO9,IF(AND($S$51>=120,$S$51<140),AP9,IF($S$51>=140,AQ9,"")))))) -> -56.296296 | T57: =IF($S$51<60,AL41,IF(AND($S$51>=60,$S$51<80),AM41,IF(AND($S$51>=80,$S$51<100),AN41,IF(AND($S$51>=100,$S$51<120),AO41,IF(AND($S$51>=120,$S$51<140),AP41,IF($S$51>=140,AP41,"")))))) -> -73.962963 | U57: =IF($S$51<60,AL80,IF(AND($S$51>=60,$S$51<80),AM80,IF(AND($S$51>=80,$S$51<100),AN80,IF(AND($S$51>=100,$S$51<120),AO80,IF(AND($S$51>=120,$S$51<140),AQ80,IF($S$51>=140,AQ80,"")))))) -> -47.692308 | W57: =(S57*$S$54*$H$22+T57*$T$54*$H$23+U57*$U$54*$H$24)/($S$54*$H$22+$T$54*$H$23+$U$54*$H$24) -> -58.326005
B58: Median | C58: =IF($C$51<60,AL10,IF(AND($C$51>=60,$C$51<80),AM10,IF(AND($C$51>=80,$C$51<100),AN10,IF(AND($C$51>=100,$C$51<120),AO10,IF(AND($C$51>=120,$C$51<140),AP10,IF($C$51>=140,AQ10,"")))))) -> -90.555556 | D58: =IF($C$51<60,AL42,IF(AND($C$51>=60,$C$51<80),AM42,IF(AND($C$51>=80,$C$51<100),AN42,IF(AND($C$51>=100,$C$51<120),AO42,IF(AND($C$51>=120,$C$51<140),AP42,IF($C$51>=140,AP42,"")))))) -> -69 | E58: =IF($C$51<60,AL81,IF(AND($C$51>=60,$C$51<80),AM81,IF(AND($C$51>=80,$C$51<100),AN81,IF(AND($C$51>=100,$C$51<120),AO81,IF(AND($C$51>=120,$C$51<140),AQ81,IF($C$51>=140,AQ81,"")))))) -> -70 | G58: =(C58*$C$54*$H$22+D58*$D$54*$H$23+E58*$E$54*$H$24)/($C$54*$H$22+$D$54*$H$23+$E$54*$H$24) -> -81.124208 | J58: Median | K58: =IF($K$51<60,AL10,IF(AND($K$51>=60,$K$51<80),AM10,IF(AND($K$51>=80,$K$51<100),AN10,IF(AND($K$51>=100,$K$51<120),AO10,IF(AND($K$51>=120,$K$51<140),AP10,IF($K$51>=140,AQ10,"")))))) -> -40 | L58: =IF($K$51<60,AL42,IF(AND($K$51>=60,$K$51<80),AM42,IF(AND($K$51>=80,$K$51<100),AN42,IF(AND($K$51>=100,$K$51<120),AO42,IF(AND($K$51>=120,$K$51<140),AP42,IF($K$51>=140,AP42,"")))))) -> -28 | M58: =IF($K$51<60,AL81,IF(AND($K$51>=60,$K$51<80),AM81,IF(AND($K$51>=80,$K$51<100),AN81,IF(AND($K$51>=100,$K$51<120),AO81,IF(AND($K$51>=120,$K$51<140),AQ81,IF($K$51>=140,AQ81,"")))))) -> -22.5 | O58: =(K58*$K$54*$H$22+L58*$L$54*$H$23+M58*$M$54*$H$24)/($K$54*$H$22+$L$54*$H$23+$M$54*$H$24) -> -33.39308 | R58: Median | S58: =IF($S$51<60,AL10,IF(AND($S$51>=60,$S$51<80),AM10,IF(AND($S$51>=80,$S$51<100),AN10,IF(AND($S$51>=100,$S$51<120),AO10,IF(AND($S$51>=120,$S$51<140),AP10,IF($S$51>=140,AQ10,"")))))) -> -40 | T58: =IF($S$51<60,AL42,IF(AND($S$51>=60,$S$51<80),AM42,IF(AND($S$51>=80,$S$51<100),AN42,IF(AND($S$51>=100,$S$51<120),AO42,IF(AND($S$51>=120,$S$51<140),AP42,IF($S$51>=140,AP42,"")))))) -> -28 | U58: =IF($S$51<60,AL81,IF(AND($S$51>=60,$S$51<80),AM81,IF(AND($S$51>=80,$S$51<100),AN81,IF(AND($S$51>=100,$S$51<120),AO81,IF(AND($S$51>=120,$S$51<140),AQ81,IF($S$51>=140,AQ81,"")))))) -> -22.5 | W58: =(S58*$S$54*$H$22+T58*$T$54*$H$23+U58*$U$54*$H$24)/($S$54*$H$22+$T$54*$H$23+$U$54*$H$24) -> -33.39308 | AK58: Unteres Quantil Bestes | AL58: =AP53*AL41+AQ53 -> 1 | AM58: =AP53*AM41+AQ53 -> 4.2686936 | AN58: =AP53*AN41+AQ53 -> 2.1627015 | AO58: =AP53*AO41+AQ53 -> 2.72473 | AP58: =AP53*AP41+AQ53 -> 6 | AS58: =AW53*AS41+AX53 -> 2.4402636 | AT58: =AW53*AT41+AX53 -> 1 | AU58: =AW53*AU41+AX53 -> 3.4285451 | AV58: =AW53*AV41+AX53 -> 3.1800046 | AW58: =AW53*AW41+AX53 -> 6 | AX58: =AW53*AX41+AX53 -> 3.3700143 | AZ58: =BD53*AZ41+BE53 -> 1.2539644 | BA58: =BD53*BA41+BE53 -> 1.9328078 | BB58: =BD53*BB41+BE53 -> 1 | BC58: =BD53*BC41+BE53 -> 6 | BD58: =BD53*BD41+BE53 -> 2.7678211 | BE58: =BD53*BE41+BE53 -> 1.3788779
B59: Oberes Quantil | C59: =IF($C$51<60,AL11,IF(AND($C$51>=60,$C$51<80),AM11,IF(AND($C$51>=80,$C$51<100),AN11,IF(AND($C$51>=100,$C$51<120),AO11,IF(AND($C$51>=120,$C$51<140),AP11,IF($C$51>=140,AQ11,"")))))) -> -90.277778 | D59: =IF($C$51<60,AL43,IF(AND($C$51>=60,$C$51<80),AM43,IF(AND($C$51>=80,$C$51<100),AN43,IF(AND($C$51>=100,$C$51<120),AO43,IF(AND($C$51>=120,$C$51<140),AP43,IF($C$51>=140,AP43,"")))))) -> -69 | E59: =IF($C$51<60,AL82,IF(AND($C$51>=60,$C$51<80),AM82,IF(AND($C$51>=80,$C$51<100),AN82,IF(AND($C$51>=100,$C$51<120),AO82,IF(AND($C$51>=120,$C$51<140),AQ82,IF($C$51>=140,AQ82,"")))))) -> -70 | G59: =(C59*$C$54*$H$22+D59*$D$54*$H$23+E59*$E$54*$H$24)/($C$54*$H$22+$D$54*$H$23+$E$54*$H$24) -> -80.970854 | J59: Oberes Quantil | K59: =IF($K$51<60,AL11,IF(AND($K$51>=60,$K$51<80),AM11,IF(AND($K$51>=80,$K$51<100),AN11,IF(AND($K$51>=100,$K$51<120),AO11,IF(AND($K$51>=120,$K$51<140),AP11,IF($K$51>=140,AQ11,"")))))) -> -32.183908 | L59: =IF($K$51<60,AL43,IF(AND($K$51>=60,$K$51<80),AM43,IF(AND($K$51>=80,$K$51<100),AN43,IF(AND($K$51>=100,$K$51<120),AO43,IF(AND($K$51>=120,$K$51<140),AP43,IF($K$51>=140,AP43,"")))))) -> 0 | M59: =IF($K$51<60,AL82,IF(AND($K$51>=60,$K$51<80),AM82,IF(AND($K$51>=80,$K$51<100),AN82,IF(AND($K$51>=100,$K$51<120),AO82,IF(AND($K$51>=120,$K$51<140),AQ82,IF($K$51>=140,AQ82,"")))))) -> -3.5994755 | O59: =(K59*$K$54*$H$22+L59*$L$54*$H$23+M59*$M$54*$H$24)/($K$54*$H$22+$L$54*$H$23+$M$54*$H$24) -> -18.574024 | R59: Oberes Quantil | S59: =IF($S$51<60,AL11,IF(AND($S$51>=60,$S$51<80),AM11,IF(AND($S$51>=80,$S$51<100),AN11,IF(AND($S$51>=100,$S$51<120),AO11,IF(AND($S$51>=120,$S$51<140),AP11,IF($S$51>=140,AQ11,"")))))) -> -32.183908 | T59: =IF($S$51<60,AL43,IF(AND($S$51>=60,$S$51<80),AM43,IF(AND($S$51>=80,$S$51<100),AN43,IF(AND($S$51>=100,$S$51<120),AO43,IF(AND($S$51>=120,$S$51<140),AP43,IF($S$51>=140,AP43,"")))))) -> 0 | U59: =IF($S$51<60,AL82,IF(AND($S$51>=60,$S$51<80),AM82,IF(AND($S$51>=80,$S$51<100),AN82,IF(AND($S$51>=100,$S$51<120),AO82,IF(AND($S$51>=120,$S$51<140),AQ82,IF($S$51>=140,AQ82,"")))))) -> -3.5994755 | W59: =(S59*$S$54*$H$22+T59*$T$54*$H$23+U59*$U$54*$H$24)/($S$54*$H$22+$T$54*$H$23+$U$54*$H$24) -> -18.574024 | AK59: Median Bestes | AL59: =AP54*AL42+AQ54 -> 2.781135 | AM59: =AP54*AM42+AQ54 -> 6 | AN59: =AP54*AN42+AQ54 -> 5.6544715 | AO59: =AP54*AO42+AQ54 -> 1.2845528 | AP59: =AP54*AP42+AQ54 -> 1 | AS59: =AW54*AS42+AX54 -> 5.05 | AT59: =AW54*AT42+AX54 -> 1 | AU59: =AW54*AU42+AX54 -> 6 | AV59: =AW54*AV42+AX54 -> 1.9046392 | AW59: =AW54*AW42+AX54 -> 5.5591045 | AX59: =AW54*AX42+AX54 -> 4.01725 | AZ59: =BD54*AZ42+BE54 -> 1 | BA59: =BD54*BA42+BE54 -> 2.0234553 | BB59: =BD54*BB42+BE54 -> 1.8067967 | BC59: =BD54*BC42+BE54 -> 6 | BD59: =BD54*BD42+BE54 -> 1.9563584 | BE59: =BD54*BE42+BE54 -> 2.9779801
B60: Maximum | C60: =IF($C$51<60,AL12,IF(AND($C$51>=60,$C$51<80),AM12,IF(AND($C$51>=80,$C$51<100),AN12,IF(AND($C$51>=100,$C$51<120),AO12,IF(AND($C$51>=120,$C$51<140),AP12,IF($C$51>=140,AQ12,"")))))) -> -90 | D60: =IF($C$51<60,AL44,IF(AND($C$51>=60,$C$51<80),AM44,IF(AND($C$51>=80,$C$51<100),AN44,IF(AND($C$51>=100,$C$51<120),AO44,IF(AND($C$51>=120,$C$51<140),AP44,IF($C$51>=140,AP44,"")))))) -> -69 | E60: =IF($C$51<60,AL83,IF(AND($C$51>=60,$C$51<80),AM83,IF(AND($C$51>=80,$C$51<100),AN83,IF(AND($C$51>=100,$C$51<120),AO83,IF(AND($C$51>=120,$C$51<140),AQ83,IF($C$51>=140,AQ83,"")))))) -> -70 | G60: =(C60*$C$54*$H$22+D60*$D$54*$H$23+E60*$E$54*$H$24)/($C$54*$H$22+$D$54*$H$23+$E$54*$H$24) -> -80.817501 | J60: Maximum | K60: =IF($K$51<60,AL12,IF(AND($K$51>=60,$K$51<80),AM12,IF(AND($K$51>=80,$K$51<100),AN12,IF(AND($K$51>=100,$K$51<120),AO12,IF(AND($K$51>=120,$K$51<140),AP12,IF($K$51>=140,AQ12,"")))))) -> -4.1 | L60: =IF($K$51<60,AL44,IF(AND($K$51>=60,$K$51<80),AM44,IF(AND($K$51>=80,$K$51<100),AN44,IF(AND($K$51>=100,$K$51<120),AO44,IF(AND($K$51>=120,$K$51<140),AP44,IF($K$51>=140,AP44,"")))))) -> 83.333333 | M60: =IF($K$51<60,AL83,IF(AND($K$51>=60,$K$51<80),AM83,IF(AND($K$51>=80,$K$51<100),AN83,IF(AND($K$51>=100,$K$51<120),AO83,IF(AND($K$51>=120,$K$51<140),AQ83,IF($K$51>=140,AQ83,"")))))) -> 24.9 | O60: =(K60*$K$54*$H$22+L60*$L$54*$H$23+M60*$M$54*$H$24)/($K$54*$H$22+$L$54*$H$23+$M$54*$H$24) -> 21.976805 | R60: Maximum | S60: =IF($S$51<60,AL12,IF(AND($S$51>=60,$S$51<80),AM12,IF(AND($S$51>=80,$S$51<100),AN12,IF(AND($S$51>=100,$S$51<120),AO12,IF(AND($S$51>=120,$S$51<140),AP12,IF($S$51>=140,AQ12,"")))))) -> -4.1 | T60: =IF($S$51<60,AL44,IF(AND($S$51>=60,$S$51<80),AM44,IF(AND($S$51>=80,$S$51<100),AN44,IF(AND($S$51>=100,$S$51<120),AO44,IF(AND($S$51>=120,$S$51<140),AP44,IF($S$51>=140,AP44,"")))))) -> 83.333333 | U60: =IF($S$51<60,AL83,IF(AND($S$51>=60,$S$51<80),AM83,IF(AND($S$51>=80,$S$51<100),AN83,IF(AND($S$51>=100,$S$51<120),AO83,IF(AND($S$51>=120,$S$51<140),AQ83,IF($S$51>=140,AQ83,"")))))) -> 24.9 | W60: =(S60*$S$54*$H$22+T60*$T$54*$H$23+U60*$U$54*$H$24)/($S$54*$H$22+$T$54*$H$23+$U$54*$H$24) -> 21.976805 | AK60: Oberes Quantil Beste | AL60: =AP55*AL43+AQ55 -> 6 | AM60: =AP55*AM43+AQ55 -> 6 | AN60: =AP55*AN43+AQ55 -> 6 | AO60: =AP55*AO43+AQ55 -> 1.4891304 | AP60: =AP55*AP43+AQ55 -> 1 | AS60: =AW55*AS43+AX55 -> 6 | AT60: =AW55*AT43+AX55 -> 4.1475694 | AU60: =AW55*AU43+AX55 -> 6 | AV60: =AW55*AV43+AX55 -> 1 | AW60: =AW55*AW43+AX55 -> 4.1259536 | AX60: =AW55*AX43+AX55 -> 4.4035417 | AZ60: =BD55*AZ43+BE55 -> 1 | BA60: =BD55*BA43+BE55 -> 2.4443654 | BB60: =BD55*BB43+BE55 -> 3.4704075 | BC60: =BD55*BC43+BE55 -> 6 | BD60: =BD55*BD43+BE55 -> 1.3209994 | BE60: =BD55*BE43+BE55 -> 3.2691335
AK61: Durchschnittsrang | AL61: =SUM(AL58:AL60)/3 -> 3.2603783 | AM61: =SUM(AM58:AM60)/3 -> 5.4228979 | AN61: =SUM(AN58:AN60)/3 -> 4.6057243 | AO61: =SUM(AO58:AO60)/3 -> 1.8328044 | AP61: =SUM(AP58:AP60)/3 -> 2.6666667 | AQ61: 3.5 | AS61: =SUM(AS58:AS60)/3 -> 4.4967545 | AT61: =SUM(AT58:AT60)/3 -> 2.0491898 | AU61: =SUM(AU58:AU60)/3 -> 5.1428484 | AV61: =SUM(AV58:AV60)/3 -> 2.0282146 | AW61: =SUM(AW58:AW60)/3 -> 5.2283527 | AX61: =SUM(AX58:AX60)/3 -> 3.9302687 | AZ61: =SUM(AZ58:AZ60)/3 -> 1.0846548 | BA61: =SUM(BA58:BA60)/3 -> 2.1335428 | BB61: =SUM(BB58:BB60)/3 -> 2.0924014 | BC61: =SUM(BC58:BC60)/3 -> 6 | BD61: =SUM(BD58:BD60)/3 -> 2.0150596 | BE61: =SUM(BE58:BE60)/3 -> 2.5419972
B63: Rauigkeit | C63: =F43 -> 0.09182 | J63: Rauigkeit | K63: =F44 -> 0.07 | R63: Rauigkeit | S63: =F45 -> 0.05 | AK63: Rechenwert | AL63: =7-AL61 -> 3.7396217 | AM63: =7-AM61 -> 1.5771021 | AN63: =7-AN61 -> 2.3942757 | AO63: =7-AO61 -> 5.1671956 | AP63: =7-AP61 -> 4.3333333 | AQ63: =7-AQ61 -> 3.5 | AS63: =7-AS61 -> 2.5032455 | AT63: =7-AT61 -> 4.9508102 | AU63: =7-AU61 -> 1.8571516 | AV63: =7-AV61 -> 4.9717854 | AW63: =7-AW61 -> 1.7716473 | AX63: =7-AX61 -> 3.0697313 | AZ63: =7-AZ61 -> 5.9153452 | BA63: =7-BA61 -> 4.8664572 | BB63: =7-BB61 -> 4.9075986 | BC63: =7-BC61 -> 1 | BD63: =7-BD61 -> 4.9849404 | BE63: =7-BE61 -> 4.4580028
AK64: Rechenwert mit Wichtung | AL64: =AL63*$AL$37 -> 3.7396217 | AM64: =AM63*$AL$37 -> 1.5771021 | AN64: =AN63*$AL$37 -> 2.3942757 | AO64: =AO63*$AL$37 -> 5.1671956 | AP64: =AP63*$AL$37 -> 4.3333333 | AQ64: =AQ63*$AZ$5 -> 3.5 | AS64: =AS63*$AS$37 -> 2.5032455 | AT64: =AT63*$AS$37 -> 4.9508102 | AU64: =AU63*$AS$37 -> 1.8571516 | AV64: =AV63*$AS$37 -> 4.9717854 | AW64: =AW63*$AS$37 -> 1.7716473 | AX64: =AX63*$AS$37 -> 3.0697313 | AZ64: =AZ63*$AZ$37 -> 11.83069 | BA64: =BA63*$AZ$37 -> 9.7329144 | BB64: =BB63*$AZ$37 -> 9.8151972 | BC64: =BC63*$AZ$37 -> 2 | BD64: =BD63*$AZ$37 -> 9.9698807 | BE64: =BE63*$AZ$37 -> 8.9160057
C65: Biofouling | D65: Kristallisationsfouling | E65: Partikelfouling | G65: Rechenwert | K65: Biofouling | L65: Kristallisationsfouling | M65: Partikelfouling | O65: Rechenwert | S65: Biofouling | T65: Kristallisationsfouling | U65: Partikelfouling | W65: Rechenwert
B66: Wichtung | C66: =AS5 -> 2 | D66: =AS37 -> 1 | E66: =AS76 -> 2 | J66: Wichtung | K66: =AS5 -> 2 | L66: =AS37 -> 1 | M66: =AS76 -> 2 | R66: Wichtung | S66: =AS5 -> 2 | T66: =AS37 -> 1 | U66: =AS76 -> 2 | AK66: Bereinigter Rechenwert | AL66: =AL64*$G$23 -> 0.83753839 | AM66: =AM64*$G$23 -> 0.35321316 | AN66: =AN64*$G$23 -> 0.53623012 | AO66: =AO64*$G$23 -> 1.1572627 | AP66: =AP64*$G$23 -> 0.97050808 | AQ66: =AQ64*$G$23 -> 0.78387191 | AS66: =AS64*$G$23 -> 0.56063537 | AT66: =AT64*$G$23 -> 1.1088003 | AU66: =AU64*$G$23 -> 0.415934 | AV66: =AV64*$G$23 -> 1.113498 | AW66: =AW64*$G$23 -> 0.39678416 | AX66: =AX64*$G$23 -> 0.68750747 | AZ66: =AZ64*$G$23 -> 2.6496417 | BA66: =BA64*$G$23 -> 2.1798166 | BB66: =BB64*$G$23 -> 2.198245 | BC66: =BC64*$G$23 -> 0.4479268 | BD66: =BD64*$G$23 -> 2.2328884 | BE66: =BE64*$G$23 -> 1.996859
B68: Minimum | C68: =IF($C$63<0.1,AS8,IF(AND($C$63>=0.1,$C$63<0.3),AT8,IF(AND($C$63>=0.3,$C$63<0.6),AU8,IF(AND($C$63>=0.6,$C$63<1),AV8,IF(AND($C$63>=1,$C$63<1.5),AW8,IF($C$63>=1.5,AX8,"")))))) -> -100 | D68: =IF($C$63<0.1,AS40,IF(AND($C$63>=0.1,$C$63<0.3),AT40,IF(AND($C$63>=0.3,$C$63<0.6),AU40,IF(AND($C$63>=0.6,$C$63<1),AV40,IF(AND($C$63>=1,$C$63<1.5),AW40,IF($C$63>=1.5,AX40,"")))))) -> -100 | E68: =IF($C$63<0.1,AS79,IF(AND($C$63>=0.1,$C$63<0.3),AT79,IF(AND($C$63>=0.3,$C$63<0.6),AU79,IF(AND($C$63>=0.6,$C$63<1),AV79,IF(AND($C$63>=1,$C$63<1.5),AW79,IF($C$63>=1.5,AX79,"")))))) -> -92 | G68: =(C68*$C$66*$H$22+D68*$D$66*$H$23+E68*$E$66*$H$24)/($C$66*$H$22+$D$66*$H$23+$E$66*$H$24) -> -97.982353 | J68: Minimum | K68: =IF($K$63<0.1,AS8,IF(AND($K$63>=0.1,$K$63<0.3),AT8,IF(AND($K$63>=0.3,$K$63<0.6),AU8,IF(AND($K$63>=0.6,$K$63<1),AV8,IF(AND($K$63>=1,$K$63<1.5),AW8,IF($K$63>=1.5,AX8,"")))))) -> -100 | L68: =IF($K$63<0.1,AS40,IF(AND($K$63>=0.1,$K$63<0.3),AT40,IF(AND($K$63>=0.3,$K$63<0.6),AU40,IF(AND($K$63>=0.6,$K$63<1),AV40,IF(AND($K$63>=1,$K$63<1.5),AW40,IF($K$63>=1.5,AX40,"")))))) -> -100 | M68: =IF($K$63<0.1,AS79,IF(AND($K$63>=0.1,$K$63<0.3),AT79,IF(AND($K$63>=0.3,$K$63<0.6),AU79,IF(AND($K$63>=0.6,$K$63<1),AV79,IF(AND($K$63>=1,$K$63<1.5),AW79,IF($K$63>=1.5,AX79,"")))))) -> -92 | O68: =(K68*$K$66*$H$22+L68*$L$66*$H$23+M68*$M$66*$H$24)/($K$66*$H$22+$L$66*$H$23+$M$66*$H$24) -> -97.982353 | R68: Minimum | S68: =IF($S$63<0.1,AS8,IF(AND($S$63>=0.1,$S$63<0.3),AT8,IF(AND($S$63>=0.3,$S$63<0.6),AU8,IF(AND($S$63>=0.6,$S$63<1),AV8,IF(AND($S$63>=1,$S$63<1.5),AW8,IF($S$63>=1.5,AX8,"")))))) -> -100 | T68: =IF($S$63<0.1,AS40,IF(AND($S$63>=0.1,$S$63<0.3),AT40,IF(AND($S$63>=0.3,$S$63<0.6),AU40,IF(AND($S$63>=0.6,$S$63<1),AV40,IF(AND($S$63>=1,$S$63<1.5),AW40,IF($S$63>=1.5,AX40,"")))))) -> -100 | U68: =IF($S$63<0.1,AS79,IF(AND($S$63>=0.1,$S$63<0.3),AT79,IF(AND($S$63>=0.3,$S$63<0.6),AU79,IF(AND($S$63>=0.6,$S$63<1),AV79,IF(AND($S$63>=1,$S$63<1.5),AW79,IF($S$63>=1.5,AX79,"")))))) -> -92 | W68: =(S68*$S$66*$H$22+T68*$T$66*$H$23+U68*$U$66*$H$24)/($S$66*$H$22+$T$66*$H$23+$U$66*$H$24) -> -97.982353
B69: Unteres Quantil | C69: =IF($C$63<0.1,AS9,IF(AND($C$63>=0.1,$C$63<0.3),AT9,IF(AND($C$63>=0.3,$C$63<0.6),AU9,IF(AND($C$63>=0.6,$C$63<1),AV9,IF(AND($C$63>=1,$C$63<1.5),AW9,IF($C$63>=1.5,AX9,"")))))) -> -73.078512 | D69: =IF($C$63<0.1,AS41,IF(AND($C$63>=0.1,$C$63<0.3),AT41,IF(AND($C$63>=0.3,$C$63<0.6),AU41,IF(AND($C$63>=0.6,$C$63<1),AV41,IF(AND($C$63>=1,$C$63<1.5),AW41,IF($C$63>=1.5,AX41,"")))))) -> -72 | E69: =IF($C$63<0.1,AS80,IF(AND($C$63>=0.1,$C$63<0.3),AT80,IF(AND($C$63>=0.3,$C$63<0.6),AU80,IF(AND($C$63>=0.6,$C$63<1),AV80,IF(AND($C$63>=1,$C$63<1.5),AW80,IF($C$63>=1.5,AX80,"")))))) -> -20 | G69: =(C69*$C$66*$H$22+D69*$D$66*$H$23+E69*$E$66*$H$24)/($C$66*$H$22+$D$66*$H$23+$E$66*$H$24) -> -59.555798 | J69: Unteres Quantil | K69: =IF($K$63<0.1,AS9,IF(AND($K$63>=0.1,$K$63<0.3),AT9,IF(AND($K$63>=0.3,$K$63<0.6),AU9,IF(AND($K$63>=0.6,$K$63<1),AV9,IF(AND($K$63>=1,$K$63<1.5),AW9,IF($K$63>=1.5,AX9,"")))))) -> -73.078512 | L69: =IF($K$63<0.1,AS41,IF(AND($K$63>=0.1,$K$63<0.3),AT41,IF(AND($K$63>=0.3,$K$63<0.6),AU41,IF(AND($K$63>=0.6,$K$63<1),AV41,IF(AND($K$63>=1,$K$63<1.5),AW41,IF($K$63>=1.5,AX41,"")))))) -> -72 | M69: =IF($K$63<0.1,AS80,IF(AND($K$63>=0.1,$K$63<0.3),AT80,IF(AND($K$63>=0.3,$K$63<0.6),AU80,IF(AND($K$63>=0.6,$K$63<1),AV80,IF(AND($K$63>=1,$K$63<1.5),AW80,IF($K$63>=1.5,AX80,"")))))) -> -20 | O69: =(K69*$K$66*$H$22+L69*$L$66*$H$23+M69*$M$66*$H$24)/($K$66*$H$22+$L$66*$H$23+$M$66*$H$24) -> -59.555798 | R69: Unteres Quantil | S69: =IF($S$63<0.1,AS9,IF(AND($S$63>=0.1,$S$63<0.3),AT9,IF(AND($S$63>=0.3,$S$63<0.6),AU9,IF(AND($S$63>=0.6,$S$63<1),AV9,IF(AND($S$63>=1,$S$63<1.5),AW9,IF($S$63>=1.5,AX9,"")))))) -> -73.078512 | T69: =IF($S$63<0.1,AS41,IF(AND($S$63>=0.1,$S$63<0.3),AT41,IF(AND($S$63>=0.3,$S$63<0.6),AU41,IF(AND($S$63>=0.6,$S$63<1),AV41,IF(AND($S$63>=1,$S$63<1.5),AW41,IF($S$63>=1.5,AX41,"")))))) -> -72 | U69: =IF($S$63<0.1,AS80,IF(AND($S$63>=0.1,$S$63<0.3),AT80,IF(AND($S$63>=0.3,$S$63<0.6),AU80,IF(AND($S$63>=0.6,$S$63<1),AV80,IF(AND($S$63>=1,$S$63<1.5),AW80,IF($S$63>=1.5,AX80,"")))))) -> -20 | W69: =(S69*$S$66*$H$22+T69*$T$66*$H$23+U69*$U$66*$H$24)/($S$66*$H$22+$T$66*$H$23+$U$66*$H$24) -> -59.555798
B70: Median | C70: =IF($C$63<0.1,AS10,IF(AND($C$63>=0.1,$C$63<0.3),AT10,IF(AND($C$63>=0.3,$C$63<0.6),AU10,IF(AND($C$63>=0.6,$C$63<1),AV10,IF(AND($C$63>=1,$C$63<1.5),AW10,IF($C$63>=1.5,AX10,"")))))) -> -40.277778 | D70: =IF($C$63<0.1,AS42,IF(AND($C$63>=0.1,$C$63<0.3),AT42,IF(AND($C$63>=0.3,$C$63<0.6),AU42,IF(AND($C$63>=0.6,$C$63<1),AV42,IF(AND($C$63>=1,$C$63<1.5),AW42,IF($C$63>=1.5,AX42,"")))))) -> -28.571429 | E70: =IF($C$63<0.1,AS81,IF(AND($C$63>=0.1,$C$63<0.3),AT81,IF(AND($C$63>=0.3,$C$63<0.6),AU81,IF(AND($C$63>=0.6,$C$63<1),AV81,IF(AND($C$63>=1,$C$63<1.5),AW81,IF($C$63>=1.5,AX81,"")))))) -> -9.0909091 | G70: =(C70*$C$66*$H$22+D70*$D$66*$H$23+E70*$E$66*$H$24)/($C$66*$H$22+$D$66*$H$23+$E$66*$H$24) -> -30.936063 | J70: Median | K70: =IF($K$63<0.1,AS10,IF(AND($K$63>=0.1,$K$63<0.3),AT10,IF(AND($K$63>=0.3,$K$63<0.6),AU10,IF(AND($K$63>=0.6,$K$63<1),AV10,IF(AND($K$63>=1,$K$63<1.5),AW10,IF($K$63>=1.5,AX10,"")))))) -> -40.277778 | L70: =IF($K$63<0.1,AS42,IF(AND($K$63>=0.1,$K$63<0.3),AT42,IF(AND($K$63>=0.3,$K$63<0.6),AU42,IF(AND($K$63>=0.6,$K$63<1),AV42,IF(AND($K$63>=1,$K$63<1.5),AW42,IF($K$63>=1.5,AX42,"")))))) -> -28.571429 | M70: =IF($K$63<0.1,AS81,IF(AND($K$63>=0.1,$K$63<0.3),AT81,IF(AND($K$63>=0.3,$K$63<0.6),AU81,IF(AND($K$63>=0.6,$K$63<1),AV81,IF(AND($K$63>=1,$K$63<1.5),AW81,IF($K$63>=1.5,AX81,"")))))) -> -9.0909091 | O70: =(K70*$K$66*$H$22+L70*$L$66*$H$23+M70*$M$66*$H$24)/($K$66*$H$22+$L$66*$H$23+$M$66*$H$24) -> -30.936063 | R70: Median | S70: =IF($S$63<0.1,AS10,IF(AND($S$63>=0.1,$S$63<0.3),AT10,IF(AND($S$63>=0.3,$S$63<0.6),AU10,IF(AND($S$63>=0.6,$S$63<1),AV10,IF(AND($S$63>=1,$S$63<1.5),AW10,IF($S$63>=1.5,AX10,"")))))) -> -40.277778 | T70: =IF($S$63<0.1,AS42,IF(AND($S$63>=0.1,$S$63<0.3),AT42,IF(AND($S$63>=0.3,$S$63<0.6),AU42,IF(AND($S$63>=0.6,$S$63<1),AV42,IF(AND($S$63>=1,$S$63<1.5),AW42,IF($S$63>=1.5,AX42,"")))))) -> -28.571429 | U70: =IF($S$63<0.1,AS81,IF(AND($S$63>=0.1,$S$63<0.3),AT81,IF(AND($S$63>=0.3,$S$63<0.6),AU81,IF(AND($S$63>=0.6,$S$63<1),AV81,IF(AND($S$63>=1,$S$63<1.5),AW81,IF($S$63>=1.5,AX81,"")))))) -> -9.0909091 | W70: =(S70*$S$66*$H$22+T70*$T$66*$H$23+U70*$U$66*$H$24)/($S$66*$H$22+$T$66*$H$23+$U$66*$H$24) -> -30.936063
